 Dungeon Crawl Stone Soup version 0.22-a0-458-gb446440 (webtiles) character file.

1519999 4thArraOfDagon the Luminary of Lethal Lore (level 27, -12/323 HPs)
             Began as an Ogre Fire Elementalist on June 5, 2018.
             Was the Champion of Vehumet.
             Mangled by a reaper
             ... wielding a +5 scythe of venom
             ... called by a doom hound
              (50 damage)
             ... on level 26 of a ziggurat on June 8, 2018.
             The game lasted 10:13:04 (48310 turns).

4thArraOfDagon the Luminary of Lethal Lore (OgFE)  Turns: 48310, Time: 10:13:04

Health: -12/323    AC: 14    Str: 20    XL:     27
Magic:  73/73      EV: 17    Int: 55    God:    Vehumet [******]
Gold:   4059       SH: 35    Dex:  7    Spells: 1/80 levels left

rFire    + . .     SeeInvis +   v - staff of earth
rCold    + . .     Gourm    .   I - +18 shield of the Gong {rElec rN+ MR+ EV-5}
rNeg     + + .     Faith    .   Z - +3 robe of Folly {Archmagi, MR-- Int+5}
rPois    .         Spirit   .   S - +3 hat of Pondering {ponderous, MR+ MP+10 Int+5}
rElec    +         Reflect  .   o - +1 cloak of Vyps {*Contam rElec rC++ rN+}
rCorr    +         Harm     +   (gloves unavailable)
MR       +....                  (boots unavailable)
Stlth    +++++++++.             s - amulet of the Catfish {Harm *Drain rElec Int+6 Dex-4 SInv}
HPRegen  0.63/turn              A - ring "Ymuileg" {Fire MR- Int+8}
MPRegen  0.43/turn              K - ring "Dypnil" {rCorr MR+ MP+9 Int+4 Dex+2}

@: lethally poisoned (-12 -> -13), vulnerable, doom-hounded, very slightly
contaminated, hasted, silenced, invisible, very quick
A: large, unfitting armour, repulsion field 1, clever 1, deterioration 1, tough
skin 1, wild magic 2
}: 3/15 runes: serpentine, barnacled, slimy
a: Renounce Religion


You were on level 26 of a ziggurat.
You worshipped Vehumet.
Vehumet was exalted by your worship.
You were full.

You visited 9 branches of the dungeon, and saw 43 of its levels.
You visited the Abyss 1 time.
You visited 11 ziggurats (completing 10), and saw 296 of their levels.
You also visited: Labyrinth, Bailey and Ice Cave.

You collected 5956 gold pieces.
You spent 1897 gold pieces at shops.

Inventory:

Missiles
 f - 8 throwing nets (quivered)
Armour
 o - the +1 cloak of Vyps (worn) {*Contam rElec rC++ rN+}
   (You found it on level 6 of the Lair of Beasts)

   It greatly protects you from cold.
   It insulates you from electricity.
   It protects you from negative energy.
   It causes magical contamination when unequipped.
 B - the +0 robe "Retzown" {rF+ Regen+ Str-2 Int+9}
   (You found it on level 21 of a ziggurat)

   It affects your strength (-2).
   It affects your intelligence (+9).
   It protects you from fire.
   It increases your rate of regeneration.
 D - the +2 cloak "Lienym" {rN++ Int+7}
   (You acquired it on level 6 of a ziggurat)

   It affects your intelligence (+7).
   It greatly protects you from negative energy.
 I - the +18 shield of the Gong (worn) {rElec rN+ MR+ EV-5}
   (You found it on level 22 of a ziggurat)

   It affects your evasion (-5).
   It insulates you from electricity.
   It protects you from negative energy.
   It affects your resistance to hostile enchantments.
 S - the +3 hat of Pondering (worn) {ponderous, MR+ MP+10 Int+5}
   (You found it on level 5 of a ziggurat)

   It affects your intelligence (+5).
   It affects your resistance to hostile enchantments.
   It affects your magic capacity (+10).
 Y - the +3 large shield of the Heavens {rF+ rC+ MP+9}
   (You took it off a daeva on level 18 of a ziggurat)

   It protects you from fire.
   It protects you from cold.
   It affects your magic capacity (+9).
 Z - the +3 robe of Folly (worn) {Archmagi, MR-- Int+5}
   (You found it on level 13 of a ziggurat)

   It affects your intelligence (+5).
   It affects your resistance to hostile enchantments.
Magical Staves
 j - an uncursed staff of power {!a}
 v - an uncursed staff of earth (weapon)
 L - an uncursed staff of energy {!a}
Jewellery
 s - the amulet of the Catfish (around neck) {Harm *Drain rElec Int+6 Dex-4 SInv}
   (You found it on level 25 of a ziggurat)

   [amulet of harm]

   It increases damage dealt and taken.
   It affects your intelligence (+6).
   It affects your dexterity (-4).
   It insulates you from electricity.
   It lets you see invisible.
   It causes draining when unequipped.
 t - a ring of the Octopus King {Wiz AC+1 EV+1 Str+1 Int+1 Dex+1}
   (You found it on level 23 of a ziggurat)

   [ring of wizardry]

   It improves your spell success rate.
   It affects your AC (+1).
   It affects your evasion (+1).
   It affects your strength (+1).
   It affects your intelligence (+1).
   It affects your dexterity (+1).
 y - the amulet of the Four Winds {rN+ MR+++ Clar}
   (You found it on level 18 of a ziggurat)

   [amulet of nothing]

   It protects you from negative energy.
   It affects your resistance to hostile enchantments.
   It protects you against confusion.
 A - the ring "Ymuileg" (left hand) {Fire MR- Int+8}
   (You found it on level 8 of a ziggurat)

   [ring of fire]

   It enhances your fire magic.
   It affects your intelligence (+8).
   It protects you from fire.
   It makes you vulnerable to cold.
   It affects your resistance to hostile enchantments.
 C - the amulet "Ybbol" {RegenMP rF+ rC+}
   (You found it on level 5 of the Lair of Beasts)

   [amulet of magic regeneration]

   It increases your magic regeneration.
   It protects you from fire.
   It protects you from cold.
 K - the ring "Dypnil" (right hand) {rCorr MR+ MP+9 Int+4 Dex+2}
   (You found it on level 8 of a ziggurat)

   [ring of resist corrosion]

   It affects your intelligence (+4).
   It affects your dexterity (+2).
   It affects your resistance to hostile enchantments.
   It affects your magic capacity (+9).
 U - the ring of Ashenzari's Whim {rC+ MP+9 SInv Stlth+}
   (You found it on level 16 of a ziggurat)

   [ring of protection from cold]

   It protects you from cold.
   It affects your magic capacity (+9).
   It lets you see invisible.
   It makes you more stealthy.
Wands
 h - a wand of digging (9)
 n - a wand of acid (49)
 E - a wand of iceblast (87)
 N - a wand of clouds (21)
Scrolls
 e - 35 scrolls of remove curse
 i - a scroll of fear
 r - 168 scrolls of fog
 w - 2 scrolls of summoning
 x - 165 scrolls of teleportation
 F - 63 scrolls of holy word
 G - 85 scrolls of blinking
 R - 4 scrolls of immolation
 X - 76 scrolls of magic mapping
Potions
 b - 27 potions of haste
 d - 13 potions of agility
 g - 7 potions of invisibility
 k - 32 potions of curing
 l - 18 potions of might
 m - 9 potions of ambrosia
 p - 15 potions of brilliance
 z - 8 potions of flight
 M - 3 potions of magic
 P - 171 potions of mutation
 T - 3 potions of cancellation
 V - 69 potions of heal wounds
 W - 5 potions of resistance
Miscellaneous
 a - a lightning rod (inert)
 q - 106 phantom mirrors
 u - 109 sacks of spiders
 H - a lamp of fire
 J - 88 boxes of beasts
Comestibles
 c - 95 rations


   Skills:
 O Level 27 Fighting
 O Level 27 Short Blades
 O Level 27 Long Blades
 O Level 27 Axes
 O Level 27 Maces & Flails
 O Level 27 Polearms
 O Level 27 Staves
 O Level 27 Slings
 O Level 27 Bows
 O Level 27 Crossbows
 O Level 27 Throwing
 O Level 27 Armour
 O Level 27 Dodging
 O Level 27 Stealth
 O Level 27 Shields
 O Level 27 Unarmed Combat
 O Level 27 Spellcasting
 O Level 27 Conjurations
 O Level 27 Hexes
 O Level 27 Charms
 O Level 27 Summonings
 O Level 27 Necromancy
 O Level 27 Translocations
 O Level 27 Transmutations
 O Level 27 Fire Magic
 O Level 27 Ice Magic
 O Level 27 Air Magic
 O Level 27 Earth Magic
 O Level 27 Poison Magic
 O Level 27 Invocations
 O Level 27 Evocations


You had one spell level left.
You knew the following spells:

 Your Spells              Type           Power        Failure   Level  Hunger
a - Glaciate              Conj/Ice       ##########   1%          9    None
b - Necromutation         Tmut/Necr      ##########   1%          8    None
c - Death's Door          Chrm/Necr      ##########   1%          8    None
d - Shatter               Erth           ##########   1%          9    None
e - Regeneration          Chrm/Necr      ##########   1%          3    None
f - Tornado               Air            ##########   1%          9    None
i - Ignition              Fire           ##########   1%          8    None
j - Sublimation of Blood  Necr           ##########   1%          2    None
k - Statue Form           Tmut/Erth      #########    1%          6    None
l - Fire Storm            Conj/Fire      ##########   1%          9    None
m - Controlled Blink      Tloc           N/A          1%          8    None

Your spell library contained the following spells:

 Spells                   Type           Power        Failure   Level  Hunger
 Cause Fear               Hex            ##########   1%          4    None
 Magic Dart               Conj           ####         1%          1    None
 Fireball                 Conj/Fire      ##########   1%          5    None
 Apportation              Tloc           ######       1%          1    None
 Conjure Flame            Conj/Fire      ########     1%          3    None
 Bolt of Fire             Conj/Fire      ##########   1%          6    None
 Bolt of Cold             Conj/Ice       ##########   1%          6    None
 Lightning Bolt           Conj/Air       ##########   1%          5    None
 Bolt of Magma            Conj/Fire/Erth ##########   1%          5    None
 Slow                     Hex            ########     1%          2    None
 Confuse                  Hex            ########     1%          3    None
 Invisibility             Hex            ########     1%          6    None
 Throw Flame              Conj/Fire      ######       1%          2    None
 Throw Frost              Conj/Ice       ######       1%          2    None
 Freezing Cloud           Conj/Ice/Air   ##########   1%          6    None
 Mephitic Cloud           Conj/Pois/Air  ########     1%          3    None
 Ring of Flames           Chrm/Fire      ##########   1%          7    None
 Venom Bolt               Conj/Pois      ##########   1%          5    None
 Olgreb's Toxic Radiance  Pois           ########     1%          4    None
 Teleport Other           Tloc           ########     1%          3    None
 Summon Small Mammal      Summ           ####         1%          1    None
 Bolt of Draining         Conj/Necr      ##########   1%          5    None
 Lehudib's Crystal Spear  Conj/Erth      ##########   1%          8    None
 Blink                    Tloc           N/A          1%          2    None
 Iskenderun's Mystic Bla  Conj           ########     1%          4    None
 Animate Dead             Necr           N/A          1%          4    None
 Pain                     Necr           ####         1%          1    None
 Animate Skeleton         Necr           N/A          1%          1    None
 Vampiric Draining        Necr           ##########   1%          3    None
 Haunt                    Necr/Summ      ##########   1%          7    None
 Borgnjor's Revivificati  Necr           ##########   1%          8    None
 Freeze                   Ice            ####         1%          1    None
 Ozocubu's Refrigeration  Ice            ##########   1%          6    None
 Sticky Flame             Conj/Fire      ########     1%          4    None
 Summon Ice Beast         Ice/Summ       ########     1%          4    None
 Ozocubu's Armour         Chrm/Ice       ########     1%          3    None
 Call Imp                 Summ           ########     1%          2    None
 Dispel Undead            Necr           ########     1%          5    None
 Poison Arrow             Conj/Pois      ##########   1%          6    None
 Sting                    Conj/Pois      ####         1%          1    None
 Tukima's Dance           Hex            ########     1%          3    None
 Summon Demon             Summ           ##########   1%          5    None
 Corpse Rot               Necr           N/A          1%          2    None
 Iron Shot                Conj/Erth      ##########   1%          6    None
 Stone Arrow              Conj/Erth      ######       1%          3    None
 Shock                    Conj/Air       ####         1%          1    None
 Swiftness                Chrm/Air       ########     1%          2    None
 Recall                   Summ/Tloc      N/A          1%          3    None
 Agony                    Necr           ########     1%          5    None
 Spider Form              Tmut/Pois      ##########   1%          3    None
 Blade Hands              Tmut           ##########   1%          5    None
 Ice Form                 Ice/Tmut       ########     1%          4    None
 Death Channel            Necr           ##########   1%          6    None
 Deflect Missiles         Chrm/Air       ##########   1%          6    None
 Throw Icicle             Conj/Ice       ########     1%          4    None
 Airstrike                Air            ##########   1%          4    None
 Shadow Creatures         Summ           N/A          1%          6    None
 Confusing Touch          Hex            ######       1%          1    None
 Flame Tongue             Conj/Fire      #####        1%          1    None
 Passwall                 Tmut/Erth      ########     1%          2    None
 Ignite Poison            Fire/Tmut/Pois ########     1%          3    None
 Sticks to Snakes         Tmut           ########     1%          2    None
 Call Canine Familiar     Summ           ########     1%          3    None
 Ensorcelled Hibernation  Hex/Ice        ######       1%          2    None
 Metabolic Englaciation   Hex/Ice        ##########   1%          5    None
 Summon Butterflies       Summ           ########     1%          1    None
 Silence                  Hex/Air        ##########   1%          5    None
 Dispersal                Tloc           ##########   1%          6    None
 Static Discharge         Conj/Air       ########     1%          3    None
 Corona                   Hex            #######      1%          1    None
 Alistair's Intoxication  Tmut/Pois      ########     1%          5    None
 Lee's Rapid Deconstruct  Erth           ##########   1%          5    None
 Sandblast                Erth           ######       1%          1    None
 Simulacrum               Ice/Necr       ##########   1%          6    None
 Conjure Ball Lightning   Conj/Air       ##########   1%          6    None
 Chain Lightning          Conj/Air       ##########   1%          8    None
 Excruciating Wounds      Chrm/Necr      ##########   1%          5    None
 Portal Projectile        Hex/Tloc       ######       1%          3    None
 Petrify                  Tmut/Erth      ########     1%          4    None
 Passage of Golubria      Tloc           N/A          1%          4    None
 Malign Gateway           Summ/Tloc      ##########   1%          7    None
 Leda's Liquefaction      Hex/Erth       ##########   1%          4    None
 Darkness                 Hex            ##########   1%          6    None
 Shroud of Golubria       Chrm/Tloc      ##########   1%          2    None
 Inner Flame              Hex/Fire       ########     1%          3    None
 Aura of Abjuration       Summ           ##########   1%          5    None
 Beastly Appendage        Tmut           ######       1%          1    None
 Disjunction              Tloc           ##########   1%          8    None
 Iskenderun's Battlesphe  Conj/Chrm      ########     1%          5    None
 Fulminant Prism          Conj/Hex       ##########   1%          4    None
 Dazzling Spray           Conj/Hex       ######       1%          3    None
 Force Lance              Conj/Tloc      ########     1%          4    None
 Infusion                 Chrm           ####         1%          1    None
 Song of Slaying          Chrm           ########     1%          2    None
 Spectral Weapon          Hex/Chrm       ########     1%          3    None
 Searing Ray              Conj           ######       1%          2    None
 Summon Forest            Summ/Tloc      ##########   1%          5    None
 Summon Lightning Spire   Summ/Air       ########     1%          4    None
 Summon Guardian Golem    Hex/Summ       ########     1%          3    None
 Spellforged Servitor     Conj/Summ      ##########   1%          7    None
 Summon Mana Viper        Hex/Summ       ########     1%          5    None
 Irradiate                Conj/Tmut      ##########   1%          5    None
 Gell's Gravitas          Tloc           ##########   1%          3    None
 Yara's Violent Unravell  Hex/Tmut       ##########   1%          5    None
 Infestation              Necr           ##########   1%          8    None
 Lesser Beckoning         Tloc           ##########   1%          3    None
 Poisonous Vapours        Pois/Air       ######       1%          2    None
 Borgnjor's Vile Clutch   Necr/Erth      ##########   1%          5    None


Dungeon Overview and Level Annotations

Branches:
Dungeon (15/15)            Temple (1/1) D:5            Lair (6/6) D:9
 Shoals (4/4) Lair:2        Snake (4/4) Lair:2        Slime (5/5) Lair:6
    Orc (2/2) D:10            Elf (3/3) Orc:2        Vaults (0/5) D:14
 Depths (3/5) D:15

Altars:
Ashenzari
Cheibriados
Fedhas
Gozag
Kikubaaqudgha
Makhleb
Okawaru
Qazlal
Sif Muna
Uskayaw
Vehumet
Wu Jian
Xom
Zin
The Shining One
Beogh
Jiyva

Shops:
D:8 *(*   D:15 *   Orc:1 }   Orc:2 *([:   Elf:1 }   Shoals:1 =   Snake:3 [(([

Portals:
Hell: Depths:1

Annotations:
D:1 exclusion: door
D:14 Louise


Innate Abilities, Weirdness & Mutations

You are too large for most types of armour.
You have tough skin. (AC +1)
You are surrounded by a mild repulsion field. (EV +2)
Your mind is acute. (Int +2)
Your body sometimes deteriorates upon taking damage.
Your spells are harder to cast, but more powerful.


Message History

Unknown command.
Unknown command.
Unknown command.
Evoke which item? (* to show all) (? for menu, Esc to quit)
Aiming: Cloud Cone
Press: ? - help, Dir - move target cursor, f - doom hound
Aim: a doom hound (silenced, lightly wounded)
You create a blast of thunder!
The ufetubus disappears in a puff of smoke!
You block the doom hound's attack. The doom hound claws you.
* * * LOW HITPOINT WARNING * * *
The flying skull is struck by lightning.
You block the flying skull's attack. The bone dragon closely misses you.
You block the bone dragon's attack. x2; The ice devil is struck by lightning.
A hungry ghost comes into view.
The ufetubus is struck by lightning.
You kill the ufetubus!
The reaper is struck by lightning.
The reaper hits you with a scythe of venom!!!
You die... ...†...........▓▓ ....ZW.........▓ ..)............▓ #Z....W.§).....▓ .n...ZVZz2Z...▓ ...h2†hZW4zzZ.▓▓ W.....ZWnzzfff▓

.Z...5ZW2zDfW▓▓
.2§.Z52Vz22@▓▓
.....5ZWD2hz▓
....4§32f2z▓▓
....§§Zzzz▓▓
....555Z▓▓▓
....§§4▓▓
....§▓▓ ..▓▓ ▓


You could see 2 bone dragons, 2 doom hounds, a curse toe, 4 reapers, a vampire
knight, 2 skeletal warriors, 3 shadow demons, a vampire mage, a deathcap, a
phantasmal warrior, 4 wandering mushrooms, 2 ice devils, 2 tormentors, 2 hungry
ghosts, a ynoxinul, a red devil, a necrophage, 4 shadows, 9 flying skulls, 6
ufetubi, 2 storm dragon zombies, a golden dragon zombie, a sphinx zombie, a deep
elf elementalist zombie, a spiny frog skeleton, a storm dragon skeleton, an iron
dragon skeleton, a deep elf death mage skeleton (wandering), a spriggan defender
skeleton, a titan skeleton and a juggernaut skeleton.

Vanquished Creatures
  the Royal Jelly (Slime:5)
  469 pandemonium lords
  The ghost of Thaneod the Archmage, a legendary DEFE of Gozag (Zig:13)
  The ghost of 4thArraOfDagon the Slayer, a legendary HOCj of Beogh (Zig:15)
  The ghost of Soeti the Metallomancer, a legendary OpTm of Cheibriados (Zig:20)
  11 orbs of fire (Zig:9)
  The ghost of Mgcat the Axe Maniac, a legendary HOBe of Trog (Zig:12)
  362 ancient liches
  197 juggernauts
  290 greater mummies
  Sojobo (Depths:1)
  16 shard shrikes
  Vashnia (Snake:3)
  129 caustic shrikes
  163 Killer Klowns
  Nikola (Depths:1)
  A caustic shrike (shapeshifter) (Zig:16)
  2 curse toes (Zig:23)
  301 golden dragons
  3 golden dragons (shapeshifter)
  90 profane servitors
  145 pearl dragons
  163 bone dragons
  14 doom hounds
  109 electric golems
  189 iron giants
  81 Tzitzimimeh
  139 Brimstone Fiends
  85 hellephants
  84 Ice Fiends
  339 tentacled monstrosities
  Asterion (Snake:4)
  363 titans
  184 Hell Sentinels
  120 liches
  269 deep elf blademasters
  338 deep elf master archers
  189 quicksilver dragons
  Polyphemus (Shoals:2)
  22 quicksilver dragons (shapeshifter)
  85 Executioners
  3 acid blobs (shapeshifter)
  2 krakens (Shoals:4)
  3 eldritch tentacles
  90 sphinxes
  559 acid blobs
  116 storm dragons
  19 sphinxes (shapeshifter)
  7 shadow dragons
  Kirke (D:14)
  218 ancient champions
  52 tentacled starspawn
  28 tengu reavers
  25 thorn hunters
  Gastronok (D:8)
  Agnes (Snake:3)
  Roxanne (Shoals:2)
  Ilsuiw (Shoals:4)
  11 fire giants (shapeshifter)
  99 warmongers
  142 draconian monks
  14 shadow dragons (shapeshifter)
  3 storm dragons (shapeshifter)
  202 azure jellies
  77 iron dragons
  1146 nagarajas
  200 revenants
  12 azure jellies (shapeshifter)
  159 draconian knights
  147 daevas
  75 frost giants
  14 frost giants (shapeshifter)
  21 deep elf sorcerers
  5 ghost moths (shapeshifter)
  359 ghost moths
  124 draconian scorchers
  100 fire giants
  55 vault wardens
  382 orc warlords
  77 cacodemons
  138 draconian shifters
  An iron dragon (shapeshifter) (Zig:11)
  205 balrugs
  43 caustic shrike zombies
  7 deep elf elementalists
  216 emperor scorpions
  73 angels
  39 juggernaut zombies
  3 emperor scorpions (shapeshifter)
  143 draconian stormcallers
  13 stone giants (shapeshifter)
  149 curse skulls
  43 ghouls
  263 reapers
  127 very ugly things
  164 draconian annihilators
  146 war gargoyles
  36 caustic shrike skeletons
  65 apis
  18 juggernaut skeletons
  279 stone giants
  4 entropy weavers (shapeshifter)
  162 vampire knights
  90 ophanim
  278 entropy weavers
  96 bennus
  133 corrupters
  79 blood saints
  75 ironheart preservers
  74 white draconians
  86 black suns
  65 black draconians
  56 dire elephants
  71 purple draconians
  65 yellow draconians
  75 green draconians
  55 lorocyprocas
  242 deep elf demonologists
  9 minotaurs (shapeshifter)
  3 minotaurs
  14 dire elephants (shapeshifter)
  256 deep elf annihilators
  68 red draconians
  A spark wasp (shapeshifter) (Zig:4)
  113 spark wasps
  80 ettins
  4 ettins (shapeshifter)
  82 blizzard demons
  88 deep elf death magi
  132 eidola
  220 green deaths
  23 fire dragons
  39 death oozes
  51 crystal guardians
  243 mummy priests
  18 quicksilver dragon zombies
  87 yaktaur captains
  207 merfolk javelineers
  322 deep elf high priests
  Fannar (D:10)
  83 merfolk impalers
  3 fire dragons (shapeshifter)
  23 jiangshi
  55 ogre magi
  77 great orbs of eyes
  99 starcursed masses
  5 ice dragons (shapeshifter)
  18 quicksilver dragon skeletons
  12 rakshasas
  5 hydras (shapeshifter)
  A great orb of eyes (shapeshifter) (Zig:16)
  17 ghost crabs
  27 ice dragons
  279 hydras
  The ghost of wazuzu the Geomancer, a journeyman DgEE (Lair:1)
  58 hell beasts
  29 merfolk avatars
  226 naga warriors
  A juggernaut simulacrum (Zig:18)
  8 monstrous demonspawn
  7 anacondas (shapeshifter)
  18 two-headed ogres
  3 catoblepae (shapeshifter)
  3 alligators (shapeshifter)
  252 merfolk aquamancers
  111 spriggan air magi
  51 alligator snapping turtles
  20 death knights
  40 centaur warriors
  44 satyrs
  137 anacondas
  3 queen ants (shapeshifter)
  56 alligators
  5 two-headed ogres (shapeshifter)
  7 tengu warriors
  49 catoblepae
  11 death yaks
  11 alligator snapping turtles (shapeshifter)
  3 satyrs (shapeshifter)
  Erica (D:8)
  105 death scarabs
  5 death yaks (shapeshifter)
  42 hell hogs
  31 thrashing horrors
  170 vampire magi
  31 titan zombies
  395 dancing weapons
  Sonja (Orc:2)
  Urug (Orc:2)
  34 storm dragon zombies
  50 iron golems
  20 spriggans
  A deep troll earth mage (Depths:2)
  313 naga sharpshooters
  16 sun demons
  11 shock serpents (shapeshifter)
  41 hell knights
  374 orc high priests
  331 shock serpents
  56 soul eaters
  Nergalle (Orc:2)
  55 salamander mystics
  30 titan skeletons
  82 wretched stars
  2 fire crabs (shapeshifter)
  11 iron trolls (shapeshifter)
  246 deep elf knights
  89 iron trolls
  The ghost of Blackrapter the Carver, a novice FoFi of Okawaru (D:8)
  42 golden dragon zombies
  5 fire crabs
  78 shadow wraiths
  55 skeletal warriors
  35 sixfirhies
  2 unseen horrors (shapeshifter)
  7 sea snakes (shapeshifter)
  14 storm dragon skeletons
  11 wizards
  8 deep trolls (shapeshifter)
  6 torturous demonspawn
  138 death drakes
  20 spatial maelstroms
  117 naga ritualists
  4 unseen horrors
  69 sea snakes
  16 spark wasp zombies
  8 glowing orange brains (shapeshifter)
  5 gelid demonspawn
  13 deep trolls
  75 cherubim
  9 swamp dragons (shapeshifter)
  8 infernal demonspawn
  81 shadow demons
  148 flayed ghosts
  26 glowing orange brains
  67 spriggan druids
  6 death drakes (shapeshifter)
  168 swamp dragons
  28 necromancers
  72 phantasmal warriors
  36 shadow dragon zombies
  68 ironbrand convokers
  2 harpies (shapeshifter)
  133 harpies
  293 deep elf archers
  255 shambling mangroves
  117 orc knights
  A lindwurm (Zig:26)
  101 mana vipers
  29 sphinx zombies
  25 shadow dragon skeletons
  269 orb spiders
  10 mana vipers (shapeshifter)
  33 golden dragon skeletons
  164 orc sorcerers
  26 iron dragon zombies
  A wolf spider zombie (D:15)
  3 orb spiders (shapeshifter)
  5 stone giant zombies
  84 shining eyes
  15 frost giant zombies
  212 wolf spiders
  836 deep elf magi
  6 lindwurms (shapeshifter)
  6 oklob plants
  7 wolf spiders (shapeshifter)
  23 sphinx skeletons
  88 ugly things
  89 cyclopes
  32 tengu skeletons
  22 fire giant zombies
  5 shining eyes (shapeshifter)
  4 fauns (shapeshifter)
  8 elephants (shapeshifter)
  10 cyclopes (shapeshifter)
  75 manticores
  5 salamanders (shapeshifter)
  A glowing shapeshifter (Zig:22)
  70 salamanders
  263 moths of wrath
  2 ice statues
  14 manticores (shapeshifter)
  6 stone giant skeletons
  97 apocalypse crabs
  66 fauns
  126 rust devils
  16 fire giant skeletons
  13 frost giant skeletons
  26 elephants
  5 worldbinders
  15 water nymphs (shapeshifter)
  21 iron dragon skeletons
  Maurice (D:8)
  11 black mambas (shapeshifter)
  52 merfolk sirens
  303 naga magi
  13 moths of wrath (shapeshifter)
  Joseph (D:8)
  268 guardian serpents
  5 spiny frogs (shapeshifter)
  8 torpor snails (shapeshifter)
  76 vault sentinels
  34 gargoyles
  6 guardian serpents (shapeshifter)
  A titan simulacrum (Zig:20)
  225 torpor snails
  40 eyes of devastation
  10 rime drakes
  198 water nymphs
  639 black mambas
  35 orange demons
  11 eyes of devastation (shapeshifter)
  122 spiny frogs
  61 smoke demons
  109 elf zombies
  2 storm dragon simulacra
  5 rime drakes (shapeshifter)
  179 hellions
  55 komodo dragons
  164 demonic crawlers
  A spark wasp simulacrum (Zig:10)
  34 hellwings
  2 kobold demonologists (D:15)
  13 efreet
  7 yaktaurs (shapeshifter)
  68 yaktaurs
  183 tormentors
  88 freezing wraiths
  2 golden dragon simulacra
  6 komodo dragons (shapeshifter)
  80 ice devils
  45 polar bears
  43 ancient zymes
  A minotaur skeleton (Lab)
  447 guardian mummies
  7 meliai
  6 merfolk (shapeshifter)
  59 red devils
  7 silent spectres
  3 meliai (shapeshifter)
  37 tyrant leeches
  169 jumping spiders
  307 merfolk
  A tyrant leech (shapeshifter) (Zig:19)
  5 wind drakes (shapeshifter)
  Grinder (D:5)
  28 wind drakes
  2 queen bees (shapeshifter)
  4 trolls (shapeshifter)
  4 tengu conjurers (D:15)
  2 polar bears (shapeshifter)
  7 jumping spiders (shapeshifter)
  78 trolls
  A shadow dragon simulacrum (Zig:10)
  497 hornets
  38 blink frogs
  43 hippogriffs
  2 slime creatures (shapeshifter)
  A sphinx simulacrum (Zig:9)
  416 slime creatures
  An ice dragon zombie (Zig:3)
  5 raiju (shapeshifter)
  2 blink frogs (shapeshifter) (Zig:17)
  37 spriggan zombies
  59 snapping turtles
  30 dream sheep
  9 ettin zombies
  81 raiju
  43 bog bodies
  10 dream sheep (shapeshifter)
  15 snapping turtles (shapeshifter)
  A fire dragon skeleton (Zig:2)
  6 hippogriffs (shapeshifter)
  137 air elementals
  239 flying skulls
  41 shadows
  9 tarantellas (shapeshifter)
  149 water elementals
  106 wraiths
  5 vampires
  56 ynoxinuls
  215 redbacks
  11 redbacks (shapeshifter)
  4 spriggans (shapeshifter)
  3 wyverns (shapeshifter)
  2 ettin skeletons
  175 ushabtiu
  A basilisk (shapeshifter) (Zig:22)
  187 tarantellas
  18 wyverns
  An ice dragon skeleton (Zig:2)
  Sigmund (D:2)
  165 large abominations
  76 yaks
  2 yaks (shapeshifter)
  2 hogs (shapeshifter)
  3 hogs (D:14)
  3 humans (shapeshifter)
  10 hungry ghosts
  2 fire bats
  2 golden eyes (shapeshifter)
  A steam dragon (shapeshifter) (Zig:18)
  108 fire elementals
  41 golden eyes
  68 elf skeletons
  45 vampire mosquitoes
  38 neqoxecs
  15 basilisks
  94 chaos spawn
  76 wargs
  60 insubstantial wisps
  Menkaure (D:5)
  6 human zombies
  A two-headed ogre zombie (D:10)
  A naga (shapeshifter) (Zig:16)
  2 wargs (shapeshifter)
  6 spatial vortices
  14 swamp worms (shapeshifter)
  3 soldier ants (shapeshifter)
  53 tengu zombies
  2 acid dragons
  238 nagas
  A water moccasin (shapeshifter) (Zig:22)
  14 floating eyes (shapeshifter)
  36 floating eyes
  82 hell hounds
  2 porcupines
  68 water moccasins
  8 human skeletons
  2 swamp drakes (shapeshifter)
  354 orc warriors
  2 sky beasts
  46 swamp drakes
  86 eyes of draining
  14 black bears
  An ettin simulacrum (Zig:7)
  9 ice beasts
  142 ogres
  2 eyes of draining (shapeshifter)
  2 black bears (shapeshifter)
  A fire dragon simulacrum (Zig:3)
  46 wolves
  11 phantoms
  A wolf (shapeshifter) (Zig:20)
  56 centaurs
  34 necrophages
  2 ogres (shapeshifter)
  4 crocodiles (shapeshifter)
  80 crocodiles
  6 elf simulacra
  A big kobold (D:10)
  A big kobold (shapeshifter) (Zig:12)
  2 yaktaur zombies (Zig:2)
  141 earth elementals
  12 bullfrogs
  3 gnoll sergeants
  4 scorpions
  11 killer bees
  3 troll zombies (D:10)
  30 wights
  4 howler monkeys
  33 spriggan skeletons
  A howler monkey (shapeshifter) (Zig:22)
  8 crimson imps
  5 bullfrog zombies
  A quasit (D:8)
  5 hounds
  105 iron imps
  5 jellies
  6 bullfrog skeletons
  57 orc priests
  A gnoll shaman (Zig:19)
  4 centaur skeletons
  Terence (D:2)
  5 iguanas
  Natasha (twice) (D:2)
  73 orc wizards
  A hell rat (Zig:26)
  A lightning spire (Zig:16)
  7 worker ants
  62 small abominations
  A killer bee zombie (D:9)
  4 ogre zombies (D:10)
  2 hound zombies
  A hound skeleton (D:4)
  714 mummies
  8 adders
  11 gnolls
  8 river rats (D:5)
  23 shadow imps
  14 white imps
  An adder zombie (D:5)
  4 adder skeletons
  3 worms
  4 worms (shapeshifter)
  3 dart slugs
  4 leopard geckos
  117 orcs
  An orc (shapeshifter) (Zig:22)
  8 bats
  12 giant cockroaches
  9 goblins
  5 hobgoblins
  17 jackals
  19 kobolds
  13 quokkas
  A quokka (shapeshifter) (Depths:2)
  3 ball pythons
  A ball python skeleton (D:4)
  6 frilled lizards
  2 giant cockroach zombies (D:4)
  2 goblin zombies (D:10)
  3 hobgoblin zombies (D:10)
  A jackal zombie (D:5)
  A leopard gecko skeleton (D:5)
  A leopard gecko zombie (D:4)
  6 orc skeletons (D:10)
  10 orc zombies (D:10)
  18 rats
  74 blocks of ice
  64 briar patches
  72 crawling corpses
  1068 fire vortices
  21 plants
  6 starspawn tentacles
  4 tentacles (Shoals:4)
37288 creatures vanquished.

Vanquished Creatures (collateral kills)
  A juggernaut (Zig:13)
  2 greater mummies
  A curse toe (Zig:15)
  5 Killer Klowns
  2 golden dragons
  3 pearl dragons
  A Tzitzimitl (Zig:15)
  4 doom hounds (Zig:15)
  11 pandemonium lords
  An electric golem (Zig:11)
  A bone dragon (Zig:15)
  An Ice Fiend (Zig:23)
  A deep elf blademaster (Zig:21)
  5 acid blobs
  A tentacled starspawn (Zig:5)
  A storm dragon (shapeshifter) (Zig:21)
  2 sphinxes (Zig:22)
  2 revenants (Zig:24)
  A shadow dragon (Zig:15)
  2 azure jellies
  A storm dragon (Zig:20)
  2 azure jellies (shapeshifter) (Zig:16)
  A draconian scorcher (Zig:16)
  2 draconian knights
  4 daevas
  3 frost giants (shapeshifter)
  An orc warlord (Zig:3)
  A frost giant (Zig:25)
  3 caustic shrike zombies
  An angel (Zig:8)
  A draconian stormcaller (Zig:16)
  A draconian annihilator (Zig:21)
  An emperor scorpion (Zig:27)
  A juggernaut zombie (Zig:19)
  2 very ugly things
  5 reapers
  A juggernaut skeleton (Zig:27)
  A war gargoyle (Zig:27)
  2 vampire knights
  An entropy weaver (Zig:27)
  A blood saint (Zig:24)
  4 apis
  2 ophanim (Zig:23)
  2 stone giants (shapeshifter)
  A corrupter (Zig:24)
  A white draconian (Zig:12)
  2 green draconians (Zig:16)
  3 purple draconians (Zig:16)
  A lorocyproca (Zig:14)
  2 yellow draconians
  A red draconian (Zig:12)
  An eidolon (Zig:14)
  A merfolk javelineer (Zig:12)
  A blizzard demon (Zig:13)
  A great orb of eyes (Zig:24)
  A merfolk aquamancer (Zig:18)
  An alligator snapping turtle (shapeshifter) (Zig:12)
  A ghost crab (Zig:15)
  A death scarab (Zig:9)
  A hell hog (Zig:19)
  2 titan zombies
  5 vampire magi
  A storm dragon zombie (Zig:14)
  2 titan skeletons
  3 golden dragon zombies
  5 skeletal warriors
  A large abomination (Zig:24)
  A spark wasp zombie (Zig:15)
  A flayed ghost (Zig:15)
  A cherub (Zig:18)
  4 shadow demons (Zig:15)
  A shambling mangrove (Zig:16)
  A tengu zombie (Zig:19)
  A deep elf archer (Zig:6)
  2 phantasmal warriors (Zig:15)
  An iron dragon zombie (Zig:15)
  A sphinx skeleton (Zig:19)
  2 shining eyes (Zig:26)
  2 fire giant zombies (Zig:15)
  A fire giant skeleton (Zig:15)
  A tengu skeleton (Zig:15)
  A worldbinder (Zig:17)
  5 elf zombies
  2 iron dragon skeletons
  A torpor snail (Zig:27)
  An apocalypse crab (Zig:22)
  2 black mambas (Zig:26)
  An eye of devastation (Zig:15)
  A smoke demon (Zig:17)
  A spriggan skeleton (Zig:15)
  3 elf skeletons
  A hellion (Zig:15)
  5 tormentors
  2 freezing wraiths (Zig:15)
  2 demonic crawlers (Zig:27)
  2 ancient zymes
  A hellwing (Zig:23)
  3 silent spectres
  A troll (shapeshifter) (Zig:11)
  2 slime creatures
  3 raiju
  5 shadows (Zig:15)
  A flying skull (Zig:19)
  A water elemental (Zig:21)
  A redback (Zig:27)
  2 wraiths (Zig:15)
  A ynoxinul (Zig:24)
  3 golden eyes
  A vampire mosquito (Zig:16)
  3 chaos spawn
  2 hungry ghosts
  A soldier ant (shapeshifter) (Zig:22)
  A human skeleton (Zig:15)
  A swamp drake (Zig:16)
  3 necrophages
  A wight (Zig:19)
  A starcursed mass (Zig:17)
  2 mummies
  4 shadow imps (Zig:15)
  A block of ice (Zig:21)
  A fire vortex (Zig:17)
227 creatures vanquished.

Vanquished Creatures (others)
  2 pandemonium lords
  2 Killer Klowns
  A golden dragon (Zig:22)
  An electric golem (Zig:11)
  3 titans
  A tentacled starspawn (Zig:25)
  4 eldritch tentacles
  A storm dragon (Zig:15)
  A black sun (Zig:23)
  A blood saint (Zig:13)
  2 very ugly things
  A deep elf demonologist (Zig:19)
  2 spark wasps
  A deep elf annihilator (Zig:10)
  A fire dragon (Zig:21)
  A hydra (Zig:18)
  5 spriggan air magi
  3 dancing weapons
  A deep elf knight (Zig:20)
  4 shock serpents
  A spatial maelstrom (Zig:10)
  A spriggan druid (Zig:16)
  3 deep elf archers
  3 deep elf magi
  A harpy (Zig:3)
  An orange demon (Zig:20)
  A tormentor (Zig:13)
  A hornet (Zig:16)
  8 raiju
  A tyrant leech (Zig:16)
  3 air elementals
  8 water elementals
  A chaos spawn (Zig:22)
  A naga (Zig:22)
  A warg (Zig:11)
  8 insubstantial wisps
  An acid dragon (shapeshifter) (Zig:20)
  A wolf (Lair:6)
  2 shadow imps (Zig:15)
  13 blocks of ice
  3392 fire vortices
  7 fungi (Lair:6)
  8 lost souls (Zig:21)
  37 plants
  12 starspawn tentacles
  7 tentacles (Shoals:4)
3561 creatures vanquished.

Grand Total: 41076 creatures vanquished

Notes
Turn   | Place    | Note
-------+----------+-------------------------------------------
     0 | D:1      | 4thArraOfDagon the Ogre Fire Elementalist began the quest for the Orb.
     0 | D:1      | Reached XP level 1. HP: 16/16 MP: 3/3
    44 | D:1      | Reached skill level 1 in Conjurations
   159 | D:2      | Reached XP level 2. HP: 19/24 MP: 3/5
   348 | D:2      | Noticed Sigmund
   402 | D:3      | Reached XP level 3. HP: 31/31 MP: 4/7
   407 | D:3      | Learned a level 3 spell: Conjure Flame
   537 | D:4      | Noticed an ogre
   542 | D:4      | Reached XP level 4. HP: 34/39 MP: 4/8
   579 | D:4      | Killed an ogre
   579 | D:4      | Reached XP level 5. HP: 36/45 MP: 0/10
   607 | D:4      | Learned a level 4 spell: Sticky Flame
   636 | D:3      | crab
   724 | D:4      | Got an iridescent great sword
   725 | D:4      | Identified the +4 great sword "Zacupami" {venom, rN+} (You found it on level 4 of the Dungeon)
   812 | D:5      | Entered Level 5 of the Dungeon
   824 | D:5      | Noticed Grinder
   875 | D:5      | Killed Grinder
   875 | D:5      | Reached XP level 6. HP: 40/53 MP: 2/12
   882 | D:5      | Learned a level 5 spell: Fireball
   945 | D:5      | Reached XP level 7. HP: 48/59 MP: 7/13
   977 | D:5      | Found a snail-covered altar of Cheibriados.
   977 | D:5      | Noticed Menkaure
   978 | D:5      | Found a shattered altar of Ashenzari.
   987 | D:5      | Killed Menkaure
   987 | D:5      | Reached skill level 5 in Fire Magic
  1303 | D:7      | Reached skill level 5 in Conjurations
  1303 | D:7      | Reached XP level 8. HP: 33/67 MP: 4/15
  1368 | D:7      | Reached skill level 5 in Spellcasting
  1403 | D:7      | Found an iron altar of Okawaru.
  1404 | D:7      | Found an ancient bone altar of Kikubaaqudgha.
  1804 | D:6      | Found a stormy altar of Qazlal.
  1984 | D:5      | Found a staircase to the Ecumenical Temple.
  1990 | Temple   | Entered the Ecumenical Temple
  2011 | Temple   | Became a worshipper of Vehumet
  2104 | D:4      | Found an ornate altar of the Wu Jian Council.
  2290 | D:4      | Gained mutation: Your flesh is cold resistant. (rC+) [potion of mutation]
  2290 | D:4      | Gained mutation: You are clumsy. (Dex -2) [potion of mutation]
  2290 | D:4      | Gained mutation: Your spells are a little harder to cast, but a little more powerful. [potion of mutation]
  2439 | D:4      | Reached XP level 9. HP: 61/75 MP: 12/17
  2501 | D:3      | Reached * piety under Vehumet
  2501 | D:3      | Offered knowledge of Sting by Vehumet.
  2855 | D:3      | Reached skill level 1 in Fighting
  2986 | D:2      | Noticed Terence
  2992 | D:2      | Killed Terence
  3008 | D:2      | Noticed Natasha
  3031 | D:2      | Killed Natasha
  3112 | D:2      | Killed Sigmund
  3248 | D:2      | Noticed Natasha
  3253 | D:2      | Killed Natasha
  3381 | D:1      | Reached ** piety under Vehumet
  3381 | D:1      | Offered knowledge of Searing Ray by Vehumet.
  3554 | D:1      | Goblin1989: !subscribe
  3555 | D:1      | XtahuaRules: Subscribed. I will now watch all games of user Goblin1989
  4125 | D:5      | Offered knowledge of Stone Arrow by Vehumet.
  4287 | D:6      | Reached *** piety under Vehumet
  4453 | D:6      | Offered knowledge of Airstrike by Vehumet.
  4896 | D:8      | Noticed Gastronok
  4918 | D:8      | Noticed Erica
  4924 | D:8      | Killed Erica
  4924 | D:8      | Reached XP level 10. HP: 85/94 MP: 6/20
  4943 | D:8      | Noticed Maurice
  5000 | D:8      | Found Duaps's Assorted Antiques.
  5009 | D:8      | Bought a scroll labeled JUSUIR XELLOQ for 17 gold pieces
  5009 | D:8      | Bought a scroll labeled UCYUDD TACIACY for 17 gold pieces
  5009 | D:8      | Bought a tapered iron wand for 68 gold pieces
  5009 | D:8      | Bought a forked iron wand for 68 gold pieces
  5043 | D:8      | Found a flagged portal.
  5062 | Bailey   | Entered a bailey
  5088 | Bailey   | Reached **** piety under Vehumet
  5297 | Bailey   | Noticed an orc knight
  5297 | Bailey   | Noticed an orc knight
  5297 | Bailey   | Noticed an orc knight
  5318 | Bailey   | Killed an orc knight
  5318 | Bailey   | Reached skill level 5 in Fighting
  5320 | Bailey   | Killed an orc knight
  5328 | Bailey   | Killed an orc knight
  5386 | Bailey   | Got a shimmering battleaxe
  5389 | Bailey   | Identified the +7 battleaxe "Kokk" {venom, +Rage rElec rPois} (You found it in a bailey)
  5520 | D:8      | Found Sauryifiak's Weapon Boutique.
  5538 | D:8      | Noticed Blackrapter's ghost (novice FoFi)
  5555 | D:8      | Killed Blackrapter's ghost
  5583 | D:8      | Learned a level 3 spell: Regeneration
  5616 | D:8      | Killed Maurice
  5616 | D:8      | Reached XP level 11. HP: 21/106 MP: 14/22
  5626 | D:8      | Found Tusais's General Store.
  5631 | D:8      | Bought a potion of flight for 39 gold pieces
  5631 | D:8      | Bought a scroll of identify for 26 gold pieces
  5631 | D:8      | Bought the +0 robe of Chill Winds {rC+ Regen+ Dex+4} for 300 gold pieces
  5644 | D:8      | Offered knowledge of Throw Icicle by Vehumet.
  5810 | D:8      | Killed Gastronok
  5810 | D:8      | Reached skill level 1 in Charms
  5810 | D:8      | Reached skill level 1 in Necromancy
  5849 | D:8      | Noticed Joseph
  5858 | D:8      | Killed Joseph
  6027 | D:8      | Found a shimmering altar of Xom.
  6235 | D:9      | Upgraded the game from 0.22-a0-455-ga0624bf to 0.22-a0-456-g11ed031
  6322 | D:9      | Reached skill level 10 in Fire Magic
  6339 | D:9      | Found a staircase to the Lair.
  6363 | D:9      | Sergey: good morning
  6373 | D:9      | 4thArraOfDagon: hello :)
  6399 | D:9      | Sergey: nice axe
  6451 | D:10     | Entered Level 10 of the Dungeon
  6506 | D:10     | Reached ***** piety under Vehumet
  6506 | D:10     | Offered knowledge of Irradiate by Vehumet.
  6640 | D:10     | Noticed Fannar
  6741 | D:11     | Found a labyrinth entrance.
  6766 | Lab      | Entered a labyrinth
  7082 | Lab      | Got an ebony quarterstaff
  7083 | Lab      | Identified the +8 quarterstaff of the Badger {crush, rC++} (You found it in a labyrinth)
  7419 | Lab      | Reached skill level 10 in Conjurations
  7520 | Lab      | Noticed a minotaur
  7666 | Lab      | Killed a minotaur
  7666 | Lab      | Reached XP level 12. HP: 76/119 MP: 24/24
  7739 | D:11     | Sergey: why dont you pick wand of flame ?
  7775 | D:11     | Sergey: you can spam it in water themed rune branch
  7840 | D:11     | Sergey: but mb not that usefull as fire elementalist
  7958 | D:11     | Noticed a two-headed ogre
  7979 | D:11     | Killed a two-headed ogre
  8118 | D:11     | Noticed a five-headed hydra
  8122 | D:11     | Killed a five-headed hydra
  8194 | D:11     | Found a large runed door.
  8194 | D:11     | Found a large runed door.
  8434 | D:12     | Found a frozen archway.
  8475 | IceCv    | Entered an ice cave
  8560 | IceCv    | Offered knowledge of Bolt of Fire by Vehumet.
  8571 | IceCv    | Learned a level 6 spell: Bolt of Fire
  8714 | IceCv    | Reached XP level 13. HP: 121/131 MP: 20/26
  8723 | IceCv    | Reached skill level 10 in Spellcasting
  9025 | IceCv    | Reached skill level 10 in Fighting
  9115 | IceCv    | Noticed a frost giant
  9120 | IceCv    | Killed a frost giant
  9235 | D:12     | Offered knowledge of Iron Shot by Vehumet.
  9432 | D:12     | Learned a level 6 spell: Iron Shot
  9753 | D:13     | Reached XP level 14. HP: 124/144 MP: 9/28
 10114 | D:13     | Offered knowledge of Bolt of Magma by Vehumet.
 10217 | D:14     | Noticed Louise
 10349 | D:14     | Found a blossoming altar of Fedhas.
 10610 | D:14     | Found a gate to the Vaults.
 10623 | D:15     | Entered Level 15 of the Dungeon
 11046 | D:15     | Identified the Grimoire of Air and Dark Rites
 11248 | D:15     | Offered knowledge of Spellforged Servitor by Vehumet.
 11283 | D:15     | Found an opulent altar of Gozag.
 11283 | D:15     | Found Gozag's Platinum Reserve.
 11540 | D:14     | Noticed Kirke
 11543 | D:14     | Killed Kirke
 11636 | D:11     | Reached XP level 15. HP: 153/153 MP: 29/31
 11675 | D:10     | Found a staircase to the Orcish Mines.
 11815 | D:10     | Killed Fannar
 11871 | Orc:1    | Entered Level 1 of the Orcish Mines
 12008 | Orc:1    | Found Naomp's Gadget Shop.
 12094 | Orc:2    | Entered Level 2 of the Orcish Mines
 12182 | Orc:2    | Noticed Sonja
 12186 | Orc:2    | Killed Sonja
 12285 | Orc:2    | Noticed Nergalle
 12285 | Orc:2    | Noticed an orc warlord
 12286 | Orc:2    | Noticed Urug
 12287 | Orc:2    | Killed Nergalle
 12297 | Orc:2    | Killed an orc warlord
 12319 | Orc:2    | Killed Urug
 12319 | Orc:2    | Reached ****** piety under Vehumet
 12407 | Orc:2    | Found a roughly hewn altar of Beogh.
 12432 | Orc:2    | Found Cetsoff's Antique Weapon Shop.
 12452 | Orc:2    | Found Peogilut's Book Shop.
 12472 | Orc:2    | Found Raddokk's Antique Armour Shop.
 12488 | Orc:2    | Found Biethros's General Store.
 12496 | Orc:2    | Bought a potion of brilliance for 64 gold pieces
 12496 | Orc:2    | Bought a scroll of magic mapping for 56 gold pieces
 12496 | Orc:2    | Bought 2 potions of curing for 96 gold pieces
 12496 | Orc:2    | Bought a scroll of acquirement for 832 gold pieces
 12498 | Orc:2    | Got a tattered robe
 12509 | Orc:2    | Identified the +4 robe "Nane Vaj" {Stlth+} (You acquired it on level 2 of the Orcish Mines)
 12529 | Orc:2    | Offered knowledge of Orb of Destruction by Vehumet.
 12546 | Orc:2    | Learned a level 7 spell: Orb of Destruction
 12555 | Orc:2    | Found a roughly hewn altar of Beogh.
 12564 | Orc:2    | Found a staircase to the Elven Halls.
 12881 | Elf:1    | Entered Level 1 of the Elven Halls
 13131 | Elf:3    | Entered Level 3 of the Elven Halls
 13445 | Elf:2    | Reached skill level 15 in Fire Magic
 13615 | Elf:2    | Reached XP level 16. HP: 162/162 MP: 24/33
 13661 | Elf:2    | Paralysed by a great orb of eyes for 3 turns
 13730 | Elf:1    | Reached skill level 15 in Conjurations
 14164 | Elf:3    | Offered knowledge of Conjure Ball Lightning by Vehumet.
 14409 | Elf:3    | Got an ancient whip
 14410 | Elf:3    | Identified the +4 whip of Gapsosh {flame, rN+ MR+} (You found it on level 3 of the Elven Halls)
 14476 | Elf:3    | Noticed a deep elf blademaster
 14479 | Elf:3    | Noticed a deep elf blademaster
 14480 | Elf:3    | Killed a deep elf blademaster
 14483 | Elf:3    | Killed a deep elf blademaster
 14492 | Elf:3    | Noticed a deep elf master archer
 14494 | Elf:3    | Killed a deep elf master archer
 14494 | Elf:3    | Noticed a deep elf master archer
 14495 | Elf:3    | Reached XP level 17. HP: 121/170 MP: 29/34
 14498 | Elf:3    | Killed a deep elf master archer
 14773 | Elf:3    | Got a transparent battleaxe
 14774 | Elf:3    | Identified the +9 battleaxe of Zaukkogg {chop, Str+2} (You found it on level 3 of the Elven Halls)
 14863 | Elf:3    | Got a pitted shield
 14902 | Elf:3    | Got a heavily runed tin ring
 14904 | Elf:3    | Identified the +4 shield of Iplyegaytu {rN+ Int+3} (You found it on level 3 of the Elven Halls)
 14907 | Elf:3    | Identified the ring "Lin Ygekk" {rN+ MR+ Int+4} (You found it on level 3 of the Elven Halls)
 14935 | Elf:3    | Got a fine spear
 14939 | Elf:3    | Identified the +7 spear "Rueseit" {holy, rN+ Str+3 Int+4} (You found it on level 3 of the Elven Halls)
 15062 | Elf:1    | magipi: go ogres!
 15237 | Elf:1    | Found Kecwimpa's Gadget Shoppe.
 15378 | Lair:1   | Entered Level 1 of the Lair of Beasts
 15464 | Lair:1   | Noticed wazuzu's ghost (journeyman DgEE)
 15468 | Lair:1   | Killed wazuzu's ghost
 15480 | Lair:1   | rip bud
 15664 | Lair:2   | Found a staircase to the Shoals.
 15722 | Lair:2   | Offered knowledge of Lehudib's Crystal Spear by Vehumet.
 15722 | Lair:2   | Offered knowledge of Tornado by Vehumet.
 15722 | Lair:2   | Offered knowledge of Ignition by Vehumet.
 15724 | Lair:2   | :*
 15733 | Lair:2   | Learned a level 8 spell: Ignition
 15741 | Lair:2   | 4thArraOfDagon: no firestorm :(
 15843 | Shoals:1 | Entered Level 1 of the Shoals
 15946 | Shoals:2 | Noticed Polyphemus
 15957 | Shoals:2 | Killed Polyphemus
 15957 | Shoals:2 | Reached skill level 15 in Spellcasting
 16241 | Shoals:1 | Found Hazaunad's Jewellery Shop.
 16297 | Shoals:2 | Reached XP level 18. HP: 179/179 MP: 37/37
 16601 | Shoals:2 | Noticed Roxanne
 16639 | Shoals:2 | Killed Roxanne
 16644 | Shoals:2 | Identified Roxanne's Guide on the Rocks (You took it off Roxanne on level 2 of the Shoals)
 16663 | Shoals:2 | Learned a level 2 spell: Sublimation of Blood
 17078 | Shoals:3 | Learned a level 6 spell: Statue Form
 17280 | Shoals:4 | Entered Level 4 of the Shoals
 17400 | Shoals:4 | Reached skill level 1 in Transmutations
 17400 | Shoals:4 | Reached skill level 1 in Earth Magic
 17489 | Shoals:4 | Noticed Ilsuiw
 17493 | Shoals:4 | Killed Ilsuiw
 17559 | Shoals:4 | Identified the ring "Yrofrit" {EV+3 Int+4} (You took it off a merfolk on level 4 of the Shoals)
 17762 | Shoals:4 | Got a barnacled rune of Zot
 17989 | Shoals:4 | Identified the cursed +1 broad axe "Lixeuq Voho" {speed, Fragile Dex+4 Stlth+} (You found it on level 4 of the Shoals)
 18041 | Shoals:4 | Reached skill level 5 in Transmutations
 18041 | Shoals:4 | Reached skill level 5 in Earth Magic
 18043 | Shoals:4 | Reached XP level 19. HP: 153/185 MP: 41/41
 18341 | Lair:2   | Found a snail-covered altar of Cheibriados.
 18790 | Lair:2   | Found a staircase to the Snake Pit.
 18796 | Snake:1  | Entered Level 1 of the Snake Pit
 19702 | Snake:3  | Found Sonujoty's Antique Weapon Shop.
 19702 | Snake:3  | Found Wuvusuph's Antique Weapon Boutique.
 19703 | Snake:3  | Found Jaturani's Armour Shop.
 19705 | Snake:3  | Found Apsucick's Antique Armour Boutique.
 19713 | Snake:3  | Bought an embroidered cloak for 157 gold pieces
 19713 | Snake:3  | Bought a runed cloak for 157 gold pieces
 19761 | Snake:3  | Noticed Agnes
 19815 | Snake:3  | Killed Agnes
 19837 | Snake:4  | Entered Level 4 of the Snake Pit
 20126 | Snake:4  | Noticed Asterion
 20134 | Snake:4  | Killed Asterion
 20320 | Snake:3  | Noticed Vashnia
 20323 | Snake:3  | Killed Vashnia
 20323 | Snake:3  | Reached XP level 20. HP: 118/195 MP: 21/42
 20542 | Snake:4  | Reached skill level 10 in Transmutations
 20542 | Snake:4  | Reached skill level 10 in Earth Magic
 20744 | Snake:4  | Got a serpentine rune of Zot
 20980 | Lair:4   | Identified the +5 morningstar of Tension {crush, Dex+2} (You found it on level 4 of the Lair of Beasts)
 21076 | Lair:5   | Identified the amulet "Ybbol" {RegenMP rF+ rC+} (You found it on level 5 of the Lair of Beasts)
 21370 | Lair:6   | Entered Level 6 of the Lair of Beasts
 21375 | Lair:6   | Found a staircase to the Slime Pits.
 21375 | Lair:6   | Found a viscous altar of Jiyva.
 21686 | Lair:6   | Identified the +1 cloak of Vyps {*Contam rElec rC++ rN+} (You found it on level 6 of the Lair of Beasts)
 22006 | Slime:1  | Entered Level 1 of the Pits of Slime
 22014 | Slime:1  | Gained mutation: You do not regenerate when monsters are visible. [a shining eye]
 22016 | Slime:1  | :(
 22035 | Slime:1  | Gained mutation: You tend to lose your temper in combat. [a shining eye]
 22130 | Slime:3  | Reached XP level 21. HP: 199/202 MP: 43/43
 22263 | Slime:5  | Entered Level 5 of the Pits of Slime
 22280 | Slime:5  | Noticed the Royal Jelly
 22452 | Slime:5  | Killed the Royal Jelly
 22696 | Slime:5  | Identified the Handbook of Attacks and Augmentations
 22714 | Slime:5  | Got a slimy rune of Zot
 23059 | D:15     | Found a staircase to the Depths.
 23079 | Depths:1 | Entered Level 1 of the Depths
 23085 | Depths:1 | Noticed Sojobo
 23088 | Depths:1 | Killed Sojobo
 23202 | Depths:1 | Reached XP level 22. HP: 137/211 MP: 33/45
 23235 | Depths:1 | Found a gateway to Hell.
 23259 | Depths:1 | Noticed Nikola
 23271 | Depths:1 | Killed Nikola
 23276 | Depths:1 | :(
 23541 | Depths:1 | Lost mutation: You are clumsy. (Dex -2) [potion of mutation]
 23541 | Depths:1 | Lost mutation: Your spells are a little harder to cast, but a little more powerful. [potion of mutation]
 23541 | Depths:1 | Lost mutation: You tend to lose your temper in combat. [potion of mutation]
 23541 | Depths:1 | Gained mutation: You are partially covered in iridescent scales. (AC +2) [potion of mutation]
 23541 | Depths:1 | Lost mutation: You do not regenerate when monsters are visible. [potion of mutation]
 23988 | Depths:2 | Found a gateway to a ziggurat.
 24067 | Zig:1    | Entered Level 1 of a ziggurat
 24085 | Zig:2    | Entered Level 2 of a ziggurat
 24104 | Zig:3    | Entered Level 3 of a ziggurat
 24155 | Zig:4    | Entered Level 4 of a ziggurat
 24162 | Zig:4    | Reached skill level 5 in Dodging
 24185 | Zig:5    | Entered Level 5 of a ziggurat
 24217 | Zig:6    | Entered Level 6 of a ziggurat
 24221 | Zig:6    | Noticed a juggernaut
 24221 | Zig:6    | Noticed a juggernaut
 24225 | Zig:6    | Killed a juggernaut
 24225 | Zig:6    | Killed a juggernaut
 24254 | Zig:6    | Learned a level 9 spell: Fire Storm
 24277 | Zig:7    | Entered Level 7 of a ziggurat
 24317 | Zig:7    | Lost mutation: You are partially covered in iridescent scales. (AC +2) [potion of mutation]
 24317 | Zig:7    | Lost mutation: Your flesh is cold resistant. (rC+) [potion of mutation]
 24317 | Zig:7    | Gained mutation: You are partially covered in yellow scales. (AC +2) [potion of mutation]
 24317 | Zig:7    | Gained mutation: Your skin changes colour to match your surroundings (Stealth+). [potion of mutation]
 24317 | Zig:7    | Gained mutation: You possess an exceptional clarity of mind. [potion of mutation]
 24320 | Zig:8    | Entered Level 8 of a ziggurat
 24324 | Zig:8    | Reached skill level 1 in Shields
 24330 | Zig:8    | Reached XP level 23. HP: 219/219 MP: 30/47
 24360 | Zig:8    | Identified the +2 robe "Gaufaful" {Regen+ Int+3 Dex+4} (You found it on level 8 of a ziggurat)
 24374 | Zig:8    | Got a coiled jade ring
 24382 | Zig:8    | Identified the ring of the Last Realms {*Corrode rPois rF+ rN+++ SInv} (You found it on level 8 of a ziggurat)
 24387 | Zig:9    | Entered Level 9 of a ziggurat
 24397 | Zig:9    | Noticed a golden dragon
 24397 | Zig:9    | Noticed an ancient lich
 24398 | Zig:9    | Reached skill level 5 in Shields
 24403 | Zig:9    | Killed a golden dragon
 24403 | Zig:9    | Killed an ancient lich
 24421 | Zig:9    | Got a clouded ivory ring
 24437 | Zig:10   | Entered Level 10 of a ziggurat
 24451 | Zig:10   | Noticed a greater mummy
 24453 | Zig:10   | Noticed a greater mummy
 24455 | Zig:10   | Killed a greater mummy
 24456 | Zig:10   | Reached skill level 10 in Shields
 24458 | Zig:10   | Killed a greater mummy
 24506 | Zig:11   | Entered Level 11 of a ziggurat
 24581 | Zig:12   | Entered Level 12 of a ziggurat
 24638 | Zig:13   | Entered Level 13 of a ziggurat
 24640 | Zig:13   | Noticed Thaneod's ghost (legendary DEFE)
 24646 | Zig:13   | rip bud
 24646 | Zig:13   | Killed Thaneod's ghost
 24647 | Zig:13   | Noticed a juggernaut
 24652 | Zig:13   | Killed a juggernaut
 24667 | Zig:13   | Noticed a juggernaut
 24669 | Zig:13   | Killed a juggernaut
 24676 | Zig:13   | Reached XP level 24. HP: 168/227 MP: 4/48
 24749 | Zig:13   | Reached XP level 25. HP: 235/235 MP: 48/48
 24764 | Zig:14   | Entered Level 14 of a ziggurat
 24791 | Zig:14   | HP: 13/305 [phantasmal warrior (18)]
 24796 | Zig:14   | Cast into level 3 of the Abyss (a lich)
 24849 | Zig:14   | Escaped the Abyss
 24870 | Zig:14   | Identified Qibeustra's Disquisition on Floating Flames
 24872 | Zig:14   | Identified the Tome of Earthen Conjuration
 24874 | Zig:14   | Identified the Reference Book on Venomous Protection
 24877 | Zig:14   | Got a heavily runed pewter ring
 24888 | Zig:14   | Identified the ring "Orix" {rC+ MP+9 Str+2 SInv} (You found it on level 9 of a ziggurat)
 24889 | Zig:14   | Identified the ring "Myni Zut" {+Blink rPois rC- MR- SInv} (You found it on level 14 of a ziggurat)
 24901 | Zig:14   | Learned a level 8 spell: Controlled Blink
 24902 | Zig:15   | Entered Level 15 of a ziggurat
 24918 | Zig:15   | Reached skill level 1 in Translocations
 24935 | Zig:15   | Got a heavily runed emerald amulet
 24947 | Zig:15   | Identified the amulet of Yloetip {Harm *Drain rElec rF+ rC+ MR-} (You found it on level 15 of a ziggurat)
 24950 | Zig:15   | Identified the amulet of Poheucau {Spirit +Fly Str+4} (You found it on level 15 of a ziggurat)
 24963 | Zig:15   | Reached XP level 26. HP: 232/244 MP: 50/50
 24980 | Zig:16   | Entered Level 16 of a ziggurat
 25019 | Zig:16   | Found the +4 Vampire's Tooth {vamp}
 25047 | Zig:16   | Identified the Papyrus of Earthen Enchantment
 25057 | Zig:16   | Identified the +5 cloak "Wuotsoun" {rC+} (You acquired it on level 16 of a ziggurat)
 25060 | Zig:17   | Entered Level 17 of a ziggurat
 25093 | Zig:17   | Found the +4 dagger "Morg" {pain, MR+ Int+5}
 25106 | Zig:17   | Got a brightly glowing platinum ring
 25110 | Zig:17   | Got a slimy brass ring
 25112 | Zig:17   | Identified the ring of Mekhlul {Wiz -Tele rPois Int+4 SInv} (You found it on level 17 of a ziggurat)
 25113 | Zig:17   | Identified the Handbook of Flamy Summoning
 25123 | Zig:17   | Identified the amulet "Nupnoeh" {Spirit rPois Str+2} (You found it on level 17 of a ziggurat)
 25125 | Zig:17   | Identified the ring of Mysticism {+Fly rF+} (You found it on level 17 of a ziggurat)
 25127 | Zig:17   | Identified the ring "Qutruvep" {rN+ MR+} (You found it on level 17 of a ziggurat)
 25132 | Zig:18   | Entered Level 18 of a ziggurat
 25151 | Zig:18   | Reached XP level 27. HP: 252/252 MP: 50/50
 25153 | Zig:18   | Reached skill level 10 in Translocations
 25228 | Zig:18   | Reached skill level 5 in Invocations
 25230 | Zig:19   | Entered Level 19 of a ziggurat
 25281 | Zig:19   | Found the +7 sceptre of Torment
 25282 | Zig:19   | Found the +7 great mace "Undeadhunter" {disrupt, rN+}
 25304 | Zig:19   | Identified the amulet of Nioxukhlalowk {Reflect rElec Str+2 Dex+2 SH+5} (You found it on level 19 of a ziggurat)
 25314 | Zig:20   | Entered Level 20 of a ziggurat
 25434 | Zig:20   | Found the +3 robe of Clouds {+Fly rElec}
 25437 | Zig:20   | Found the +9 heavy crossbow "Sniper" {velocity, Acc+∞ SInv}
 25467 | Zig:21   | Entered Level 21 of a ziggurat
 25591 | Zig:21   | Got a brightly glowing jade ring
 25596 | Zig:21   | Got a clouded iron ring
 25605 | Zig:21   | Identified the ring "Ewnizi Jamui" {rPois rF+ rN+} (You found it on level 21 of a ziggurat)
 25606 | Zig:21   | Identified the ring "Jeala" {rPois rC+++ Str+2 Dex+4 SInv} (You found it on level 21 of a ziggurat)
 25613 | Zig:22   | Entered Level 22 of a ziggurat
 25642 | Zig:22   | Noticed an ancient lich
 25643 | Zig:22   | Noticed an ancient lich
 25644 | Zig:22   | Killed an ancient lich
 25646 | Zig:22   | Killed an ancient lich
 25654 | Zig:22   | Noticed an ancient lich
 25655 | Zig:22   | Killed an ancient lich
 25655 | Zig:22   | Reached skill level 1 in Evocations
 25671 | Zig:22   | Found the +8 whip "Snakebite" {curare, rPois}
 25700 | Zig:22   | Learned a level 9 spell: Shatter
 25701 | Zig:23   | Entered Level 23 of a ziggurat
 25752 | Zig:23   | Noticed Xeipaish the pandemonium lord
 25763 | Zig:23   | Killed Xeipaish the pandemonium lord
 25770 | Zig:23   | Reached skill level 5 in Evocations
 25829 | Zig:23   | Found the ring of the Octopus King
 25836 | Zig:23   | Got a ring of the Octopus King
 25866 | Zig:23   | Got a slimy golden ring
 25904 | Zig:23   | Identified the ring of Xuifo {*Drain rF+ rN++ Int+3 Dex+3} (You found it on level 23 of a ziggurat)
 25906 | Zig:23   | Identified a ring of the Octopus King {Wiz AC+1 EV+1 Str+1 Int+1 Dex+1} (You found it on level 23 of a ziggurat)
 25913 | Zig:24   | Entered Level 24 of a ziggurat
 25946 | Zig:24   | Noticed an ancient lich
 25947 | Zig:24   | Killed an ancient lich
 25947 | Zig:24   | Reached skill level 5 in Necromancy
 25952 | Zig:24   | Noticed an ancient lich
 25952 | Zig:24   | Killed an ancient lich
 25963 | Zig:24   | Reached skill level 15 in Earth Magic
 26038 | Zig:24   | Identified Sif Muna's Guide on Protection and Fire
 26049 | Zig:24   | Identified the +0 cloak "Rozott" {MR+ rCorr} (You found it on level 24 of a ziggurat)
 26079 | Zig:24   | Learned a level 8 spell: Necromutation
 26104 | Zig:25   | Entered Level 25 of a ziggurat
 26130 | Zig:25   | Noticed an ancient lich
 26132 | Zig:25   | Killed an ancient lich
 26132 | Zig:25   | Noticed an ancient lich
 26133 | Zig:25   | Killed an ancient lich
 26133 | Zig:25   | Noticed an ancient lich
 26134 | Zig:25   | Noticed an ancient lich
 26136 | Zig:25   | Killed an ancient lich
 26136 | Zig:25   | Noticed an ancient lich
 26137 | Zig:25   | Killed an ancient lich
 26138 | Zig:25   | Killed an ancient lich
 26146 | Zig:25   | Noticed an ancient lich
 26147 | Zig:25   | Killed an ancient lich
 26158 | Zig:25   | Noticed an ancient lich
 26159 | Zig:25   | Killed an ancient lich
 26219 | Zig:25   | Learned a level 8 spell: Death's Door
 26234 | Zig:25   | Got a warped granite ring
 26235 | Zig:25   | Identified the ring "Onlotyx" {rC+ MR+ Int-5 Dex+4} (You found it on level 25 of a ziggurat)
 26249 | Zig:26   | Entered Level 26 of a ziggurat
 26276 | Zig:26   | Reached skill level 10 in Necromancy
 26305 | Zig:26   | Found the +11 plutonium sword {*Contam Stlth-}
 26308 | Zig:26   | Found the +0 sword of Power
 26316 | Zig:26   | Got a scintillating iron ring
 26343 | Zig:26   | Identified Siejac's Guide on Captivating Translocation
 26358 | Zig:27   | Entered Level 27 of a ziggurat
 26419 | Zig:27   | Gained mutation: Your spells are a little easier to cast, but a little less powerful. [mutagenic glow]
 26497 | Zig:27   | Found the cursed +13 scythe of Curses {drain, *Curse}
 26504 | Zig:27   | Got a fine tin ring
 26505 | Zig:27   | Identified the ring "Toopsaph" {MR+ Str+3} (You found it on level 27 of a ziggurat)
 26511 | Zig:27   | Identified the Incunabulum of Frigorific Necromancy
 26549 | Zig:27   | Identified the ring "Ostyph" {+Fly MR+} (You found it on level 26 of a ziggurat)
 26558 | Zig:1    | Entered Level 1 of a ziggurat
 26570 | Zig:2    | Entered Level 2 of a ziggurat
 26593 | Zig:2    | Sergey: how many zigs have you done ?
 26593 | Zig:2    | 4thArraOfDagon: just one
 26593 | Zig:2    | 4thArraOfDagon: just starting this out
 26597 | Zig:3    | Entered Level 3 of a ziggurat
 26602 | Zig:3    | Sergey: I saw you start many time ago
 26622 | Zig:4    | Entered Level 4 of a ziggurat
 26626 | Zig:4    | Sergey: so I thought you are heavy zigging now
 26646 | Zig:5    | Entered Level 5 of a ziggurat
 26663 | Zig:5    | Identified the Disquisition on Displacement and Weightlessness
 26670 | Zig:6    | Entered Level 6 of a ziggurat
 26707 | Zig:6    | Lost mutation: Your spells are a little easier to cast, but a little less powerful. [potion of mutation]
 26707 | Zig:6    | Gained mutation: You are robust. (+10% HP) [potion of mutation]
 26707 | Zig:6    | Gained mutation: Your magical capacity is low. (-10% MP) [potion of mutation]
 26707 | Zig:6    | Gained mutation: Your mind is acute. (Int +2) [potion of mutation]
 26709 | Zig:7    | Entered Level 7 of a ziggurat
 26714 | Zig:7    | p0werm0de: y0y0
 26715 | Zig:7    | p0werm0de: !stalk sapher
 26716 | Zig:7    | XtahuaRules: Sapher the L25 GnNe^Chei in Hell (cbro tiles), 7:55:18, T:10947, runes: 7 (icy, iron, golden...), defenses: 14/36/23, stats: 22/47/37, >15 skills: Fighting,Short Blades,Long Blades,Axes,Maces & Flails,Polearms,Staves,Slings,Bows,Crossbows,Throwing,Armour,Dodging,Stealth,Shields,Unarmed Combat,Spellcasting,Necromancy,Invocations,Evocations
 26717 | Zig:7    | p0werm0de: did ya see arra?
 26717 | Zig:7    | Reached skill level 10 in Evocations
 26743 | Zig:7    | Sergey: I cant catch him
 26743 | Zig:7    | Reached skill level 15 in Invocations
 26744 | Zig:7    | p0werm0de: hes always loggin on and off yea
 26744 | Zig:7    | p0werm0de: thinking in between
 26745 | Zig:8    | Entered Level 8 of a ziggurat
 26755 | Zig:8    | 4thArraOfDagon: !lg Sapher -log
 26755 | Zig:8    | XtahuaRules: 2138. Sapher, XL6 GnNe, T:937: https://crawl.xtahua.com/crawl/morgue/Sapher/morgue-Sapher-20180605-105632.txt
 26755 | Zig:8    | 4thArraOfDagon: &dump Sapher
 26755 | Zig:8    | p0werm0de: &dump sapher
 26755 | Zig:8    | XtahuaRules: http://crawl.berotato.org/crawl/morgue/Sapher/Sapher.txt
 26755 | Zig:8    | XtahuaRules: http://crawl.berotato.org/crawl/morgue/Sapher/Sapher.txt
 26755 | Zig:8    | Sergey: still he need some luck to get wr
 26755 | Zig:8    | p0werm0de: sure yea
 26755 | Zig:8    | Sergey: 7k for 8 runes is very fast
 26755 | Zig:8    | 4thArraOfDagon: this is insane tempo
 26775 | Zig:9    | Entered Level 9 of a ziggurat
 26818 | Zig:10   | Entered Level 10 of a ziggurat
 26846 | Zig:10   | Found the ring of the Octopus King
 26846 | Zig:10   | Got a ring of the Octopus King
 26853 | Zig:11   | Entered Level 11 of a ziggurat
 26866 | Zig:11   | p0werm0de: damn he also has chatlog on
 26866 | Zig:11   | Sergey: yermak promised sub 15k
 26866 | Zig:11   | Sergey: but I never seen him after that
 26866 | Zig:11   | p0werm0de: yep
 26866 | Zig:11   | 4thArraOfDagon: it can be
 26866 | Zig:11   | 4thArraOfDagon: 15k would mean 99mil score
 26873 | Zig:11   | Found the +3 sling "Punk" {acid, rCorr}
 26886 | Zig:12   | Entered Level 12 of a ziggurat
 26903 | Zig:12   | p0werm0de: wonder if charly would come back for 0.17 then
 26905 | Zig:12   | p0werm0de: or try gnoll
 26913 | Zig:12   | p0werm0de: pretty sure it'd bug him
 26939 | Zig:12   | Sergey: I still cant estimate the ideal tc
 26941 | Zig:12   | Sergey: without monsters at all
 26943 | Zig:13   | Entered Level 13 of a ziggurat
 26953 | Zig:13   | p0werm0de: hey0 pedritolo !
 26954 | Zig:13   | p0werm0de: topic is this:
 26955 | Zig:13   | pedritolo: hey guys
 26956 | Zig:13   | p0werm0de: &dump sapher
 26956 | Zig:13   | XtahuaRules: http://crawl.berotato.org/crawl/morgue/Sapher/Sapher.txt
 26982 | Zig:13   | Identified Ynlylial's Compendium of Hurtful Cold
 26991 | Zig:13   | Identified the Compendium of the Frostbite
 26995 | Zig:13   | Got a slimy golden ring
 26997 | Zig:13   | Identified a ring of the Octopus King {rN+ AC+1 EV+1 Str+1 Int+1 Dex+1} (You found it on level 10 of a ziggurat)
 26999 | Zig:13   | Identified the ring of Vaxo {*Tele rC+++ Int-2 Dex+2 Slay-4} (You found it on level 13 of a ziggurat)
 27004 | Zig:13   | pedritolo: looking good
 27005 | Zig:14   | Entered Level 14 of a ziggurat
 27011 | Zig:14   | pedritolo: why isn't it over?
 27022 | Zig:14   | Reached skill level 15 in Necromancy
 27023 | Zig:14   | Noticed Yjuog the pandemonium lord
 27028 | Zig:14   | Killed Yjuog the pandemonium lord
 27029 | Zig:14   | pedritolo: so still needs 1 hell rune, tomb and pan
 27029 | Zig:14   | p0werm0de: he just played today a bit
 27030 | Zig:14   | p0werm0de: always taking breaks
 27031 | Zig:14   | p0werm0de: wow really tomb?
 27035 | Zig:14   | p0werm0de: no
 27035 | Zig:14   | Sergey: Sapher: even for 3 runes i can do it 1k turns faster with luck on spells
 27036 | Zig:14   | pedritolo: oh wait
 27039 | Zig:14   | p0werm0de: i specced him in tomb
 27043 | Zig:14   | p0werm0de: he just needs 2x hell, pan, abyss right
 27043 | Zig:14   | pedritolo: nm 2 hell missing then
 27044 | Zig:14   | p0werm0de: ye
 27062 | Zig:14   | Got a pitted graven amulet
 27063 | Zig:14   | Identified the amulet "Nuoxkuug" {Reflect Str+2 SH+3 SInv} (You found it on level 14 of a ziggurat)
 27066 | Zig:14   | pedritolo: so 2.5k for pan, 500 for abys, another 1k for hell
 27070 | Zig:15   | Entered Level 15 of a ziggurat
 27079 | Zig:15   | pedritolo: another 2k to wrap up
 27081 | Zig:15   | Noticed 4thArraOfDagon's ghost (legendary HOCj)
 27082 | Zig:15   | p0werm0de: pan can also work in less turns
 27082 | Zig:15   | p0werm0de: even under 1k
 27082 | Zig:15   | p0werm0de: imo
 27082 | Zig:15   | pedritolo: if it goes perfect, i'd say around 17l?
 27085 | Zig:15   | pedritolo: ah because they changed pan
 27085 | Zig:15   | pedritolo: right
 27087 | Zig:15   | rly
 27102 | Zig:15   | p0werm0de: prob time to grab 15runer realtime
 27104 | Zig:15   | Killed 4thArraOfDagon's ghost
 27107 | Zig:15   | p0werm0de: so all records in russia/europe
 27130 | Zig:15   | p0werm0de: except longest streak
 27132 | Zig:15   | pedritolo: i think that's only fair
 27136 | Zig:15   | Got a faintly glowing bronze ring
 27149 | Zig:15   | p0werm0de: which is argueble anyway as far as i heard
 27149 | Zig:15   | Identified the ring "Rirapn" {*Corrode rF+ Str+7 Int+2} (You found it on level 15 of a ziggurat)
 27153 | Zig:16   | Entered Level 16 of a ziggurat
 27164 | Zig:16   | pedritolo: is it?
 27172 | Zig:16   | pedritolo: because the game changed so much in the meantime?
 27173 | Zig:16   | p0werm0de: ppl told me elliptic has double melee dmg bug games in his streak
 27174 | Zig:16   | Sergey: who has wr from Russia ?
 27176 | Zig:16   | Noticed Zithe the pandemonium lord
 27177 | Zig:16   | p0werm0de: sapher is russian
 27178 | Zig:16   | Sergey: really ?
 27178 | Zig:16   | Sergey: wow
 27182 | Zig:16   | Killed Zithe the pandemonium lord
 27187 | Zig:16   | Found the +8 trident of the Octopus King {venom, rElec rPois MR+}
 27197 | Zig:16   | Identified the Handbook of Heat
 27211 | Zig:16   | Identified Onny's Volume of Calling and the Traveller
 27227 | Zig:16   | p0werm0de: and malcolmrose streak is just DDAr's
 27232 | Zig:16   | p0werm0de: so yea everyone judge on his own
 27232 | Zig:16   | Sergey: malcolmrose also Russian ?
 27248 | Zig:17   | Entered Level 17 of a ziggurat
 27249 | Zig:17   | p0werm0de: no i think usa
 27249 | Zig:17   | p0werm0de: or sth
 27249 | Zig:17   | p0werm0de: def native english speaker
 27262 | Zig:17   | pedritolo: indeed, streaking a DDAr seems a bit like cheating
 27271 | Zig:17   | pedritolo: still a very good streak tho
 27292 | Zig:17   | Found the +10 morningstar "Eos" {elec, Halo rElec}
 27309 | Zig:17   | Sergey: I think it is fair as everybody can pick DDAr
 27320 | Zig:17   | Learned a level 9 spell: Glaciate
 27320 | Zig:17   | p0werm0de: original streak rules say you have to play all combos and species tho
 27327 | Zig:17   | p0werm0de: so it'd be another category imo
 27327 | Zig:17   | p0werm0de: like in tournament
 27330 | Zig:17   | pedritolo: sis you guys know - in the skill choice screen, pressing shift + skill letter selects ONLY that one skill, removing all others?
 27330 | Zig:17   | Sergey: thats in tournament ye
 27331 | Zig:18   | Entered Level 18 of a ziggurat
 27334 | Zig:18   | pedritolo: *did
 27337 | Zig:18   | p0werm0de: ppl like sphara or gammafunk are doing that
 27345 | Zig:18   | p0werm0de: not only in tournament
 27348 | Zig:18   | Reached skill level 1 in Ice Magic
 27352 | Zig:18   | Reached skill level 5 in Ice Magic
 27356 | Zig:18   | p0werm0de: nope didnt know pedri
 27358 | Zig:18   | ReniFell: this skill feature is old af
 27363 | Zig:18   | ReniFell: always using it rofl
 27374 | Zig:18   | pedritolo: it's very handy
 27380 | Zig:18   | Got a slimy turquoise ring
 27399 | Zig:18   | Identified the cursed ring "Wehira" {+Fly Str-2 Int+2 Slay-5} (You found it on level 18 of a ziggurat)
 27401 | Zig:18   | Sergey: also in tournament playing wanderer 99 times doesnt count as streak
 27401 | Zig:18   | p0werm0de: some button presses extra train my realtime skills
 27402 | Zig:19   | Entered Level 19 of a ziggurat
 27423 | Zig:19   | Sergey: but as for me it is different starts
 27423 | Zig:19   | ReniFell: tho ive learnt it occasionaly with caps lock
 27426 | Zig:19   | Reached skill level 10 in Ice Magic
 27429 | Zig:19   | p0werm0de: yea wanderer streaks sure
 27433 | Zig:19   | p0werm0de: but theyre probably stronger than random
 27434 | Zig:19   | pedritolo: one could also argue that turncount hs with gn, vs or dd is cheating, in a way
 27440 | Zig:19   | p0werm0de: since consumables a lot
 27448 | Zig:19   | Got a warped golden ring
 27460 | Zig:19   | Identified Tevoo's Reference Book on Glacial Envenoming
 27465 | Zig:19   | Got a translucent granite ring
 27467 | Zig:19   | p0werm0de: yea
 27474 | Zig:19   | p0werm0de: realtime too
 27474 | Zig:19   | ReniFell: there is no cheating except cheating...
 27474 | Zig:19   | pedritolo: y
 27474 | Zig:19   | p0werm0de: sure DD is fkn broken
 27474 | Zig:19   | Identified the ring "Imoe" {Fire Stlth+} (You found it on level 19 of a ziggurat)
 27476 | Zig:19   | Identified the ring of Yggiusmo {-Tele rElec rF++ SInv Stlth-} (You found it on level 19 of a ziggurat)
 27480 | Zig:20   | Entered Level 20 of a ziggurat
 27483 | Zig:20   | p0werm0de: all of those basically
 27494 | Zig:20   | pedritolo: but if there are no explicit rules against it, then it should be ok
 27506 | Zig:20   | p0werm0de: sure but if i compare elliptics streak to malcolm rose, elliptics is more impressive
 27513 | Zig:20   | p0werm0de: even if there are like 7 bug games inside
 27562 | Zig:20   | Identified the Incunabulum of Icy Ignition
 27576 | Zig:21   | Entered Level 21 of a ziggurat
 27601 | Zig:21   | pedritolo: hm yes
 27601 | Zig:21   | Reached skill level 15 in Ice Magic
 27627 | Zig:21   | Found the ring of Shadows {Umbra +Inv Stlth+}
 27635 | Zig:21   | Got a vibrating ivory ring
 27637 | Zig:21   | Got a heavily runed steel ring
 27647 | Zig:21   | Identified the +2 robe of Safovvu {rPois rN+ rCorr Int+3} (You found it on level 21 of a ziggurat)
 27653 | Zig:21   | Identified the Volume of the Freezing Rocks
 27655 | Zig:21   | pedritolo: streaking is something i could never do I guess. It's just opposite to my gameplay mentality
 27655 | Zig:21   | Identified the ring "Qonn" {rF++ Int+2} (You found it on level 21 of a ziggurat)
 27657 | Zig:21   | Identified the ring "Jissum" {Ice Stlth+} (You found it on level 21 of a ziggurat)
 27661 | Zig:21   | pedritolo: great respect
 27661 | Zig:21   | p0werm0de: yea i also dont enjoy it much
 27662 | Zig:22   | Entered Level 22 of a ziggurat
 27664 | Zig:22   | p0werm0de: dunno if i could do well now
 27682 | Zig:22   | Reached skill level 5 in Charms
 27684 | Zig:22   | p0werm0de: well you have regular streaks tho
 27685 | Zig:22   | p0werm0de: 4+
 27687 | Zig:22   | Reached skill level 10 in Charms
 27694 | Zig:22   | pedritolo: it was a coincidence
 27730 | Zig:22   | pedritolo: i was just wrapping up for greaterplayer
 27737 | Zig:23   | Entered Level 23 of a ziggurat
 27752 | Zig:23   | pedritolo: tried streaking CK's, that was a lot tougher
 27760 | Zig:23   | p0werm0de: :P
 27761 | Zig:23   | p0werm0de: ye i remember
 27768 | Zig:23   | Sergey: I have NaCK MuCK streak
 27768 | Zig:23   | Reached skill level 15 in Fighting
 27775 | Zig:23   | Sergey: but just 2 games
 27791 | Zig:23   | Found the +4 arc blade {discharge, rElec}
 27802 | Zig:23   | pedritolo: the problem is that once you've gone beyond the early levels, wrapping up the game becomes a chore
 27803 | Zig:23   | Found the +2 cloak of the Thief {+Fog Slay-2 SInv Stlth+}
 27814 | Zig:23   | Identified the +1 robe "Veecw" {-Tele rPois rN+ rCorr} (You acquired it on level 23 of a ziggurat)
 27838 | Zig:24   | Entered Level 24 of a ziggurat
 27878 | Zig:24   | pedritolo: those early levels in a streak are certainly very exciting. But the rest is just boring
 27927 | Zig:24   | ReniFell: depends on what r u streaking
 27930 | Zig:24   | Lost mutation: You are robust. (+10% HP) [potion of mutation]
 27930 | Zig:24   | Lost mutation: You possess an exceptional clarity of mind. [potion of mutation]
 27930 | Zig:24   | Lost mutation: Your magical capacity is low. (-10% MP) [potion of mutation]
 27930 | Zig:24   | Lost mutation: Your mind is acute. (Int +2) [potion of mutation]
 27930 | Zig:24   | Gained mutation: You are frail. (-10% HP) [potion of mutation]
 27930 | Zig:24   | Gained mutation: You passively map a small area around you. [potion of mutation]
 27930 | Zig:24   | Gained mutation: Your movements are slightly less encumbered by armour. (ER -2) [potion of mutation]
 27931 | Zig:24   | Lost mutation: You passively map a small area around you. [potion of mutation]
 27931 | Zig:24   | Lost mutation: You are frail. (-10% HP) [potion of mutation]
 27931 | Zig:24   | Gained mutation: You possess an exceptional clarity of mind. [potion of mutation]
 27931 | Zig:24   | Gained mutation: You have large cloven feet. [potion of mutation]
 27932 | Zig:24   | Lost mutation: You have large cloven feet. [potion of mutation]
 27932 | Zig:24   | Lost mutation: Your skin changes colour to match your surroundings (Stealth+). [potion of mutation]
 27932 | Zig:24   | Gained mutation: You passively map a small area around you. [potion of mutation]
 27932 | Zig:24   | Gained mutation: You are partially covered in rugged brown scales. (AC +1, +3% HP) [potion of mutation]
 27933 | Zig:24   | Lost mutation: You are partially covered in rugged brown scales. (AC +1, +3% HP) [potion of mutation]
 27933 | Zig:24   | Lost mutation: You passively map a small area around you. [potion of mutation]
 27933 | Zig:24   | Gained mutation: You expend magic power (3 MP) to strengthen your wands. [potion of mutation]
 27933 | Zig:24   | Lost mutation: You possess an exceptional clarity of mind. [potion of mutation]
 27933 | Zig:24   | Gained mutation: You are partially covered in iridescent scales. (AC +2) [potion of mutation]
 27934 | Zig:24   | Lost mutation: You are partially covered in yellow scales. (AC +2) [potion of mutation]
 27934 | Zig:24   | Lost mutation: You expend magic power (3 MP) to strengthen your wands. [potion of mutation]
 27934 | Zig:24   | Gained mutation: Your flesh is cold resistant. (rC+) [potion of mutation]
 27934 | Zig:24   | Gained mutation: Your body sometimes deteriorates upon taking damage. [potion of mutation]
 27934 | Zig:24   | Gained mutation: You have large cloven feet. [potion of mutation]
 27934 | Zig:24   | Gained mutation: You are partially covered in yellow scales. (AC +2) [potion of mutation]
 27935 | Zig:24   | Lost mutation: You are partially covered in yellow scales. (AC +2) [potion of mutation]
 27935 | Zig:24   | Lost mutation: You are partially covered in iridescent scales. (AC +2) [potion of mutation]
 27935 | Zig:24   | Lost mutation: Your body sometimes deteriorates upon taking damage. [potion of mutation]
 27935 | Zig:24   | Gained mutation: Your spells are a little easier to cast, but a little less powerful. [potion of mutation]
 27935 | Zig:24   | Gained mutation: You are somewhat resistant to further mutation. [potion of mutation]
 27936 | Zig:24   | ReniFell: ofc 25 hundred ddar streak is tedious
 27936 | Zig:24   | Lost mutation: Your flesh is cold resistant. (rC+) [potion of mutation]
 27936 | Zig:24   | Lost mutation: Your movements are slightly less encumbered by armour. (ER -2) [potion of mutation]
 27936 | Zig:24   | Gained mutation: Potions are less effective at restoring your health. [potion of mutation]
 27936 | Zig:24   | Gained mutation: Your system is resistant to poisons. (rPois) [potion of mutation]
 27937 | Zig:24   | Lost mutation: Your spells are a little easier to cast, but a little less powerful. [potion of mutation]
 27937 | Zig:24   | Lost mutation: You have large cloven feet. [potion of mutation]
 27937 | Zig:24   | Lost mutation: Your system is resistant to poisons. (rPois) [potion of mutation]
 27937 | Zig:24   | Gained mutation: You tend to lose your temper in combat. [potion of mutation]
 27938 | Zig:24   | Lost mutation: You tend to lose your temper in combat. [potion of mutation]
 27938 | Zig:24   | Lost mutation: You are somewhat resistant to further mutation. [potion of mutation]
 27938 | Zig:24   | Gained mutation: You are clumsy. (Dex -2) [potion of mutation]
 27938 | Zig:24   | Gained mutation: You have an increased reservoir of magic. (+10% MP) [potion of mutation]
 27939 | Zig:24   | Lost mutation: You are clumsy. (Dex -2) [potion of mutation]
 27939 | Zig:24   | Lost mutation: You have an increased reservoir of magic. (+10% MP) [potion of mutation]
 27939 | Zig:24   | Gained mutation: Your muscles are strong. (Str +2) [potion of mutation]
 27939 | Zig:24   | Gained mutation: Your natural rate of healing is unusually fast. [potion of mutation]
 27940 | Zig:24   | Lost mutation: Potions are less effective at restoring your health. [potion of mutation]
 27940 | Zig:24   | Lost mutation: Your natural rate of healing is unusually fast. [potion of mutation]
 27940 | Zig:24   | Lost mutation: Your muscles are strong. (Str +2) [potion of mutation]
 27940 | Zig:24   | Gained mutation: You are weak. (Str -2) [potion of mutation]
 27940 | Zig:24   | Gained mutation: Your spells are a little harder to cast, but a little more powerful. [potion of mutation]
 27940 | Zig:24   | Gained mutation: You are partially covered in icy blue scales. (AC +2) [potion of mutation]
 27942 | Zig:25   | Entered Level 25 of a ziggurat
 27957 | Zig:25   | pedritolo: it's nightmarish
 27979 | Zig:25   | pedritolo: it's like a regular job
 27995 | Zig:25   | ReniFell: mmhhh
 28004 | Zig:25   | p0werm0de: i'd say the pressure can be even higher
 28013 | Zig:25   | p0werm0de: than regular jobs
 28014 | Zig:25   | ReniFell: ive got no pressure at my job
 28016 | Zig:25   | p0werm0de: yea look
 28023 | Zig:25   | p0werm0de: but on streak you feel it in early game alrdy after 5 games
 28025 | Zig:25   | p0werm0de: at least i did
 28066 | Zig:25   | p0werm0de: since it takes damn long to play 5 streak games again and isnt fun for me
 28076 | Zig:25   | p0werm0de: mb im also just too bad at it
 28084 | Zig:26   | Entered Level 26 of a ziggurat
 28099 | Zig:26   | Noticed Hob Senod the pandemonium lord
 28102 | Zig:26   | Killed Hob Senod the pandemonium lord
 28104 | Zig:26   | Sergey: I feel like streaking become quite boring to me when I understood that I can do speedruns
 28108 | Zig:26   | Noticed Lizoisti the pandemonium lord
 28109 | Zig:26   | Killed Poebock the pandemonium lord
 28110 | Zig:26   | Noticed Zobor the pandemonium lord
 28111 | Zig:26   | Killed Lizoisti the pandemonium lord
 28111 | Zig:26   | Noticed Sewedateh the pandemonium lord
 28112 | Zig:26   | Noticed Mumiof the pandemonium lord
 28113 | Zig:26   | Noticed Uzempeyg the pandemonium lord
 28113 | Zig:26   | Noticed PegasusDuck's ghost (legendary DEEE)
 28113 | Zig:26   | Noticed Feunom the pandemonium lord
 28115 | Zig:26   | Noticed Reur the pandemonium lord
 28115 | Zig:26   | Killed Mumiof the pandemonium lord
 28115 | Zig:26   | Noticed Kurauck the pandemonium lord
 28116 | Zig:26   | Killed Uzempeyg the pandemonium lord
 28116 | Zig:26   | Noticed Haelyrya the pandemonium lord
 28117 | Zig:26   | Noticed Losutog the pandemonium lord
 28118 | Zig:26   | Killed Zobor the pandemonium lord
 28118 | Zig:26   | Killed Sewedateh the pandemonium lord
 28118 | Zig:26   | Noticed Puaq the pandemonium lord
 28124 | Zig:26   | Killed Feunom the pandemonium lord
 28139 | Zig:26   | Killed Kurauck the pandemonium lord
 28144 | Zig:26   | Noticed Xujucwel the pandemonium lord
 28145 | Zig:26   | Noticed Juakh the pandemonium lord
 28149 | Zig:26   | Killed Haelyrya the pandemonium lord
 28149 | Zig:26   | Killed Reur the pandemonium lord
 28153 | Zig:26   | Killed Juakh the pandemonium lord
 28154 | Zig:26   | Killed Puaq the pandemonium lord
 28157 | Zig:26   | Noticed Yhiukiaram the pandemonium lord
 28158 | Zig:26   | Noticed Biraott the pandemonium lord
 28162 | Zig:26   | Killed Xujucwel the pandemonium lord
 28162 | Zig:26   | Killed Biraott the pandemonium lord
 28164 | Zig:26   | Noticed Gigrugafea the pandemonium lord
 28164 | Zig:26   | Noticed Reeh Rua the pandemonium lord
 28165 | Zig:26   | Noticed Rott the pandemonium lord
 28165 | Zig:26   | Noticed Anouhaff the pandemonium lord
 28167 | Zig:26   | Noticed Xuboxuepp the pandemonium lord
 28167 | Zig:26   | Noticed Avvot the pandemonium lord
 28167 | Zig:26   | Noticed Inkesita the pandemonium lord
 28167 | Zig:26   | Noticed Hemadgh the pandemonium lord
 28168 | Zig:26   | Noticed Utemunoi the pandemonium lord
 28174 | Zig:26   | Noticed Pol Godo the pandemonium lord
 28175 | Zig:27   | Entered Level 27 of a ziggurat
 28191 | Zig:27   | Gained mutation: You have sharp toenails. [mutagenic glow]
 28204 | Zig:27   | Reached skill level 15 in Shields
 28235 | Zig:27   | Gained mutation: Scrolls take you a little longer to read. [mutagenic glow]
 28274 | Zig:27   | Gained mutation: You are very weak. (Str -4) [mutagenic glow]
 28306 | Zig:27   | Found the +10 zealot's sword {holy, *Rage rN+ EV+3}
 28326 | Zig:27   | Got a bound iron ring
 28329 | Zig:27   | Identified the ring "Guoclaigg" {-Tele rC+ MR++ SInv} (You found it on level 27 of a ziggurat)
 28348 | Depths:2 | Lost mutation: Scrolls take you a little longer to read. [potion of mutation]
 28348 | Depths:2 | Lost mutation: You have sharp toenails. [potion of mutation]
 28348 | Depths:2 | Lost mutation: You are partially covered in icy blue scales. (AC +2) [potion of mutation]
 28348 | Depths:2 | Gained mutation: You have a pair of small horns on your head. [potion of mutation]
 28348 | Depths:2 | Gained mutation: You are partially covered in slimy green scales. (AC +2) [potion of mutation]
 28352 | Zig:1    | Entered Level 1 of a ziggurat
 28363 | Zig:2    | Entered Level 2 of a ziggurat
 28378 | Zig:3    | Entered Level 3 of a ziggurat
 28378 | Zig:3    | Noticed a greater mummy
 28383 | Zig:3    | Killed a greater mummy
 28396 | Zig:4    | Entered Level 4 of a ziggurat
 28423 | Zig:5    | Entered Level 5 of a ziggurat
 28423 | Zig:5    | Found the +3 hat of Pondering {ponderous, MR+ MP+10 Int+5}
 28468 | Zig:6    | Entered Level 6 of a ziggurat
 28500 | Zig:6    | Identified the +1 robe "Ukiomm" {rPois rCorr Str+4} (You found it on level 6 of a ziggurat)
 28507 | Zig:7    | Entered Level 7 of a ziggurat
 28524 | Zig:7    | Identified the +0 robe of Jady {rF++ MR- MP+9 Dex+2} (You found it on level 7 of a ziggurat)
 28530 | Zig:7    | Got a shimmering iron ring
 28531 | Zig:7    | Identified the ring of Fragile Peace {-Tele rPois rC+ MR+ Str+6} (You found it on level 7 of a ziggurat)
 28538 | Zig:8    | Entered Level 8 of a ziggurat
 28561 | Zig:8    | Identified the +1 robe of the Grue {+Blink rF- rC+ Str+2} (You found it on level 8 of a ziggurat)
 28572 | Zig:9    | Entered Level 9 of a ziggurat
 28580 | Zig:9    | Reached skill level 10 in Dodging
 28613 | Zig:10   | Entered Level 10 of a ziggurat
 28641 | Zig:10   | Got a steaming platinum amulet
 28642 | Zig:10   | Identified the amulet "Sietup" {Acrobat rElec Int+4} (You found it on level 10 of a ziggurat)
 28655 | Zig:11   | Entered Level 11 of a ziggurat
 28661 | Zig:11   | Noticed an ancient lich
 28666 | Zig:11   | Killed an ancient lich
 28689 | Zig:11   | Got a coiled brass ring
 28690 | Zig:11   | Identified the ring "Haycacun" {rC+ MR+ Stlth+} (You found it on level 11 of a ziggurat)
 28697 | Zig:12   | Entered Level 12 of a ziggurat
 28725 | Zig:12   | Got a coiled brass ring
 28726 | Zig:12   | Identified the ring of Deatzidi {Fire MR+ Str+2} (You found it on level 12 of a ziggurat)
 28746 | Zig:13   | Entered Level 13 of a ziggurat
 28777 | Zig:13   | Got a clouded wooden ring
 28791 | Zig:14   | Entered Level 14 of a ziggurat
 28853 | Zig:14   | Identified the ring "Ustrompidd" {Str+5 Int+3} (You found it on level 13 of a ziggurat)
 28857 | Zig:15   | Entered Level 15 of a ziggurat
 28872 | Zig:15   | Noticed Xoops the pandemonium lord
 28873 | Zig:15   | Reached skill level 15 in Dodging
 28880 | Zig:15   | Killed Xoops the pandemonium lord
 28899 | Zig:15   | Found the ring of Robustness {AC+8}
 28936 | Zig:16   | Entered Level 16 of a ziggurat
 28955 | Zig:16   | Noticed an ancient lich
 28956 | Zig:16   | Killed an ancient lich
 28956 | Zig:16   | Noticed an ancient lich
 28959 | Zig:16   | Killed an ancient lich
 28960 | Zig:16   | Noticed an ancient lich
 28962 | Zig:16   | Killed an ancient lich
 28980 | Zig:16   | Got a translucent tin ring
 28981 | Zig:16   | Identified the ring of Ashenzari's Whim {rC+ MP+9 SInv Stlth+} (You found it on level 16 of a ziggurat)
 28996 | Zig:16   | Identified the Compendium of Cloudy Stolen Souls
 29002 | Zig:17   | Entered Level 17 of a ziggurat
 29057 | Zig:17   | Identified the ring "Xikhliut" {rElec rPois EV+1 Str-5} (You found it on level 17 of a ziggurat)
 29067 | Zig:18   | Entered Level 18 of a ziggurat
 29118 | Zig:19   | Entered Level 19 of a ziggurat
 29130 | Zig:19   | Noticed a juggernaut
 29131 | Zig:19   | Killed a juggernaut
 29133 | Zig:19   | Noticed a juggernaut
 29135 | Zig:19   | Killed a juggernaut
 29147 | Zig:19   | Noticed a juggernaut
 29149 | Zig:19   | Killed a juggernaut
 29162 | Zig:19   | Identified the ring "Peefoc" {rPois Dex+4} (You found it on level 19 of a ziggurat)
 29184 | Zig:20   | Entered Level 20 of a ziggurat
 29196 | Zig:20   | Noticed an ancient lich
 29197 | Zig:20   | Killed an ancient lich
 29204 | Zig:20   | Noticed an ancient lich
 29206 | Zig:20   | Killed an ancient lich
 29207 | Zig:20   | Noticed an ancient lich
 29207 | Zig:20   | Noticed an ancient lich
 29208 | Zig:20   | Noticed an ancient lich
 29209 | Zig:20   | Killed an ancient lich
 29209 | Zig:20   | Killed an ancient lich
 29209 | Zig:20   | Noticed an ancient lich
 29209 | Zig:20   | Noticed an ancient lich
 29210 | Zig:20   | Killed an ancient lich
 29210 | Zig:20   | Killed an ancient lich
 29211 | Zig:20   | Noticed an ancient lich
 29212 | Zig:20   | Killed an ancient lich
 29213 | Zig:20   | Killed an ancient lich
 29230 | Zig:20   | Found the +6 Majin-Bo {vamp, Archmagi MP+6 Int+6}
 29253 | Zig:20   | Identified the ring "Vihaf" {MR+ EV+5} (You found it on level 20 of a ziggurat)
 29255 | Zig:20   | Identified the amulet of Zuarchul {Reflect Int+3 Slay+5 SH+4} (You found it on level 20 of a ziggurat)
 29270 | Zig:21   | Entered Level 21 of a ziggurat
 29279 | Zig:21   | Noticed a juggernaut
 29282 | Zig:21   | Noticed a juggernaut
 29283 | Zig:21   | Killed a juggernaut
 29285 | Zig:21   | Killed a juggernaut
 29285 | Zig:21   | Noticed a juggernaut
 29287 | Zig:21   | Noticed a juggernaut
 29287 | Zig:21   | Noticed a juggernaut
 29287 | Zig:21   | Noticed a juggernaut
 29288 | Zig:21   | Killed a juggernaut
 29288 | Zig:21   | Noticed a juggernaut
 29289 | Zig:21   | Killed a juggernaut
 29289 | Zig:21   | Killed a juggernaut
 29289 | Zig:21   | Killed a juggernaut
 29289 | Zig:21   | Noticed a juggernaut
 29290 | Zig:21   | Killed a juggernaut
 29290 | Zig:21   | Noticed a juggernaut
 29292 | Zig:21   | Killed a juggernaut
 29293 | Zig:21   | Killed a juggernaut
 29328 | Zig:21   | Identified the Tome of Ghastly Boosts
 29330 | Zig:21   | Identified the ring "Ofis" {rCorr Int+3} (You found it on level 21 of a ziggurat)
 29340 | Zig:22   | Entered Level 22 of a ziggurat
 29352 | Zig:22   | Noticed Cexoubesm the pandemonium lord
 29356 | Zig:22   | Noticed Vuikich the pandemonium lord
 29356 | Zig:22   | Noticed Evistrezuo the pandemonium lord
 29357 | Zig:22   | Killed Cexoubesm the pandemonium lord
 29358 | Zig:22   | p0werm0de: wew pan floor again
 29361 | Zig:22   | Killed Evistrezuo the pandemonium lord
 29361 | Zig:22   | Noticed Dumeusom the pandemonium lord
 29362 | Zig:22   | Noticed Lutamm the pandemonium lord
 29364 | Zig:22   | Noticed Yrewnor the pandemonium lord
 29371 | Zig:22   | Noticed Umeplofe the pandemonium lord
 29374 | Zig:22   | Killed Vuikich the pandemonium lord
 29374 | Zig:22   | Noticed Pikegenoff the pandemonium lord
 29376 | Zig:22   | Noticed Owyzuaw the pandemonium lord
 29379 | Zig:22   | Killed Yrewnor the pandemonium lord
 29383 | Zig:22   | Killed Owyzuaw the pandemonium lord
 29383 | Zig:22   | Killed Umeplofe the pandemonium lord
 29383 | Zig:22   | Killed Bas Haokh the pandemonium lord
 29385 | Zig:22   | Killed Pikegenoff the pandemonium lord
 29386 | Zig:22   | Noticed Zuenua the pandemonium lord
 29389 | Zig:22   | Killed Dumeusom the pandemonium lord
 29389 | Zig:22   | Killed Zuenua the pandemonium lord
 29392 | Zig:22   | Noticed Buemelir the pandemonium lord
 29394 | Zig:22   | Noticed Dizesum the pandemonium lord
 29395 | Zig:22   | Killed Hyiny the pandemonium lord
 29396 | Zig:22   | Killed Dizesum the pandemonium lord
 29396 | Zig:22   | Killed Lutamm the pandemonium lord
 29397 | Zig:22   | Noticed Jiet the pandemonium lord
 29397 | Zig:22   | Noticed Wited the pandemonium lord
 29399 | Zig:22   | Killed Veappi the pandemonium lord
 29399 | Zig:22   | Noticed Feiduhad the pandemonium lord
 29399 | Zig:22   | Noticed Bidash the pandemonium lord
 29400 | Zig:22   | Killed Wited the pandemonium lord
 29401 | Zig:22   | Killed Buemelir the pandemonium lord
 29401 | Zig:22   | Noticed Goniub the pandemonium lord
 29402 | Zig:22   | Killed Sevvusto the pandemonium lord
 29403 | Zig:22   | Killed Goniub the pandemonium lord
 29403 | Zig:22   | Killed Jiet the pandemonium lord
 29404 | Zig:22   | Killed Feiduhad the pandemonium lord
 29404 | Zig:22   | Noticed Xaptos the pandemonium lord
 29406 | Zig:22   | Noticed Tuirr the pandemonium lord
 29406 | Zig:22   | Noticed Wuif the pandemonium lord
 29407 | Zig:22   | Killed Bidash the pandemonium lord
 29408 | Zig:22   | Killed Xaptos the pandemonium lord
 29409 | Zig:22   | Killed Wuif the pandemonium lord
 29409 | Zig:22   | Killed Tuirr the pandemonium lord
 29414 | Zig:22   | Noticed Taackuon the pandemonium lord
 29416 | Zig:22   | Killed Taackuon the pandemonium lord
 29417 | Zig:22   | Noticed Qivoig the pandemonium lord
 29419 | Zig:22   | Killed Senej the pandemonium lord
 29421 | Zig:22   | Killed Qivoig the pandemonium lord
 29423 | Zig:22   | Noticed Tojoepre the pandemonium lord
 29428 | Zig:22   | Killed Tojoepre the pandemonium lord
 29454 | Zig:22   | kirsanium: how do you dump the character via beem?
 29467 | Zig:22   | p0werm0de: &dump kirsanium
 29467 | Zig:22   | XtahuaRules: http://CRAWL.XTAHUA.COM/crawl/morgue/kirsanium/kirsanium.txt
 29469 | Zig:22   | kirsanium: thx
 29472 | Zig:22   | Got a warped copper ring
 29473 | Zig:22   | Identified the ring "Arhaty" {*Corrode AC+4 Str+4 Int+2 SInv} (You found it on level 22 of a ziggurat)
 29477 | Zig:22   | kirsanium: &dump 4tharraofdagon
 29478 | Zig:22   | XtahuaRules: http://CRAWL.XTAHUA.COM/crawl/morgue/4thArraOfDagon/4thArraOfDagon.txt
 29492 | Zig:22   | Got a translucent cloak
 29500 | Zig:23   | Entered Level 23 of a ziggurat
 29510 | Zig:23   | p0werm0de: ye it's outdated usually
 29511 | Zig:23   | Gobbopathe: So regen mana using Sublimation of Blood, got it. But how do you regen life behind ?
 29512 | Zig:23   | p0werm0de: so dont be shy askin
 29526 | Zig:23   | Reached skill level 15 in Evocations
 29538 | Zig:23   | kirsanium: whatis outdated?
 29540 | Zig:23   | kirsanium: the dump?
 29547 | Zig:23   | pedritolo: y
 29565 | Zig:23   | p0werm0de: yea the dump via command, takes the last milestone
 29584 | Zig:23   | Gobbopathe: Ok Regen, simple
 29600 | Zig:23   | Thaneod: and items with +regen
 29603 | Zig:23   | Gobbopathe: yup
 29608 | Zig:23   | MordorOrchid: sublimation isn't worthwhile at lower lvls tho
 29678 | Zig:23   | Found the +16 mace of Variability {chaos}
 29709 | Zig:23   | Reached skill level 27 in Invocations
 29718 | Zig:24   | Entered Level 24 of a ziggurat
 29773 | Zig:24   | Got a steaming golden amulet
 29776 | Zig:24   | Got a scintillating golden ring
 29783 | Zig:24   | Identified the +0 cloak of Impatience {*Corrode +Fly rN+} (You found it on level 22 of a ziggurat)
 29785 | Zig:24   | Identified the amulet "Cigueh" {rElec MR+ Regen+} (You found it on level 24 of a ziggurat)
 29787 | Zig:24   | Identified the ring of Nisuacw {+Fly Slay+3} (You found it on level 24 of a ziggurat)
 29790 | Zig:24   | Got a brightly glowing lapis lazuli ring
 29792 | Zig:24   | Got a warped iron ring
 29794 | Zig:24   | Identified the ring "Puoz" {+Blink rC+ MR+ Slay+2} (You found it on level 24 of a ziggurat)
 29796 | Zig:24   | Identified the ring "Linn" {rC++ MP+9 Str-3 Slay+3 Stlth+} (You found it on level 24 of a ziggurat)
 29802 | Zig:25   | Entered Level 25 of a ziggurat
 29818 | Zig:25   | Reached skill level 27 in Fighting
 29818 | Zig:25   | Reached skill level 27 in Spellcasting
 29825 | Zig:25   | Reached skill level 27 in Dodging
 29863 | Zig:25   | Found the +9 staff of Olgreb {rPois}
 29872 | Zig:25   | Got a translucent ivory amulet
 29880 | Zig:25   | Identified the amulet "Guidaff" {Harm *Drain rPois rN+ Dex-2} (You found it on level 25 of a ziggurat)
 29889 | Zig:25   | Got a glittering pewter ring
 29891 | Zig:25   | kirsanium: what is the green sword?
 29894 | Zig:25   | Got a glittering golden ring
 29907 | Zig:25   | Identified the ring of Errot {rPois rF- rC+ Str+4} (You found it on level 25 of a ziggurat)
 29910 | Zig:25   | Identified the ring "Udweg" {rPois rC+ MR+ Str-2} (You found it on level 25 of a ziggurat)
 29915 | Zig:25   | Gobbopathe: Still staring at the logs, and I don't see Sublimation ben cast that often. Still I have the feeling the mana is always at the top
 29916 | Zig:25   | Got a pitted demon blade
 29918 | Zig:25   | Identified the +6 demon blade "Ampuhiji" {elec, rF+} (You found it on level 25 of a ziggurat)
 29923 | Zig:26   | Entered Level 26 of a ziggurat
 29924 | Zig:26   | kirsanium: vehumet's passive
 29931 | Zig:26   | MordorOrchid: vehumet helps a lot with mp
 29938 | Zig:26   | Gobbopathe: Oh yeah sure
 29942 | Zig:26   | Gobbopathe: of course, got it
 29954 | Zig:26   | MordorOrchid: esp if you can afford to wait for lots of enemies to get in range of one spell
 29955 | Zig:26   | Thaneod: also sublimation + makhleb
 29957 | Zig:26   | Gobbopathe: That explains why sublimation was much more needed in pan level, without critters to kill
 29974 | Zig:26   | Thaneod: true
 29984 | Zig:26   | Found the +9 sword of Zonguldrok {reap}
 29987 | Zig:26   | MordorOrchid: yeah one rF pan lord can use up your whole mana pool
 30001 | Zig:26   | Got a bound golden ring
 30004 | Zig:26   | kirsanium: but how come invocations are at 27?
 30005 | Zig:26   | Identified the ring "Xurch" {rF+ rC+} (You found it on level 26 of a ziggurat)
 30008 | Zig:26   | kirsanium: if he plays with veh
 30008 | Zig:26   | Got a heavily runed jade ring
 30009 | Zig:26   | Identified the ring "Vithritho" {rPois rF+ AC+3 Str-4 Slay+3} (You found it on level 26 of a ziggurat)
 30013 | Zig:26   | Identified the Papyrus of the Birds and Illusion
 30023 | Zig:26   | pedritolo: exp pot
 30025 | Zig:26   | pedritolo: for lafs i guess
 30036 | Zig:26   | Learned a level 9 spell: Tornado
 30037 | Zig:27   | Entered Level 27 of a ziggurat
 30051 | Zig:27   | Noticed an ancient lich
 30052 | Zig:27   | kirsanium: i thought it was impossible to train invocs with god like veh and trog
 30052 | Zig:27   | Noticed an ancient lich
 30053 | Zig:27   | Killed an ancient lich
 30053 | Zig:27   | Noticed an ancient lich
 30054 | Zig:27   | Killed an ancient lich
 30054 | Zig:27   | Killed an ancient lich
 30054 | Zig:27   | Reached skill level 5 in Air Magic
 30055 | Zig:27   | Noticed an ancient lich
 30057 | Zig:27   | Noticed an ancient lich
 30058 | Zig:27   | Killed an ancient lich
 30058 | Zig:27   | Killed an ancient lich
 30058 | Zig:27   | Noticed an ancient lich
 30058 | Zig:27   | Noticed an ancient lich
 30059 | Zig:27   | Noticed an ancient lich
 30060 | Zig:27   | Noticed an ancient lich
 30060 | Zig:27   | Killed an ancient lich
 30060 | Zig:27   | Killed an ancient lich
 30060 | Zig:27   | Killed an ancient lich
 30060 | Zig:27   | Reached skill level 10 in Air Magic
 30060 | Zig:27   | Noticed an ancient lich
 30061 | Zig:27   | Killed an ancient lich
 30061 | Zig:27   | Killed an ancient lich
 30062 | Zig:27   | Noticed an ancient lich
 30062 | Zig:27   | Noticed an ancient lich
 30063 | Zig:27   | Noticed an ancient lich
 30064 | Zig:27   | Noticed an ancient lich
 30064 | Zig:27   | Killed an ancient lich
 30064 | Zig:27   | Killed an ancient lich
 30064 | Zig:27   | Noticed an ancient lich
 30064 | Zig:27   | MordorOrchid: exp pots ignore that
 30064 | Zig:27   | Noticed an ancient lich
 30066 | Zig:27   | Killed an ancient lich
 30066 | Zig:27   | Killed an ancient lich
 30066 | Zig:27   | Killed an ancient lich
 30066 | Zig:27   | Noticed an ancient lich
 30068 | Zig:27   | Killed an ancient lich
 30069 | Zig:27   | Killed an ancient lich
 30070 | Zig:27   | Noticed an ancient lich
 30071 | Zig:27   | Noticed an ancient lich
 30071 | Zig:27   | Noticed an ancient lich
 30072 | Zig:27   | Noticed an ancient lich
 30073 | Zig:27   | Killed an ancient lich
 30073 | Zig:27   | Reached skill level 15 in Air Magic
 30073 | Zig:27   | Noticed an ancient lich
 30074 | Zig:27   | Killed an ancient lich
 30074 | Zig:27   | Killed an ancient lich
 30075 | Zig:27   | Killed an ancient lich
 30078 | Zig:27   | Killed an ancient lich
 30107 | Zig:27   | Identified Zadit's Papyrus of the Supportive Compass
 30109 | Zig:27   | Gobbopathe: Congrats for clearing Zig27
 30117 | Zig:27   | Identified the ring "Nannet" {*Tele rElec rF- Int+7 SInv} (You found it on level 27 of a ziggurat)
 30123 | Zig:27   | Identified the ring "Ehemeuc" {*Tele *Contam +Blink rN+ Dex+8} (You found it on level 27 of a ziggurat)
 30124 | Zig:27   | Identified the Incunabulum of Harmful Flight
 30138 | Zig:27   | Identified the amulet of Solag {Reflect rPois rN+ SH+3} (You found it on level 27 of a ziggurat)
 30143 | Zig:27   | Identified the cursed +0 robe of Amelioration {rPois Stlth+} (You found it on level 27 of a ziggurat)
 30151 | Zig:27   | Thaneod: nope
 30153 | Depths:2 | Thaneod: 10 more zigs to go:)
 30155 | Depths:2 | kirsanium: ??figurine of ziggurat
 30155 | Depths:2 | XtahuaRules: I don't have a page labeled figurine_of_ziggurat in my learndb.
 30156 | Zig:1    | Entered Level 1 of a ziggurat
 30158 | Zig:1    | kirsanium: ??figurine
 30158 | Zig:1    | XtahuaRules: ziggurat[7/7]: In 0.18+, Ziggurats no longer spawn in Pan and instead a ziggurat figurine is placed at the bottom of each ziggurat and Tomb:3. The figurine can be evoked to spawn another ziggurat.
 30166 | Zig:1    | Gobbopathe: same question kirsanium
 30168 | Zig:2    | Entered Level 2 of a ziggurat
 30184 | Zig:2    | Gobbopathe: ok, good to know
 30186 | Zig:3    | Entered Level 3 of a ziggurat
 30216 | Zig:4    | Entered Level 4 of a ziggurat
 30218 | Zig:4    | Gobbopathe: Thx for the answers, bye
 30237 | Zig:4    | kirsanium: bye
 30238 | Zig:5    | Entered Level 5 of a ziggurat
 30247 | Zig:5    | Gobbopathe: And see you powermode ;)
 30249 | Zig:5    | Found the +7 captain's cutlass {speed, disarm}
 30268 | Zig:6    | Entered Level 6 of a ziggurat
 30289 | Zig:6    | Identified Tiumodd's Easy Spellcasting
 30300 | Zig:7    | Entered Level 7 of a ziggurat
 30306 | Zig:7    | p0werm0de: cya
 30311 | Zig:7    | p0werm0de: french fry
 30323 | Zig:8    | Entered Level 8 of a ziggurat
 30351 | Zig:8    | Got a slimy crystal amulet
 30355 | Zig:8    | Identified the ring "Ymuileg" {Fire MR- Int+8} (You found it on level 8 of a ziggurat)
 30364 | Zig:9    | Entered Level 9 of a ziggurat
 30374 | Zig:9    | turn off notications
 30399 | Zig:9    | Identified the Compendium of Curses
 30407 | Zig:10   | Entered Level 10 of a ziggurat
 30440 | Zig:10   | Identified the cursed +0 large shield "Najiep" {rElec Int+3 Dex+2} (You took it off a daeva on level 10 of a ziggurat)
 30441 | Zig:10   | Identified the amulet of Pooder {Spirit MR+} (You found it on level 8 of a ziggurat)
 30464 | Zig:10   | Got a scorched lapis lazuli ring
 30465 | Zig:10   | Identified the ring "Zidi" {rC+ AC+3 Dex+4} (You found it on level 10 of a ziggurat)
 30475 | Zig:11   | Entered Level 11 of a ziggurat
 30497 | Zig:11   | Found the +10 dark maul {crush}
 30503 | Zig:11   | Got a bound tin ring
 30504 | Zig:11   | Identified the ring of Starshine {rCorr rElec rF- Str+4} (You found it on level 11 of a ziggurat)
 30515 | Zig:11   | Got a crude lapis lazuli ring
 30516 | Zig:11   | Identified the ring "Eddext" {*Contam rElec Int+4 Stlth+} (You found it on level 11 of a ziggurat)
 30523 | Zig:11   | p0werm0de: dark maul ogre :P
 30537 | Zig:12   | Entered Level 12 of a ziggurat
 30538 | Zig:12   | p0werm0de: beaut
 30540 | Zig:12   | 4thArraOfDagon: :)
 30551 | Zig:12   | Noticed an ancient lich
 30553 | Zig:12   | Killed an ancient lich
 30570 | Zig:12   | Found the +0 Maxwell's etheric cage {RegenMP+ *Contam rElec MP+4}
 30580 | Zig:12   | Got a heavily runed turquoise ring
 30581 | Zig:12   | Identified the ring of Acko {Dex+3 Slay+5} (You found it on level 12 of a ziggurat)
 30589 | Zig:13   | Entered Level 13 of a ziggurat
 30600 | Zig:13   | Noticed an ancient lich
 30600 | Zig:13   | Killed an ancient lich
 30607 | Zig:13   | Noticed an ancient lich
 30608 | Zig:13   | Killed an ancient lich
 30650 | Zig:14   | Entered Level 14 of a ziggurat
 30692 | Zig:14   | Got a glittering amber ring
 30693 | Zig:14   | Identified the ring "Anojoho" {rPois rN+ Dex+3} (You found it on level 14 of a ziggurat)
 30701 | Zig:14   | Got a warped marble ring
 30702 | Zig:14   | Identified the ring "Wulifesh" {rElec rPois rC+} (You found it on level 14 of a ziggurat)
 30718 | Zig:15   | Entered Level 15 of a ziggurat
 30736 | Zig:15   | Noticed Olummyaz the pandemonium lord
 30740 | Zig:15   | Killed Olummyaz the pandemonium lord
 30784 | Zig:15   | Got a transparent steel ring
 30804 | Zig:15   | Identified the ring of Nugiczuups {rN+ Str+3} (You found it on level 15 of a ziggurat)
 30808 | Zig:16   | Entered Level 16 of a ziggurat
 30826 | Zig:16   | Reached skill level 27 in Earth Magic
 30834 | Zig:16   | Found the +10 large shield of Ignorance {rN+ Int-4}
 30848 | Zig:16   | Identified the Almanac of Creative Conjuration
 30869 | Zig:17   | Entered Level 17 of a ziggurat
 30886 | Zig:17   | Noticed Moinypt the pandemonium lord
 30886 | Zig:17   | Noticed Pipap the pandemonium lord
 30888 | Zig:17   | Killed Pipap the pandemonium lord
 30888 | Zig:17   | Killed Huacof the pandemonium lord
 30888 | Zig:17   | Noticed Pataeh the pandemonium lord
 30889 | Zig:17   | Killed Moinypt the pandemonium lord
 30890 | Zig:17   | Killed Ukanwiha the pandemonium lord
 30891 | Zig:17   | Killed Elyuna the pandemonium lord
 30891 | Zig:17   | Noticed Tuf Kucw the pandemonium lord
 30892 | Zig:17   | Killed Cismeog the pandemonium lord
 30893 | Zig:17   | Noticed Juj Pumi the pandemonium lord
 30893 | Zig:17   | Killed Pataeh the pandemonium lord
 30893 | Zig:17   | Killed Tuf Kucw the pandemonium lord
 30893 | Zig:17   | Reached skill level 27 in Air Magic
 30893 | Zig:17   | Killed Orunaapodd the pandemonium lord
 30894 | Zig:17   | Killed Juj Pumi the pandemonium lord
 30895 | Zig:17   | Killed Awasad the pandemonium lord
 30895 | Zig:17   | Killed Damumy the pandemonium lord
 30898 | Zig:17   | Reached skill level 5 in Stealth
 30900 | Zig:17   | Killed Ufuam the pandemonium lord
 30900 | Zig:17   | Killed Qonagg the pandemonium lord
 30901 | Zig:17   | Noticed Agiapt the pandemonium lord
 30903 | Zig:17   | Killed Agiapt the pandemonium lord
 30903 | Zig:17   | Killed Leseiwia the pandemonium lord
 30910 | Zig:17   | Noticed Ivvose the pandemonium lord
 30911 | Zig:17   | Killed Tauqe the pandemonium lord
 30912 | Zig:17   | Killed Ivvose the pandemonium lord
 30934 | Zig:18   | Entered Level 18 of a ziggurat
 30964 | Zig:18   | Reached skill level 10 in Stealth
 30995 | Zig:18   | Identified the Papyrus of Confrontation
 31018 | Zig:18   | Identified the Papyrus of Torrid Moulding
 31021 | Zig:19   | Entered Level 19 of a ziggurat
 31040 | Zig:19   | Noticed an ancient lich
 31041 | Zig:19   | Killed an ancient lich
 31044 | Zig:19   | Killed an ancient lich
 31045 | Zig:19   | Noticed an ancient lich
 31046 | Zig:19   | Killed an ancient lich
 31046 | Zig:19   | Killed an ancient lich
 31047 | Zig:19   | Noticed an ancient lich
 31047 | Zig:19   | Killed an ancient lich
 31048 | Zig:19   | Killed an ancient lich
 31049 | Zig:19   | Noticed an ancient lich
 31050 | Zig:19   | Noticed an ancient lich
 31052 | Zig:19   | Killed an ancient lich
 31052 | Zig:19   | Killed an ancient lich
 31096 | Zig:20   | Entered Level 20 of a ziggurat
 31111 | Zig:20   | Noticed a greater mummy
 31113 | Zig:20   | Noticed a greater mummy
 31113 | Zig:20   | Noticed a greater mummy
 31113 | Zig:20   | Noticed a greater mummy
 31113 | Zig:20   | Noticed a greater mummy
 31113 | Zig:20   | Noticed a greater mummy
 31116 | Zig:20   | Killed a greater mummy
 31116 | Zig:20   | Killed a greater mummy
 31116 | Zig:20   | Killed a greater mummy
 31116 | Zig:20   | Killed a greater mummy
 31116 | Zig:20   | Killed a greater mummy
 31116 | Zig:20   | Noticed a greater mummy
 31116 | Zig:20   | Noticed a greater mummy
 31116 | Zig:20   | Noticed a greater mummy
 31116 | Zig:20   | Noticed a greater mummy
 31116 | Zig:20   | Noticed a greater mummy
 31117 | Zig:20   | Killed a greater mummy
 31117 | Zig:20   | Killed a greater mummy
 31117 | Zig:20   | Noticed a greater mummy
 31118 | Zig:20   | Killed a greater mummy
 31118 | Zig:20   | Killed a greater mummy
 31118 | Zig:20   | Killed a greater mummy
 31118 | Zig:20   | Noticed a greater mummy
 31118 | Zig:20   | Noticed a greater mummy
 31119 | Zig:20   | Killed a greater mummy
 31119 | Zig:20   | Reached skill level 15 in Stealth
 31119 | Zig:20   | Killed a greater mummy
 31119 | Zig:20   | Noticed a greater mummy
 31120 | Zig:20   | Killed a greater mummy
 31120 | Zig:20   | Noticed a greater mummy
 31121 | Zig:20   | Killed a greater mummy
 31121 | Zig:20   | Killed a greater mummy
 31123 | Zig:20   | Killed a greater mummy
 31124 | Zig:20   | Noticed a greater mummy
 31127 | Zig:20   | Killed a greater mummy
 31164 | Zig:20   | Identified the +9 pearl dragon scales of Tomorrow {rN+ rCorr Dex+3 SInv} (You found it on level 20 of a ziggurat)
 31171 | Zig:21   | Entered Level 21 of a ziggurat
 31193 | Zig:21   | Gained mutation: You are dopey. (Int -2) [a cacodemon]
 31195 | Zig:21   | Noticed Mutroheu the pandemonium lord
 31195 | Zig:21   | Lost mutation: Your spells are a little harder to cast, but a little more powerful. [a cacodemon]
 31198 | Zig:21   | Killed Mutroheu the pandemonium lord
 31259 | Zig:21   | Identified the ring of Duisapam {Fire *Slow +Fly rElec Slay+4} (You found it on level 21 of a ziggurat)
 31272 | Zig:22   | Entered Level 22 of a ziggurat
 31337 | Zig:22   | Identified the amulet "Zungae Xayb" {Spirit rPois rF+ Int-5 Dex+5} (You found it on level 22 of a ziggurat)
 31358 | Zig:22   | Identified the amulet "Rahoz" {Inacc rPois Str+2} (You found it on level 22 of a ziggurat)
 31364 | Zig:22   | Identified the Papyrus of the Albatross
 31373 | Zig:23   | Entered Level 23 of a ziggurat
 31468 | Zig:23   | Identified the cursed -4 large shield of the Blessings {-Cast +Fly rC+ Int+9} (You took it off a daeva on level 23 of a ziggurat)
 31502 | Zig:23   | Identified the +8 large shield of Ysinul {rC+++ rN++ Int-2} (You took it off a daeva on level 23 of a ziggurat)
 31533 | Zig:23   | Found the +10 Black Knight's horse barding {ponderous, rPois rN+}
 31558 | Zig:23   | Got a pitted pewter ring
 31559 | Zig:23   | Identified the cursed ring "Deivaim" {rF++ EV-3 Str-5 Stlth+} (You found it on level 23 of a ziggurat)
 31568 | Zig:23   | Identified the +9 eveningstar of the Thirteen Beggars {antimagic, Str+3 Int+5} (You found it on level 23 of a ziggurat)
 31578 | Zig:24   | Entered Level 24 of a ziggurat
 31606 | Zig:24   | Noticed an ancient lich
 31606 | Zig:24   | Noticed an ancient lich
 31608 | Zig:24   | Killed an ancient lich
 31608 | Zig:24   | Killed an ancient lich
 31612 | Zig:24   | Noticed an ancient lich
 31613 | Zig:24   | Noticed an ancient lich
 31613 | Zig:24   | Noticed an ancient lich
 31614 | Zig:24   | Killed an ancient lich
 31615 | Zig:24   | Killed an ancient lich
 31615 | Zig:24   | Killed an ancient lich
 31617 | Zig:24   | Noticed an ancient lich
 31619 | Zig:24   | Killed an ancient lich
 31621 | Zig:24   | Reached skill level 27 in Fire Magic
 31623 | Zig:24   | Noticed an ancient lich
 31625 | Zig:24   | Killed an ancient lich
 31654 | Zig:24   | Got a coiled glass ring
 31655 | Zig:24   | Identified the ring "Acael" {rF++ MR+ Int+5 Stlth+} (You found it on level 24 of a ziggurat)
 31667 | Zig:24   | Got a creamy pearl robe
 31678 | Zig:25   | Entered Level 25 of a ziggurat
 31693 | Zig:25   | Reached skill level 1 in Armour
 31699 | Zig:25   | Reached skill level 5 in Armour
 31704 | Zig:25   | Reached skill level 27 in Conjurations
 31709 | Zig:25   | Reached skill level 10 in Armour
 31746 | Zig:25   | Found the +3 Elemental Staff {rElec rF++ rC++ MR++ AC+5}
 31762 | Zig:25   | Got a brightly glowing iron amulet
 31786 | Zig:25   | Identified the amulet "Byonk" {Spirit *Drain +Fly rPois MR-} (You found it on level 25 of a ziggurat)
 31790 | Zig:26   | Entered Level 26 of a ziggurat
 31821 | Zig:26   | Reached skill level 15 in Armour
 31892 | Zig:26   | Got a clouded ruby amulet
 31895 | Zig:26   | Identified the amulet of Qackokaj {Harm *Drain rN++ Str+4 SInv Stlth+} (You found it on level 26 of a ziggurat)
 31910 | Zig:27   | Entered Level 27 of a ziggurat
 32065 | Depths:2 | Identified the +1 robe of the Armoured One {rCorr Str+5} (You found it on level 24 of a ziggurat)
 32079 | Zig:1    | Entered Level 1 of a ziggurat
 32098 | Zig:2    | Entered Level 2 of a ziggurat
 32113 | Zig:3    | Entered Level 3 of a ziggurat
 32137 | Zig:4    | Entered Level 4 of a ziggurat
 32158 | Zig:5    | Entered Level 5 of a ziggurat
 32184 | Zig:6    | Entered Level 6 of a ziggurat
 32219 | Zig:7    | Entered Level 7 of a ziggurat
 32248 | Zig:7    | Identified Sif Muna's Grimoire of Conjuration
 32251 | Zig:8    | Entered Level 8 of a ziggurat
 32263 | Zig:8    | Noticed Loedwenk the pandemonium lord
 32269 | Zig:8    | Killed Loedwenk the pandemonium lord
 32288 | Zig:9    | Entered Level 9 of a ziggurat
 32320 | Zig:9    | Got a shimmering bronze amulet
 32321 | Zig:9    | Identified the amulet "Jappyb Vali" {Faith Int+5} (You found it on level 9 of a ziggurat)
 32340 | Zig:10   | Entered Level 10 of a ziggurat
 32343 | Zig:10   | Lost mutation: You are dopey. (Int -2) [potion of mutation]
 32343 | Zig:10   | Lost mutation: You have a pair of small horns on your head. [potion of mutation]
 32343 | Zig:10   | Gained mutation: You passively map a small area around you. [potion of mutation]
 32343 | Zig:10   | Gained mutation: You have a somewhat thin skeletal structure. (Dex +2, Stealth) [potion of mutation]
 32345 | Zig:10   | Noticed a juggernaut
 32347 | Zig:10   | Noticed a juggernaut
 32349 | Zig:10   | Killed a juggernaut
 32349 | Zig:10   | Killed a juggernaut
 32386 | Zig:10   | Lost mutation: You are very weak. (Str -4) [potion of mutation]
 32386 | Zig:10   | Lost mutation: You are weak. (Str -2) [potion of mutation]
 32386 | Zig:10   | Lost mutation: You passively map a small area around you. [potion of mutation]
 32386 | Zig:10   | Gained mutation: Potions are less effective at restoring your health. [potion of mutation]
 32386 | Zig:10   | Gained mutation: You are robust. (+10% HP) [potion of mutation]
 32387 | Zig:10   | Lost mutation: You have a somewhat thin skeletal structure. (Dex +2, Stealth) [potion of mutation]
 32387 | Zig:10   | Gained mutation: Armour fits poorly on your strangely shaped body. [potion of mutation]
 32387 | Zig:10   | Gained mutation: You have large cloven feet. [potion of mutation]
 32388 | Zig:10   | Lost mutation: Armour fits poorly on your strangely shaped body. [potion of mutation]
 32388 | Zig:10   | Lost mutation: Potions are less effective at restoring your health. [potion of mutation]
 32388 | Zig:10   | Gained mutation: You expend magic power (3 MP) to strengthen your wands. [potion of mutation]
 32389 | Zig:10   | Lost mutation: You expend magic power (3 MP) to strengthen your wands. [potion of mutation]
 32389 | Zig:10   | Lost mutation: You are partially covered in slimy green scales. (AC +2) [potion of mutation]
 32389 | Zig:10   | Lost mutation: You are robust. (+10% HP) [potion of mutation]
 32389 | Zig:10   | Lost mutation: You have large cloven feet. [potion of mutation]
 32389 | Zig:10   | Gained mutation: Your muscles are strong. (Str +2) [potion of mutation]
 32389 | Zig:10   | Gained mutation: Your movements are slightly less encumbered by armour. (ER -2) [potion of mutation]
 32390 | Zig:10   | Lost mutation: Your movements are slightly less encumbered by armour. (ER -2) [potion of mutation]
 32390 | Zig:10   | Lost mutation: Your muscles are strong. (Str +2) [potion of mutation]
 32390 | Zig:10   | Gained mutation: Your flesh is cold resistant. (rC+) [potion of mutation]
 32390 | Zig:10   | Gained mutation: You are surrounded by a mild repulsion field. (EV +2) [potion of mutation]
 32390 | Zig:10   | Gained mutation: Your muscles are strong. (Str +2) [potion of mutation]
 32391 | Zig:10   | Lost mutation: Your muscles are strong. (Str +2) [potion of mutation]
 32391 | Zig:10   | Lost mutation: Your flesh is cold resistant. (rC+) [potion of mutation]
 32391 | Zig:10   | Lost mutation: You are surrounded by a mild repulsion field. (EV +2) [potion of mutation]
 32391 | Zig:10   | Gained mutation: Your muscles are strong. (Str +2) [potion of mutation]
 32391 | Zig:10   | Gained mutation: You have sharp fingernails. [potion of mutation]
 32391 | Zig:10   | Gained mutation: You are agile. (Dex +2) [potion of mutation]
 32392 | Zig:10   | Lost mutation: You are agile. (Dex +2) [potion of mutation]
 32392 | Zig:10   | Lost mutation: Your muscles are strong. (Str +2) [potion of mutation]
 32392 | Zig:10   | Lost mutation: You have sharp fingernails. [potion of mutation]
 32392 | Zig:10   | Gained mutation: You can translocate small distances at will. [potion of mutation]
 32392 | Zig:10   | Gained mutation: Your flesh is cold resistant. (rC+) [potion of mutation]
 32393 | Zig:10   | Lost mutation: Your flesh is cold resistant. (rC+) [potion of mutation]
 32393 | Zig:10   | Lost mutation: You can translocate small distances at will. [potion of mutation]
 32393 | Zig:10   | Gained mutation: Your spells are a little harder to cast, but a little more powerful. [potion of mutation]
 32393 | Zig:10   | Gained mutation: Armour fits poorly on your strangely shaped body. [potion of mutation]
 32393 | Zig:10   | Gained mutation: Your mind is acute. (Int +2) [potion of mutation]
 32396 | Zig:11   | Entered Level 11 of a ziggurat
 32419 | Zig:11   | Found the +8 glaive of the Guard {elec, +Rage AC+5 SInv}
 32441 | Zig:12   | Entered Level 12 of a ziggurat
 32475 | Zig:12   | Got a fine iron ring
 32476 | Zig:12   | Identified the ring of Xom's Brutal Revenge {Ice MR+ Str-3 Dex+4 Stlth+} (You found it on level 12 of a ziggurat)
 32484 | Zig:13   | Entered Level 13 of a ziggurat
 32488 | Zig:13   | 4thArraOfDagon: last zig
 32488 | Zig:13   | 4thArraOfDagon: and ->>> pillow
 32501 | Zig:13   | Noticed Peotin the pandemonium lord
 32502 | Zig:13   | Found the +2 shield of Resistance {rF+ rC+ MR+}
 32505 | Zig:13   | Gained mutation: You are frail. (-10% HP) [a cacodemon]
 32506 | Zig:13   | Killed Peotin the pandemonium lord
 32509 | Zig:13   | Found the +8 frozen axe "Frostbite" {freezing cloud, *Noise +Fly rC+}
 32569 | Zig:14   | Entered Level 14 of a ziggurat
 32626 | Zig:15   | Entered Level 15 of a ziggurat
 32639 | Zig:15   | Noticed an ancient lich
 32642 | Zig:15   | Noticed an ancient lich
 32642 | Zig:15   | Noticed an ancient lich
 32642 | Zig:15   | Noticed an ancient lich
 32643 | Zig:15   | Noticed an ancient lich
 32643 | Zig:15   | Noticed an ancient lich
 32644 | Zig:15   | Killed an ancient lich
 32644 | Zig:15   | Killed an ancient lich
 32644 | Zig:15   | Killed an ancient lich
 32644 | Zig:15   | Killed an ancient lich
 32644 | Zig:15   | Killed an ancient lich
 32644 | Zig:15   | Noticed an ancient lich
 32645 | Zig:15   | Killed an ancient lich
 32645 | Zig:15   | Killed an ancient lich
 32659 | Zig:15   | Found the ring of the Mage {Wiz MR++ Int+3}
 32677 | Zig:15   | Got a pitted iron amulet
 32679 | Zig:15   | Identified the amulet "Ynaosech" {Acrobat *Slow rPois Int-5 Stlth+} (You found it on level 15 of a ziggurat)
 32683 | Zig:16   | Entered Level 16 of a ziggurat
 32696 | Zig:16   | Noticed an ancient lich
 32697 | Zig:16   | Noticed an ancient lich
 32698 | Zig:16   | Killed an ancient lich
 32698 | Zig:16   | Noticed an ancient lich
 32699 | Zig:16   | Killed an ancient lich
 32699 | Zig:16   | Killed an ancient lich
 32700 | Zig:16   | Noticed an ancient lich
 32702 | Zig:16   | Killed an ancient lich
 32706 | Zig:16   | Noticed an ancient lich
 32707 | Zig:16   | Killed an ancient lich
 32723 | Zig:16   | Got a scorched brass ring
 32728 | Zig:16   | Got a fine granite ring
 32743 | Zig:16   | Identified the ring "Sir Logu" {rCorr Str+3} (You found it on level 16 of a ziggurat)
 32745 | Zig:16   | Identified the ring "Oreig" {rF+++ rN+ Str+2} (You found it on level 16 of a ziggurat)
 32753 | Zig:17   | Entered Level 17 of a ziggurat
 32794 | Zig:17   | Found the +7 great mace "Firestarter" {inner flame, rF++}
 32808 | Zig:17   | Got a crude wooden ring
 32809 | Zig:17   | Identified the ring "Inait" {+Fly rN+ Str+5} (You found it on level 17 of a ziggurat)
 32833 | Zig:18   | Entered Level 18 of a ziggurat
 32847 | Zig:18   | Noticed a juggernaut
 32848 | Zig:18   | Killed a juggernaut
 32881 | Zig:18   | Found the +9 scales of the Dragon King {rPois rF+ rC+ MR+}
 32882 | Zig:18   | Found the amulet of the Four Winds {rN+ MR+++ Clar}
 32899 | Zig:18   | Got a wavering marble ring
 32900 | Zig:18   | Identified the cursed ring "Ficuywk" {rF+ Dex-3} (You found it on level 18 of a ziggurat)
 32903 | Zig:18   | Got a crude silver ring
 32904 | Zig:18   | Identified the ring "Keokuahu" {Wiz rElec Dex+2} (You found it on level 18 of a ziggurat)
 32919 | Zig:19   | Entered Level 19 of a ziggurat
 32927 | Zig:19   | Noticed Gycivyo the pandemonium lord
 32929 | Zig:19   | Noticed Rousipet the pandemonium lord
 32931 | Zig:19   | Noticed Nyrrisig the pandemonium lord
 32932 | Zig:19   | Killed Rousipet the pandemonium lord
 32932 | Zig:19   | Noticed Iluo the pandemonium lord
 32934 | Zig:19   | Noticed Asuca the pandemonium lord
 32936 | Zig:19   | Killed Iluo the pandemonium lord
 32936 | Zig:19   | Noticed Onaj the pandemonium lord
 32937 | Zig:19   | Killed Nyrrisig the pandemonium lord
 32938 | Zig:19   | Killed Gycivyo the pandemonium lord
 32938 | Zig:19   | Noticed Tirenaf the pandemonium lord
 32939 | Zig:19   | Killed Asuca the pandemonium lord
 32939 | Zig:19   | Killed Onaj the pandemonium lord
 32939 | Zig:19   | Noticed Gubutiad the pandemonium lord
 32940 | Zig:19   | Noticed Vyawaod the pandemonium lord
 32940 | Zig:19   | Noticed Puugh the pandemonium lord
 32940 | Zig:19   | Noticed Vallemp the pandemonium lord
 32947 | Zig:19   | Killed Gubutiad the pandemonium lord
 32949 | Zig:19   | Noticed Yxkol the pandemonium lord
 32950 | Zig:19   | Killed Puugh the pandemonium lord
 32951 | Zig:19   | Killed Yxkol the pandemonium lord
 32952 | Zig:19   | Killed Vallemp the pandemonium lord
 32955 | Zig:19   | Killed Zauqaw the pandemonium lord
 32956 | Zig:19   | Killed Vyawaod the pandemonium lord
 32957 | Zig:19   | Noticed Vike the pandemonium lord
 32957 | Zig:19   | Killed Tirenaf the pandemonium lord
 32958 | Zig:19   | Noticed Tiosk the pandemonium lord
 32958 | Zig:19   | Noticed Horudear the pandemonium lord
 32959 | Zig:19   | Noticed Zavvong the pandemonium lord
 32960 | Zig:19   | Noticed Effeothru the pandemonium lord
 32961 | Zig:19   | Noticed Evuep the pandemonium lord
 32962 | Zig:19   | Noticed Emogar the pandemonium lord
 32962 | Zig:19   | Noticed Iqaij the pandemonium lord
 32962 | Zig:19   | Noticed Yhotawk the pandemonium lord
 32962 | Zig:19   | Noticed Wievoeno the pandemonium lord
 32962 | Zig:19   | Noticed Guschiatt the pandemonium lord
 32962 | Zig:19   | Noticed Mumon the pandemonium lord
 32962 | Zig:19   | Noticed Melupn the pandemonium lord
 32964 | Zig:19   | Killed Zavvong the pandemonium lord
 32964 | Zig:19   | Noticed Eroevevu the pandemonium lord
 32965 | Zig:19   | Killed Evuep the pandemonium lord
 32965 | Zig:19   | Killed Guschiatt the pandemonium lord
 32965 | Zig:19   | Reached skill level 27 in Ice Magic
 32965 | Zig:19   | Killed Wievoeno the pandemonium lord
 32966 | Zig:19   | Killed Tiosk the pandemonium lord
 32967 | Zig:19   | Killed Effeothru the pandemonium lord
 32968 | Zig:19   | Killed Vike the pandemonium lord
 32968 | Zig:19   | Killed Horudear the pandemonium lord
 32969 | Zig:19   | Killed Emogar the pandemonium lord
 32969 | Zig:19   | Killed Melupn the pandemonium lord
 32970 | Zig:19   | Thaneod: or death:)
 32971 | Zig:19   | Killed Yhotawk the pandemonium lord
 32971 | Zig:19   | Killed Iqaij the pandemonium lord
 32974 | Zig:19   | Killed Mumon the pandemonium lord
 32979 | Zig:19   | Killed Eroevevu the pandemonium lord
 33005 | Zig:19   | Found the +7 Spriggan's Knife {MR+ EV+4 Dex+4 Stlth+}
 33033 | Zig:19   | Identified the cursed -5 large shield "Taunoakk" {+Inv rPois rN+ Int+4} (You found it on level 19 of a ziggurat)
 33034 | Zig:19   | magipi: that was scary
 33105 | Zig:20   | Entered Level 20 of a ziggurat
 33117 | Zig:20   | Noticed an ancient lich
 33120 | Zig:20   | Noticed an ancient lich
 33121 | Zig:20   | Killed an ancient lich
 33122 | Zig:20   | Killed an ancient lich
 33122 | Zig:20   | Noticed an ancient lich
 33124 | Zig:20   | Killed an ancient lich
 33124 | Zig:20   | Noticed an ancient lich
 33126 | Zig:20   | Noticed an ancient lich
 33127 | Zig:20   | Killed an ancient lich
 33127 | Zig:20   | Killed an ancient lich
 33128 | Zig:20   | Noticed an ancient lich
 33129 | Zig:20   | Noticed an ancient lich
 33130 | Zig:20   | Reached skill level 27 in Necromancy
 33130 | Zig:20   | Killed an ancient lich
 33130 | Zig:20   | Noticed an ancient lich
 33131 | Zig:20   | Killed an ancient lich
 33132 | Zig:20   | Noticed an ancient lich
 33132 | Zig:20   | Noticed an ancient lich
 33132 | Zig:20   | Noticed an ancient lich
 33133 | Zig:20   | Thaneod: death door actually heealed him from 7 to 15 hp:)
 33133 | Zig:20   | Killed an ancient lich
 33133 | Zig:20   | Reached skill level 27 in Armour
 33133 | Zig:20   | Killed an ancient lich
 33133 | Zig:20   | Paralysed by an ancient lich for 2 turns
 33135 | Zig:20   | Killed an ancient lich
 33135 | Zig:20   | Killed an ancient lich
 33178 | Zig:20   | Got a coiled ivory ring
 33193 | Zig:20   | Got a twitching ivory ring
 33196 | Zig:20   | Identified the ring "Erphiwaaj" {+Fly Slay+2} (You found it on level 20 of a ziggurat)
 33198 | Zig:20   | Identified the ring of Wenefaza {rF+ rN+ Dex+4} (You found it on level 20 of a ziggurat)
 33202 | Zig:21   | Entered Level 21 of a ziggurat
 33236 | Zig:21   | 4thArraOfDagon: new 2018 speedrun strat
 33236 | Zig:21   | 4thArraOfDagon: #
 33244 | Zig:21   | Reached skill level 27 in Shields
 33250 | Zig:21   | magipi: new speedrun strategy:
 33267 | Zig:21   | Got a bound copper ring
 33277 | Zig:21   | magipi: run zigs until you die
 33284 | Zig:21   | Got a twitching amber ring
 33299 | Zig:21   | magipi: (c) 4thArra
 33299 | Zig:21   | Identified the ring of Fatigue {rC+ Str+3 Stlth+} (You found it on level 21 of a ziggurat)
 33301 | Zig:21   | Identified the ring of Hatzetub {rElec rF+ rC- Str+3} (You found it on level 21 of a ziggurat)
 33305 | Zig:22   | Entered Level 22 of a ziggurat
 33345 | Zig:22   | Reached skill level 15 in Charms
 33370 | Zig:22   | Found the cursed +14 obsidian axe {chop, +Fly SInv *Curse}
 33376 | Zig:22   | Identified the +0 robe "Nissanaush" {Int+3} (You found it on level 22 of a ziggurat)
 33379 | Zig:22   | Identified the Volume of Glacial Curses
 33394 | Zig:22   | Identified Ovep's Guide on the Escort
 33397 | Zig:22   | Identified the +1 robe of the Four Wars {SInv} (You found it on level 22 of a ziggurat)
 33401 | Zig:23   | Entered Level 23 of a ziggurat
 33484 | Zig:23   | Identified the +2 robe of the Rose {rC+} (You found it on level 23 of a ziggurat)
 33490 | Zig:23   | Got a scorched steel amulet
 33491 | Zig:23   | Identified the amulet of the Empire {Reflect Int+4 SH+3} (You found it on level 23 of a ziggurat)
 33511 | Zig:24   | Entered Level 24 of a ziggurat
 33574 | Zig:24   | Found the silken robe
 33579 | Zig:24   | Found the amulet of the Air {Inacc +Fly rElec EV+5 RMsl}
 33580 | Zig:24   | Found the +3 warlock's mirror {reflect}
 33580 | Zig:24   | Found the +8 orange crystal plate armour {Archmagi, Int+3 Clar}
 33605 | Zig:25   | Entered Level 25 of a ziggurat
 33687 | Zig:25   | Got a warped zirconium amulet
 33714 | Zig:25   | Got a flickering bronze ring
 33724 | Zig:25   | Identified the Guide on the Igneous Snowflakes
 33727 | Zig:25   | Identified the amulet of Vebaeg {rF+ Regen+} (You found it on level 25 of a ziggurat)
 33729 | Zig:25   | Identified the ring of Tahigg {-Tele rPois SInv Stlth+} (You found it on level 25 of a ziggurat)
 33733 | Zig:26   | Entered Level 26 of a ziggurat
 33770 | Zig:26   | Reached skill level 27 in Evocations
 33832 | Zig:26   | Identified the +2 large shield "Vups" {rCorr Int-2 Stlth+} (You took it off a daeva on level 26 of a ziggurat)
 33875 | Zig:26   | Identified the -11 large shield of Least Resistance {rPois Int+2} (You took it off a daeva on level 26 of a ziggurat)
 33893 | Zig:26   | Found the +1 cloak of Starlight {rElec rC+ EV+4 Stlth--}
 33893 | Zig:26   | Found the brooch of Shielding {Reflect SH+8}
 33922 | Zig:26   | Got a scintillating golden ring
 33924 | Zig:26   | Got a flickering tin ring
 33929 | Zig:26   | Got a translucent crystal amulet
 33930 | Zig:26   | Identified the ring of Oruiryt {rC- rN+++ AC+2 Dex+3 Stlth-} (You found it on level 26 of a ziggurat)
 33932 | Zig:26   | Identified the ring "Fesses" {+Inv rC+ MR+ AC+3 Slay-5} (You found it on level 26 of a ziggurat)
 33934 | Zig:26   | Identified the amulet "Bathruija" {Gourm Fragile Dex+7} (You found it on level 26 of a ziggurat)
 33942 | Zig:27   | Entered Level 27 of a ziggurat
 33960 | Zig:27   | Noticed an ancient lich
 33968 | Zig:27   | Noticed an ancient lich
 33970 | Zig:27   | Killed an ancient lich
 33973 | Zig:27   | Noticed an ancient lich
 33974 | Zig:27   | Killed an ancient lich
 33975 | Zig:27   | Killed an ancient lich
 33975 | Zig:27   | Noticed an ancient lich
 33976 | Zig:27   | Killed an ancient lich
 33977 | Zig:27   | Noticed an ancient lich
 33979 | Zig:27   | Noticed an ancient lich
 33980 | Zig:27   | Killed an ancient lich
 33980 | Zig:27   | Noticed an ancient lich
 33981 | Zig:27   | Killed an ancient lich
 33981 | Zig:27   | Killed an ancient lich
 33982 | Zig:27   | Reached skill level 27 in Charms
 33984 | Zig:27   | Noticed an ancient lich
 33986 | Zig:27   | Killed an ancient lich
 33986 | Zig:27   | Noticed an ancient lich
 33986 | Zig:27   | Noticed an ancient lich
 33988 | Zig:27   | Killed an ancient lich
 33988 | Zig:27   | Killed an ancient lich
 34028 | Zig:27   | Got a smoking steel ring
 34029 | Zig:27   | Identified the ring "Dujo" {Ice MR+ Str+4} (You found it on level 27 of a ziggurat)
 34034 | Zig:27   | Got a twitching platinum amulet
 34035 | Zig:27   | Identified the amulet of Xapac {Reflect rC++ rN+ SH+3} (You found it on level 27 of a ziggurat)
 34052 | Zig:1    | Entered Level 1 of a ziggurat
 34052 | Zig:1    | Noticed Doubahipt the pandemonium lord
 34054 | Zig:1    | Killed Doubahipt the pandemonium lord
 34073 | Zig:2    | Entered Level 2 of a ziggurat
 34086 | Zig:3    | Entered Level 3 of a ziggurat
 34101 | Zig:4    | Entered Level 4 of a ziggurat
 34123 | Zig:4    | Identified the Volume of Twisted Blows and Bruises
 34131 | Zig:5    | Entered Level 5 of a ziggurat
 34221 | Zig:5    | Got a glittering silver ring
 34224 | Zig:5    | Identified the ring of Mowiulul {rElec rC+ Int+2 Stlth+} (You found it on level 5 of a ziggurat)
 34228 | Zig:6    | Entered Level 6 of a ziggurat
 34235 | Zig:6    | Reached skill level 27 in Stealth
 34254 | Zig:7    | Entered Level 7 of a ziggurat
 34256 | Zig:7    | Reached skill level 1 in Unarmed Combat
 34262 | Zig:7    | Reached skill level 15 in Translocations
 34277 | Zig:7    | Got a steaming copper amulet
 34279 | Zig:7    | Identified the +1 robe of the Leaf {Regen+} (You found it on level 7 of a ziggurat)
 34285 | Zig:7    | Identified the amulet "Mijoufem" {Gourm +Inv rPois rC+ Int-4} (You found it on level 7 of a ziggurat)
 34289 | Zig:8    | Entered Level 8 of a ziggurat
 34297 | Zig:8    | Reached skill level 5 in Unarmed Combat
 34297 | Zig:8    | Noticed an ancient lich
 34297 | Zig:8    | Noticed an ancient lich
 34297 | Zig:8    | Noticed an ancient lich
 34298 | Zig:8    | Killed an ancient lich
 34299 | Zig:8    | Killed an ancient lich
 34299 | Zig:8    | Killed an ancient lich
 34326 | Zig:9    | Entered Level 9 of a ziggurat
 34332 | Zig:9    | Reached skill level 10 in Unarmed Combat
 34350 | Zig:9    | Identified Imaotu's Collected Works on Flamy Beguiling
 34361 | Zig:9    | Got an ancient sapphire amulet
 34362 | Zig:9    | Identified the amulet "Cekliu" {Spirit *Contam Int+8 Dex-4} (You found it on level 9 of a ziggurat)
 34373 | Zig:10   | Entered Level 10 of a ziggurat
 34402 | Zig:10   | Found the +5 robe of Night {Dark MR+ SInv}
 34424 | Zig:11   | Entered Level 11 of a ziggurat
 34466 | Zig:11   | Got a fine copper amulet
 34467 | Zig:11   | Identified the amulet of Bigo Qoi {Spirit *Slow +Inv +Fly rF+++} (You found it on level 11 of a ziggurat)
 34476 | Zig:12   | Entered Level 12 of a ziggurat
 34490 | Zig:12   | Reached skill level 15 in Unarmed Combat
 34490 | Zig:12   | Reached skill level 15 in Transmutations
 34507 | Zig:12   | Found the +7 Kryia's mail coat {PotionHeal*2 rC+}
 34517 | Zig:12   | Identified the amulet "Zimin" {Acrobat rN+ MP+9} (You found it on level 12 of a ziggurat)
 34531 | Zig:13   | Entered Level 13 of a ziggurat
 34548 | Zig:13   | Noticed Jainucy the pandemonium lord
 34550 | Zig:13   | Killed Jainucy the pandemonium lord
 34588 | Zig:13   | Got a shimmering marble ring
 34589 | Zig:13   | Identified the ring "Huuf" {rN++ AC+4 Str-5 Int+4} (You found it on level 13 of a ziggurat)
 34672 | Zig:14   | Entered Level 14 of a ziggurat
 34726 | Zig:14   | Got a shimmering pewter amulet
 34739 | Zig:14   | Identified the amulet "Beose" {+Blink Regen+ Int+3 Stlth+} (You found it on level 14 of a ziggurat)
 34743 | Zig:15   | Entered Level 15 of a ziggurat
 34749 | Zig:15   | Noticed an ancient lich
 34754 | Zig:15   | Noticed an ancient lich
 34756 | Zig:15   | Killed an ancient lich
 34757 | Zig:15   | Killed an ancient lich
 34757 | Zig:15   | Noticed an ancient lich
 34759 | Zig:15   | Killed an ancient lich
 34759 | Zig:15   | Noticed an ancient lich
 34760 | Zig:15   | Noticed an ancient lich
 34761 | Zig:15   | Killed an ancient lich
 34762 | Zig:15   | Noticed an ancient lich
 34762 | Zig:15   | Killed an ancient lich
 34763 | Zig:15   | Killed an ancient lich
 34766 | Zig:15   | Noticed an ancient lich
 34768 | Zig:15   | Killed an ancient lich
 34802 | Zig:15   | Got a serpentine platinum ring
 34810 | Zig:15   | Identified the cursed +1 robe of the Duchess {rElec Regen+ MP-9 Int+8} (You found it on level 15 of a ziggurat)
 34815 | Zig:15   | Identified the +0 hat "Gizyoqee" {rC++} (You acquired it on level 15 of a ziggurat)
 34816 | Zig:15   | Identified the ring "Iphad" {Int+2 SInv} (You found it on level 15 of a ziggurat)
 34820 | Zig:16   | Entered Level 16 of a ziggurat
 34931 | Zig:17   | Entered Level 17 of a ziggurat
 34937 | Zig:17   | Noticed an ancient lich
 34939 | Zig:17   | Killed an ancient lich
 34939 | Zig:17   | Gained mutation: You are clumsy. (Dex -2) [a shining eye]
 34940 | Zig:17   | Gained mutation: Your magical capacity is low. (-10% MP) [a shining eye]
 34942 | Zig:17   | Noticed an ancient lich
 34943 | Zig:17   | Noticed an ancient lich
 34943 | Zig:17   | Noticed an ancient lich
 34944 | Zig:17   | Killed an ancient lich
 34945 | Zig:17   | Killed an ancient lich
 34945 | Zig:17   | Killed an ancient lich
 34951 | Zig:17   | Noticed an ancient lich
 34952 | Zig:17   | Noticed an ancient lich
 34953 | Zig:17   | Killed an ancient lich
 34953 | Zig:17   | Killed an ancient lich
 34957 | Zig:17   | Noticed an ancient lich
 34958 | Zig:17   | Killed an ancient lich
 34960 | Zig:17   | Noticed an ancient lich
 34962 | Zig:17   | Killed an ancient lich
 35018 | Zig:17   | Lost mutation: You are clumsy. (Dex -2) [potion of mutation]
 35018 | Zig:17   | Lost mutation: You are frail. (-10% HP) [potion of mutation]
 35018 | Zig:17   | Gained mutation: You have a pair of small antennae on your head. [potion of mutation]
 35018 | Zig:17   | Gained mutation: Potions are less effective at restoring your health. [potion of mutation]
 35018 | Zig:17   | Gained mutation: You are agile. (Dex +2) [potion of mutation]
 35019 | Zig:17   | Lost mutation: Your mind is acute. (Int +2) [potion of mutation]
 35019 | Zig:17   | Lost mutation: Potions are less effective at restoring your health. [potion of mutation]
 35019 | Zig:17   | Gained mutation: Your flesh is heat resistant. (rF+) [potion of mutation]
 35020 | Zig:17   | Lost mutation: Your spells are a little harder to cast, but a little more powerful. [potion of mutation]
 35020 | Zig:17   | Lost mutation: Your flesh is heat resistant. (rF+) [potion of mutation]
 35020 | Zig:17   | Gained mutation: Your body sometimes deteriorates upon taking damage. [potion of mutation]
 35020 | Zig:17   | Lost mutation: You are agile. (Dex +2) [potion of mutation]
 35020 | Zig:17   | Gained mutation: You are resistant to electric shocks. (rElec) [potion of mutation]
 35021 | Zig:17   | Lost mutation: You are resistant to electric shocks. (rElec) [potion of mutation]
 35021 | Zig:17   | Lost mutation: Armour fits poorly on your strangely shaped body. [potion of mutation]
 35021 | Zig:17   | Gained mutation: Your spells are a little harder to cast, but a little more powerful. [potion of mutation]
 35021 | Zig:17   | Gained mutation: You are partially covered in icy blue scales. (AC +2) [potion of mutation]
 35021 | Zig:17   | Gained mutation: Your muscles are strong. (Str +2) [potion of mutation]
 35021 | Zig:17   | Gained mutation: Your flesh is cold resistant. (rC+) [potion of mutation]
 35023 | Zig:18   | Entered Level 18 of a ziggurat
 35069 | Zig:18   | Found the +8 storm bow {elec}
 35070 | Zig:18   | Found the +5 pair of quick blades "Gyre" and "Gimble" {pierce, Dex-3}
 35082 | Zig:18   | Identified the cursed +1 swamp dragon scales "Vissan" {rPois rF+ rC++ Regen+ Dex-3} (You found it on level 18 of a ziggurat)
 35088 | Zig:18   | Got a glittering jade ring
 35091 | Zig:18   | Identified the ring "Duan Araru" {rElec MP+9 Str+4} (You found it on level 18 of a ziggurat)
 35097 | Zig:19   | Entered Level 19 of a ziggurat
 35106 | Zig:19   | Noticed an ancient lich
 35107 | Zig:19   | Noticed an ancient lich
 35108 | Zig:19   | Noticed an ancient lich
 35109 | Zig:19   | Killed an ancient lich
 35111 | Zig:19   | Noticed an ancient lich
 35112 | Zig:19   | Noticed an ancient lich
 35112 | Zig:19   | Killed an ancient lich
 35112 | Zig:19   | Killed an ancient lich
 35112 | Zig:19   | Killed an ancient lich
 35113 | Zig:19   | Noticed an ancient lich
 35114 | Zig:19   | Killed an ancient lich
 35114 | Zig:19   | Noticed an ancient lich
 35114 | Zig:19   | Noticed an ancient lich
 35115 | Zig:19   | Killed an ancient lich
 35115 | Zig:19   | Noticed an ancient lich
 35116 | Zig:19   | Killed an ancient lich
 35116 | Zig:19   | Killed an ancient lich
 35116 | Zig:19   | Noticed an ancient lich
 35116 | Zig:19   | Noticed an ancient lich
 35117 | Zig:19   | Noticed an ancient lich
 35117 | Zig:19   | Noticed an ancient lich
 35118 | Zig:19   | Killed an ancient lich
 35118 | Zig:19   | Killed an ancient lich
 35118 | Zig:19   | Killed an ancient lich
 35118 | Zig:19   | Noticed an ancient lich
 35119 | Zig:19   | Killed an ancient lich
 35119 | Zig:19   | Killed an ancient lich
 35120 | Zig:19   | Killed an ancient lich
 35120 | Zig:19   | Noticed an ancient lich
 35120 | Zig:19   | Noticed an ancient lich
 35121 | Zig:19   | Killed an ancient lich
 35122 | Zig:19   | Killed an ancient lich
 35122 | Zig:19   | Noticed an ancient lich
 35122 | Zig:19   | Noticed an ancient lich
 35124 | Zig:19   | Noticed an ancient lich
 35125 | Zig:19   | Killed an ancient lich
 35125 | Zig:19   | Killed an ancient lich
 35126 | Zig:19   | Killed an ancient lich
 35127 | Zig:19   | Noticed an ancient lich
 35127 | Zig:19   | Killed an ancient lich
 35128 | Zig:19   | Noticed an ancient lich
 35129 | Zig:19   | Killed an ancient lich
 35147 | Zig:19   | Found the +5 demon whip "Spellbinder" {antimagic, MR+}
 35152 | Zig:19   | Got a clouded tin ring
 35170 | Zig:19   | Identified the ring of Activism {Wiz rElec rPois} (You found it on level 19 of a ziggurat)
 35174 | Zig:20   | Entered Level 20 of a ziggurat
 35206 | Zig:20   | Reached skill level 27 in Unarmed Combat
 35254 | Zig:20   | Got a faintly glowing bronze ring
 35265 | Zig:20   | Identified the ring "Retanive" {Ice rPois Str-3 Dex+3 Stlth+} (You found it on level 20 of a ziggurat)
 35272 | Zig:21   | Entered Level 21 of a ziggurat
 35279 | Zig:21   | Noticed a greater mummy
 35281 | Zig:21   | Noticed a greater mummy
 35281 | Zig:21   | Noticed a greater mummy
 35281 | Zig:21   | Noticed a greater mummy
 35283 | Zig:21   | Noticed a greater mummy
 35283 | Zig:21   | Noticed a greater mummy
 35283 | Zig:21   | Noticed a greater mummy
 35283 | Zig:21   | Noticed a greater mummy
 35283 | Zig:21   | Noticed a greater mummy
 35283 | Zig:21   | Noticed a greater mummy
 35283 | Zig:21   | Noticed a greater mummy
 35283 | Zig:21   | Noticed a greater mummy
 35283 | Zig:21   | Noticed a greater mummy
 35283 | Zig:21   | Noticed a greater mummy
 35284 | Zig:21   | Killed a greater mummy
 35284 | Zig:21   | Killed a greater mummy
 35284 | Zig:21   | Noticed a greater mummy
 35285 | Zig:21   | Killed a greater mummy
 35285 | Zig:21   | Killed a greater mummy
 35285 | Zig:21   | Killed a greater mummy
 35285 | Zig:21   | Killed a greater mummy
 35285 | Zig:21   | Killed a greater mummy
 35285 | Zig:21   | Killed a greater mummy
 35285 | Zig:21   | Noticed a greater mummy
 35285 | Zig:21   | Noticed a greater mummy
 35285 | Zig:21   | Noticed a greater mummy
 35286 | Zig:21   | Killed a greater mummy
 35286 | Zig:21   | Killed a greater mummy
 35286 | Zig:21   | Killed a greater mummy
 35286 | Zig:21   | Killed a greater mummy
 35286 | Zig:21   | Killed a greater mummy
 35286 | Zig:21   | Killed a greater mummy
 35286 | Zig:21   | Noticed a greater mummy
 35286 | Zig:21   | Noticed a greater mummy
 35286 | Zig:21   | Noticed a greater mummy
 35286 | Zig:21   | Noticed a greater mummy
 35287 | Zig:21   | Killed a greater mummy
 35287 | Zig:21   | Killed a greater mummy
 35287 | Zig:21   | Killed a greater mummy
 35287 | Zig:21   | Noticed a greater mummy
 35287 | Zig:21   | Noticed a greater mummy
 35287 | Zig:21   | Noticed a greater mummy
 35287 | Zig:21   | Noticed a greater mummy
 35289 | Zig:21   | Killed a greater mummy
 35292 | Zig:21   | Killed a greater mummy
 35293 | Zig:21   | Killed a greater mummy
 35294 | Zig:21   | Killed a greater mummy
 35294 | Zig:21   | Killed a greater mummy
 35295 | Zig:21   | Killed a greater mummy
 35296 | Zig:21   | Killed a greater mummy
 35296 | Zig:21   | Killed a greater mummy
 35296 | Zig:21   | Noticed a greater mummy
 35296 | Zig:21   | Noticed a greater mummy
 35296 | Zig:21   | Noticed a greater mummy
 35297 | Zig:21   | Killed a greater mummy
 35297 | Zig:21   | Noticed a greater mummy
 35298 | Zig:21   | Killed a greater mummy
 35298 | Zig:21   | Killed a greater mummy
 35298 | Zig:21   | Noticed a greater mummy
 35299 | Zig:21   | Killed a greater mummy
 35299 | Zig:21   | Killed a greater mummy
 35299 | Zig:21   | Noticed a greater mummy
 35300 | Zig:21   | Killed a greater mummy
 35300 | Zig:21   | Noticed a greater mummy
 35302 | Zig:21   | Killed a greater mummy
 35302 | Zig:21   | Killed a greater mummy
 35303 | Zig:21   | Noticed a greater mummy
 35303 | Zig:21   | Noticed a greater mummy
 35303 | Zig:21   | Noticed a greater mummy
 35305 | Zig:21   | Killed a greater mummy
 35306 | Zig:21   | Killed a greater mummy
 35306 | Zig:21   | Killed a greater mummy
 35343 | Zig:21   | Got a clouded lapis lazuli ring
 35347 | Zig:21   | Got a bound lapis lazuli ring
 35348 | Zig:21   | Identified the ring of Iquumm {+Fly rElec rPois Stlth+} (You found it on level 21 of a ziggurat)
 35351 | Zig:21   | Identified the ring "Nuor" {rF+ rC+ MR+ MP+9 Str+4} (You found it on level 21 of a ziggurat)
 35374 | Zig:22   | Entered Level 22 of a ziggurat
 35395 | Zig:22   | Noticed an ancient lich
 35398 | Zig:22   | Killed an ancient lich
 35398 | Zig:22   | Noticed an ancient lich
 35398 | Zig:22   | Noticed an ancient lich
 35399 | Zig:22   | Killed an ancient lich
 35399 | Zig:22   | Killed an ancient lich
 35401 | Zig:22   | Noticed an ancient lich
 35402 | Zig:22   | Killed an ancient lich
 35405 | Zig:22   | Noticed an ancient lich
 35406 | Zig:22   | Killed an ancient lich
 35406 | Zig:22   | Noticed an ancient lich
 35408 | Zig:22   | Noticed an ancient lich
 35408 | Zig:22   | Noticed an ancient lich
 35408 | Zig:22   | Noticed an ancient lich
 35409 | Zig:22   | Killed an ancient lich
 35409 | Zig:22   | Killed an ancient lich
 35409 | Zig:22   | Reached skill level 27 in Translocations
 35410 | Zig:22   | Killed an ancient lich
 35410 | Zig:22   | Killed an ancient lich
 35411 | Zig:22   | Noticed an ancient lich
 35412 | Zig:22   | Killed an ancient lich
 35413 | Zig:22   | Noticed an ancient lich
 35413 | Zig:22   | Noticed an ancient lich
 35415 | Zig:22   | Noticed an ancient lich
 35416 | Zig:22   | Killed an ancient lich
 35416 | Zig:22   | Killed an ancient lich
 35416 | Zig:22   | Killed an ancient lich
 35416 | Zig:22   | Noticed an ancient lich
 35417 | Zig:22   | Reached skill level 27 in Transmutations
 35417 | Zig:22   | Reached skill level 1 in Staves
 35417 | Zig:22   | Reached skill level 1 in Throwing
 35418 | Zig:22   | Killed an ancient lich
 35419 | Zig:22   | Noticed an ancient lich
 35419 | Zig:22   | Noticed an ancient lich
 35421 | Zig:22   | Killed an ancient lich
 35421 | Zig:22   | Killed an ancient lich
 35421 | Zig:22   | Reached skill level 5 in Staves
 35421 | Zig:22   | Reached skill level 5 in Throwing
 35423 | Zig:22   | Noticed an ancient lich
 35424 | Zig:22   | Killed an ancient lich
 35427 | Zig:22   | Noticed an ancient lich
 35429 | Zig:22   | Killed an ancient lich
 35431 | Zig:22   | Noticed an ancient lich
 35433 | Zig:22   | Killed an ancient lich
 35443 | Zig:22   | Found the +8 demon blade "Leech" {vamp, rN+ AC-3 EV-3}
 35466 | Zig:22   | Reached skill level 10 in Staves
 35466 | Zig:22   | Reached skill level 10 in Throwing
 35472 | Zig:23   | Entered Level 23 of a ziggurat
 35511 | Zig:23   | Reached skill level 15 in Throwing
 35511 | Zig:23   | Reached skill level 15 in Staves
 35544 | Zig:23   | Found the +8 longbow "Zephyr" {speed, Dex+3 SInv}
 35573 | Zig:23   | Got a transparent platinum ring
 35574 | Zig:23   | Identified the ring of Upsu {rPois rC+ MR+ Int+3 Slay-5} (You found it on level 23 of a ziggurat)
 35588 | Zig:24   | Entered Level 24 of a ziggurat
 35615 | Zig:24   | Mekire: 1st?
 35628 | Zig:24   | Noticed Tacing the pandemonium lord
 35634 | Zig:24   | Killed Tacing the pandemonium lord
 35650 | Zig:24   | 4thArraOfDagon: no, like 5th?
 35669 | Zig:24   | Mekire: oh really, nice
 35679 | Zig:24   | Gained mutation: You do not regenerate when monsters are visible. [a cacodemon]
 35706 | Zig:24   | Got a scintillating lead ring
 35708 | Zig:24   | Got a sparkling bone amulet
 35713 | Zig:24   | Identified the Handbook of Snow and Weightlessness
 35726 | Zig:24   | Mekire: oh jesus christ; you're a 15 rune nut job
 35726 | Zig:24   | Identified the Almanac of Supportive Intoxication
 35729 | Zig:24   | Mekire: xD
 35730 | Zig:24   | Identified the amulet "Dadedgh" {Inacc Dex+7} (You found it on level 24 of a ziggurat)
 35735 | Zig:25   | Entered Level 25 of a ziggurat
 35750 | Zig:25   | 4thArraOfDagon: I'm that crazy guy :S
 35758 | Zig:25   | Mekire: I only pull a 15 every few months
 35793 | Zig:25   | Mekire: !lg $p max=zigscompleted x=zigscompleted
 35795 | Zig:25   | XtahuaRules: 14797. [zigscompleted=13] 4thArraOfDagon the Luminary of Lethal Lore (L27 OpWz of Vehumet), blasted by a greater mummy (divine providence) on Zig:27 on 2018-05-30 01:27:43, with 1538999 points after 63737 turns and 15:12:23.
 35810 | Zig:25   | Found the +6 arbalest "Damnation" {damnation}
 35815 | Zig:25   | Found the +5 scythe "Finisher" {speed, Str+3}
 35817 | Zig:25   | Got a wavering iron ring
 35839 | Zig:25   | Got a vibrating ruby amulet
 35847 | Zig:25   | Identified the ring "Pij Vaxi" {MR+ Slay+2} (You found it on level 24 of a ziggurat)
 35848 | Zig:25   | Identified the ring "Nitza" {rF+ MR+} (You found it on level 25 of a ziggurat)
 35849 | Zig:25   | Identified the amulet "Arrott" {Reflect Str+4 Dex+3 SH+3} (You found it on level 25 of a ziggurat)
 35854 | Zig:25   | Mekire: damnation crossbow
 35854 | Zig:25   | Mekire: always fun
 35856 | Zig:26   | Entered Level 26 of a ziggurat
 35919 | Zig:26   | Found the ring of the Octopus King
 35926 | Zig:26   | Got a crude brass ring
 35928 | Zig:26   | Got a ring of the Octopus King
 35930 | Zig:26   | Got a slimy lead amulet
 35950 | Zig:26   | Identified the ring of Hyhyestroc {Wiz +Fly rElec rF- rN+} (You found it on level 26 of a ziggurat)
 35952 | Zig:26   | Identified a ring of the Octopus King {rF+ AC+1 EV+1 Str+1 Int+1 Dex+1} (You found it on level 26 of a ziggurat)
 35953 | Zig:26   | Identified the amulet "Golisicuk" {Spirit Dex+3} (You found it on level 26 of a ziggurat)
 35954 | Zig:26   | Identified the ring of Generosity {rElec rF+ rN+ Str+2 Dex+4} (You found it on level 26 of a ziggurat)
 35977 | Zig:27   | Entered Level 27 of a ziggurat
 36034 | Zig:27   | Reached skill level 27 in Staves
 36034 | Zig:27   | Reached skill level 27 in Throwing
 36051 | Zig:27   | Found the +3 giant club "Skullcrusher" {speed, Str+7}
 36053 | Zig:27   | Found the +7 longbow "Piercer" {penet, EV-2}
 36091 | Zig:1    | Entered Level 1 of a ziggurat
 36091 | Zig:1    | Noticed Fitiokei the pandemonium lord
 36099 | Zig:2    | Entered Level 2 of a ziggurat
 36114 | Zig:3    | Entered Level 3 of a ziggurat
 36133 | Zig:3    | Identified the Papyrus of Combat Magic and Feathers
 36137 | Zig:4    | Entered Level 4 of a ziggurat
 36140 | Zig:4    | Mekire: will you god switch?
 36163 | Zig:4    | 4thArraOfDagon: maybe
 36163 | Zig:4    | 4thArraOfDagon: -> mak
 36165 | Zig:5    | Entered Level 5 of a ziggurat
 36172 | Zig:5    | Mekire: yeah, got a wucad yet?
 36194 | Zig:6    | Entered Level 6 of a ziggurat
 36196 | Zig:6    | 4thArraOfDagon: no, not yet but I'm working on it
 36196 | Zig:6    | 4thArraOfDagon: :)
 36247 | Zig:7    | Entered Level 7 of a ziggurat
 36270 | Zig:7    | Got a translucent granite ring
 36271 | Zig:7    | Identified the ring of Foseb {Str+2 Stlth+} (You found it on level 7 of a ziggurat)
 36275 | Zig:7    | Identified the +1 hat of Neiloi {MR+ Str+5} (You found it on level 7 of a ziggurat)
 36285 | Zig:8    | Entered Level 8 of a ziggurat
 36337 | Zig:8    | Got a slimy lead ring
 36348 | Zig:8    | Identified the ring "Dypnil" {rCorr MR+ MP+9 Int+4 Dex+2} (You found it on level 8 of a ziggurat)
 36355 | Zig:9    | Entered Level 9 of a ziggurat
 36361 | Zig:9    | Noticed an orb of fire
 36361 | Zig:9    | Noticed an orb of fire
 36362 | Zig:9    | Noticed an orb of fire
 36363 | Zig:9    | Noticed an orb of fire
 36363 | Zig:9    | Noticed an orb of fire
 36364 | Zig:9    | Killed an orb of fire
 36364 | Zig:9    | Noticed an orb of fire
 36365 | Zig:9    | Killed an orb of fire
 36365 | Zig:9    | Killed an orb of fire
 36365 | Zig:9    | Noticed an orb of fire
 36365 | Zig:9    | Noticed an orb of fire
 36367 | Zig:9    | Noticed an orb of fire
 36367 | Zig:9    | Noticed an orb of fire
 36368 | Zig:9    | Killed an orb of fire
 36368 | Zig:9    | Killed an orb of fire
 36370 | Zig:9    | Killed an orb of fire
 36370 | Zig:9    | Killed an orb of fire
 36371 | Zig:9    | Killed an orb of fire
 36371 | Zig:9    | Noticed an orb of fire
 36372 | Zig:9    | Killed an orb of fire
 36372 | Zig:9    | Killed an orb of fire
 36375 | Zig:9    | Killed an orb of fire
 36411 | Zig:10   | Entered Level 10 of a ziggurat
 36441 | Zig:10   | Got a scorched brass amulet
 36442 | Zig:10   | Identified the amulet "Buaqeahutz" {MR+ Regen+ Str+2} (You found it on level 10 of a ziggurat)
 36450 | Zig:10   | Identified the +1 robe of Leyz {Int+2} (You found it on level 10 of a ziggurat)
 36455 | Zig:11   | Entered Level 11 of a ziggurat
 36461 | Zig:11   | Noticed Xithrucaaj the pandemonium lord
 36461 | Zig:11   | Noticed Dodueja the pandemonium lord
 36461 | Zig:11   | Noticed Cuggey the pandemonium lord
 36463 | Zig:11   | Noticed Ahiluahu the pandemonium lord
 36464 | Zig:11   | Killed Dodueja the pandemonium lord
 36464 | Zig:11   | Noticed Exeb the pandemonium lord
 36465 | Zig:11   | Killed Exeb the pandemonium lord
 36465 | Zig:11   | Noticed Goih the pandemonium lord
 36465 | Zig:11   | Noticed Arub Qomn the pandemonium lord
 36466 | Zig:11   | Killed Xithrucaaj the pandemonium lord
 36466 | Zig:11   | Noticed Zotaa the pandemonium lord
 36467 | Zig:11   | Noticed Hinynausch the pandemonium lord
 36467 | Zig:11   | Noticed Qatt the pandemonium lord
 36468 | Zig:11   | Killed Ahiluahu the pandemonium lord
 36468 | Zig:11   | Killed Cuggey the pandemonium lord
 36470 | Zig:11   | Noticed Asomy the pandemonium lord
 36470 | Zig:11   | Killed Hinynausch the pandemonium lord
 36471 | Zig:11   | Killed Arub Qomn the pandemonium lord
 36471 | Zig:11   | Killed Qatt the pandemonium lord
 36472 | Zig:11   | Noticed Koek the pandemonium lord
 36472 | Zig:11   | Noticed Ydgheid the pandemonium lord
 36473 | Zig:11   | Killed Asomy the pandemonium lord
 36473 | Zig:11   | Noticed Zecu the pandemonium lord
 36474 | Zig:11   | Killed Goih the pandemonium lord
 36476 | Zig:11   | Killed Zotaa the pandemonium lord
 36476 | Zig:11   | Noticed Tydo the pandemonium lord
 36478 | Zig:11   | Killed Koek the pandemonium lord
 36478 | Zig:11   | Killed Tydo the pandemonium lord
 36479 | Zig:11   | Killed Ydgheid the pandemonium lord
 36479 | Zig:11   | Killed Zecu the pandemonium lord
 36483 | Zig:11   | Noticed Bautoh Jire the pandemonium lord
 36483 | Zig:11   | Noticed Qohuwu the pandemonium lord
 36486 | Zig:11   | Killed Bautoh Jire the pandemonium lord
 36488 | Zig:11   | Killed Qohuwu the pandemonium lord
 36590 | Zig:12   | Entered Level 12 of a ziggurat
 36656 | Zig:13   | Entered Level 13 of a ziggurat
 36659 | Zig:13   | Noticed an ancient lich
 36660 | Zig:13   | Noticed an ancient lich
 36660 | Zig:13   | Noticed an ancient lich
 36661 | Zig:13   | Killed an ancient lich
 36661 | Zig:13   | Killed an ancient lich
 36662 | Zig:13   | Killed an ancient lich
 36662 | Zig:13   | Noticed an ancient lich
 36663 | Zig:13   | Noticed an ancient lich
 36664 | Zig:13   | Killed an ancient lich
 36666 | Zig:13   | Killed an ancient lich
 36666 | Zig:13   | Noticed an ancient lich
 36667 | Zig:13   | Noticed an ancient lich
 36667 | Zig:13   | Noticed an ancient lich
 36668 | Zig:13   | Killed an ancient lich
 36668 | Zig:13   | Killed an ancient lich
 36669 | Zig:13   | Killed an ancient lich
 36708 | Zig:13   | Identified Kikubaaqudgha's Grimoire of Black Magic
 36719 | Zig:13   | Lost mutation: Your spells are a little harder to cast, but a little more powerful. [potion of mutation]
 36719 | Zig:13   | Lost mutation: You have a pair of small antennae on your head. [potion of mutation]
 36719 | Zig:13   | Lost mutation: Your body sometimes deteriorates upon taking damage. [potion of mutation]
 36719 | Zig:13   | Gained mutation: Your spells are a little harder to cast, but a little more powerful. [potion of mutation]
 36719 | Zig:13   | Gained mutation: You are agile. (Dex +2) [potion of mutation]
 36720 | Zig:13   | Lost mutation: Your muscles are strong. (Str +2) [potion of mutation]
 36720 | Zig:13   | Lost mutation: You are agile. (Dex +2) [potion of mutation]
 36720 | Zig:13   | Lost mutation: Your spells are a little harder to cast, but a little more powerful. [potion of mutation]
 36720 | Zig:13   | Gained mutation: You can translocate small distances at will. [potion of mutation]
 36720 | Zig:13   | Gained mutation: You are weak. (Str -2) [potion of mutation]
 36720 | Zig:13   | Gained mutation: You are partially covered in large bone plates. (SH +4) [potion of mutation]
 36721 | Zig:13   | Lost mutation: You are weak. (Str -2) [potion of mutation]
 36721 | Zig:13   | Lost mutation: You do not regenerate when monsters are visible. [potion of mutation]
 36721 | Zig:13   | Lost mutation: Your magical capacity is low. (-10% MP) [potion of mutation]
 36721 | Zig:13   | Lost mutation: Your flesh is cold resistant. (rC+) [potion of mutation]
 36721 | Zig:13   | Gained mutation: Your muscles are strong. (Str +2) [potion of mutation]
 36721 | Zig:13   | Gained mutation: You expend magic power (3 MP) to strengthen your wands. [potion of mutation]
 36721 | Zig:13   | Gained mutation: You possess an exceptional clarity of mind. [potion of mutation]
 36722 | Zig:13   | Lost mutation: Your muscles are strong. (Str +2) [potion of mutation]
 36722 | Zig:13   | Lost mutation: You expend magic power (3 MP) to strengthen your wands. [potion of mutation]
 36722 | Zig:13   | Lost mutation: You possess an exceptional clarity of mind. [potion of mutation]
 36722 | Zig:13   | Lost mutation: You can translocate small distances at will. [potion of mutation]
 36722 | Zig:13   | Lost mutation: You are partially covered in large bone plates. (SH +4) [potion of mutation]
 36722 | Zig:13   | Gained mutation: You are partially covered in large bone plates. (SH +4) [potion of mutation]
 36722 | Zig:13   | Gained mutation: You are weak. (Str -2) [potion of mutation]
 36722 | Zig:13   | Gained mutation: You evolve. [potion of mutation]
 36723 | Zig:13   | Lost mutation: You are weak. (Str -2) [potion of mutation]
 36723 | Zig:13   | Lost mutation: You evolve. [potion of mutation]
 36723 | Zig:13   | Lost mutation: You are partially covered in icy blue scales. (AC +2) [potion of mutation]
 36723 | Zig:13   | Gained mutation: You occasionally shout uncontrollably at your foes. [potion of mutation]
 36723 | Zig:13   | Gained mutation: Your muscles are strong. (Str +2) [potion of mutation]
 36724 | Zig:13   | Lost mutation: Your muscles are strong. (Str +2) [potion of mutation]
 36724 | Zig:13   | Lost mutation: You occasionally shout uncontrollably at your foes. [potion of mutation]
 36724 | Zig:13   | Gained mutation: You are covered in fur. (AC +1) [potion of mutation]
 36724 | Zig:13   | Gained mutation: You expend magic power (3 MP) to strengthen your wands. [potion of mutation]
 36725 | Zig:13   | Lost mutation: You expend magic power (3 MP) to strengthen your wands. [potion of mutation]
 36725 | Zig:13   | Lost mutation: You are partially covered in large bone plates. (SH +4) [potion of mutation]
 36725 | Zig:13   | Gained mutation: Your magical capacity is low. (-10% MP) [potion of mutation]
 36725 | Zig:13   | Gained mutation: You have a pair of small horns on your head. [potion of mutation]
 36725 | Zig:13   | Gained mutation: Your flesh is cold resistant. (rC+) [potion of mutation]
 36726 | Zig:13   | Lost mutation: Your flesh is cold resistant. (rC+) [potion of mutation]
 36726 | Zig:13   | Lost mutation: Your magical capacity is low. (-10% MP) [potion of mutation]
 36726 | Zig:13   | Lost mutation: You have a pair of small horns on your head. [potion of mutation]
 36726 | Zig:13   | Gained mutation: Scrolls take you a little longer to read. [potion of mutation]
 36726 | Zig:13   | Gained mutation: You evolve. [potion of mutation]
 36726 | Zig:13   | Lost mutation: Scrolls take you a little longer to read. [potion of mutation]
 36727 | Zig:13   | Gained mutation: You have an increased reservoir of magic. (+10% MP) [potion of mutation]
 36727 | Zig:13   | Lost mutation: You have an increased reservoir of magic. (+10% MP) [potion of mutation]
 36727 | Zig:13   | Gained mutation: Your movements are slightly less encumbered by armour. (ER -2) [potion of mutation]
 36728 | Zig:13   | Lost mutation: You are covered in fur. (AC +1) [potion of mutation]
 36728 | Zig:13   | Lost mutation: You evolve. [potion of mutation]
 36728 | Zig:13   | Gained mutation: You are clumsy. (Dex -2) [potion of mutation]
 36728 | Zig:13   | Gained mutation: You expend magic power (3 MP) to strengthen your wands. [potion of mutation]
 36728 | Zig:13   | Gained mutation: You are resistant to hostile enchantments. (MR+) [potion of mutation]
 36729 | Zig:13   | Lost mutation: You are clumsy. (Dex -2) [potion of mutation]
 36729 | Zig:13   | Lost mutation: Your movements are slightly less encumbered by armour. (ER -2) [potion of mutation]
 36729 | Zig:13   | Gained mutation: You are weak. (Str -2) [potion of mutation]
 36729 | Zig:13   | Gained mutation: Your system is resistant to poisons. (rPois) [potion of mutation]
 36730 | Zig:13   | Lost mutation: Your system is resistant to poisons. (rPois) [potion of mutation]
 36730 | Zig:13   | Lost mutation: You are weak. (Str -2) [potion of mutation]
 36730 | Zig:13   | Gained mutation: Scrolls take you a little longer to read. [potion of mutation]
 36730 | Zig:13   | Gained mutation: Your system is resistant to poisons. (rPois) [potion of mutation]
 36730 | Zig:13   | Lost mutation: Scrolls take you a little longer to read. [potion of mutation]
 36730 | Zig:13   | Gained mutation: Your mind is acute. (Int +2) [potion of mutation]
 36731 | Zig:13   | Lost mutation: You are resistant to hostile enchantments. (MR+) [potion of mutation]
 36731 | Zig:13   | Lost mutation: Your system is resistant to poisons. (rPois) [potion of mutation]
 36731 | Zig:13   | Lost mutation: Your mind is acute. (Int +2) [potion of mutation]
 36731 | Zig:13   | Gained mutation: Your muscles are strong. (Str +2) [potion of mutation]
 36731 | Zig:13   | Lost mutation: You expend magic power (3 MP) to strengthen your wands. [potion of mutation]
 36731 | Zig:13   | Gained mutation: You are agile. (Dex +2) [potion of mutation]
 36732 | Zig:13   | Lost mutation: Your muscles are strong. (Str +2) [potion of mutation]
 36732 | Zig:13   | Lost mutation: You are agile. (Dex +2) [potion of mutation]
 36732 | Zig:13   | Gained mutation: You have a pair of small horns on your head. [potion of mutation]
 36732 | Zig:13   | Gained mutation: You possess an exceptional clarity of mind. [potion of mutation]
 36733 | Zig:13   | Lost mutation: You have a pair of small horns on your head. [potion of mutation]
 36733 | Zig:13   | Lost mutation: You possess an exceptional clarity of mind. [potion of mutation]
 36733 | Zig:13   | Gained mutation: Your spells are a little easier to cast, but a little less powerful. [potion of mutation]
 36733 | Zig:13   | Gained mutation: You expend magic power (3 MP) to strengthen your wands. [potion of mutation]
 36733 | Zig:13   | Gained mutation: Your muscles are strong. (Str +2) [potion of mutation]
 36733 | Zig:13   | Gained mutation: You are resistant to hostile enchantments. (MR+) [potion of mutation]
 36734 | Zig:13   | Lost mutation: Your spells are a little easier to cast, but a little less powerful. [potion of mutation]
 36734 | Zig:13   | Lost mutation: You expend magic power (3 MP) to strengthen your wands. [potion of mutation]
 36734 | Zig:13   | Lost mutation: You are resistant to hostile enchantments. (MR+) [potion of mutation]
 36734 | Zig:13   | Lost mutation: Your muscles are strong. (Str +2) [potion of mutation]
 36734 | Zig:13   | Gained mutation: You are dopey. (Int -2) [potion of mutation]
 36734 | Zig:13   | Gained mutation: Your skin changes colour to match your surroundings (Stealth+). [potion of mutation]
 36734 | Zig:13   | Gained mutation: You are partially covered in large bone plates. (SH +4) [potion of mutation]
 36735 | Zig:13   | Lost mutation: You are dopey. (Int -2) [potion of mutation]
 36735 | Zig:13   | Lost mutation: You are partially covered in large bone plates. (SH +4) [potion of mutation]
 36735 | Zig:13   | Gained mutation: Your muscles are strong. (Str +2) [potion of mutation]
 36735 | Zig:13   | Gained mutation: Your spells are a little easier to cast, but a little less powerful. [potion of mutation]
 36735 | Zig:13   | Gained mutation: Your movements are slightly less encumbered by armour. (ER -2) [potion of mutation]
 36736 | Zig:13   | Lost mutation: Your movements are slightly less encumbered by armour. (ER -2) [potion of mutation]
 36736 | Zig:13   | Lost mutation: Your muscles are strong. (Str +2) [potion of mutation]
 36736 | Zig:13   | Lost mutation: Your skin changes colour to match your surroundings (Stealth+). [potion of mutation]
 36736 | Zig:13   | Lost mutation: Your spells are a little easier to cast, but a little less powerful. [potion of mutation]
 36736 | Zig:13   | Gained mutation: Your system is resistant to poisons. (rPois) [potion of mutation]
 36736 | Zig:13   | Gained mutation: Your spells are a little harder to cast, but a little more powerful. [potion of mutation]
 36739 | Zig:14   | Entered Level 14 of a ziggurat
 36812 | Zig:15   | Entered Level 15 of a ziggurat
 36849 | Zig:15   | Reached skill level 27 in Summonings
 36855 | Zig:15   | Identified the Disquisition on Creation
 36869 | Zig:15   | Identified the +6 swamp dragon scales of the Okapi {rPois Int+4} (You found it on level 15 of a ziggurat)
 36875 | Zig:16   | Entered Level 16 of a ziggurat
 36930 | Zig:16   | Found the ring of Phasing {EV+8}
 36945 | Zig:16   | Got a heavily runed pewter amulet
 36946 | Zig:16   | Identified the amulet of Demons {Faith *Contam rF+ MR+ Stlth+} (You found it on level 16 of a ziggurat)
 36950 | Zig:17   | Entered Level 17 of a ziggurat
 36963 | Zig:17   | Noticed an ancient lich
 36966 | Zig:17   | Noticed an ancient lich
 36966 | Zig:17   | Killed an ancient lich
 36967 | Zig:17   | Killed an ancient lich
 36968 | Zig:17   | Killed an ancient lich
 36969 | Zig:17   | Killed an ancient lich
 36973 | Zig:17   | Noticed an ancient lich
 36973 | Zig:17   | Noticed an ancient lich
 36973 | Zig:17   | Noticed an ancient lich
 36973 | Zig:17   | Noticed an ancient lich
 36974 | Zig:17   | Killed an ancient lich
 36975 | Zig:17   | Killed an ancient lich
 36975 | Zig:17   | Killed an ancient lich
 36975 | Zig:17   | Killed an ancient lich
 36975 | Zig:17   | Noticed an ancient lich
 36975 | Zig:17   | Noticed an ancient lich
 36976 | Zig:17   | Killed an ancient lich
 36977 | Zig:17   | Killed an ancient lich
 36977 | Zig:17   | Noticed an ancient lich
 36978 | Zig:17   | Killed an ancient lich
 36978 | Zig:17   | Noticed an ancient lich
 36979 | Zig:17   | Noticed an ancient lich
 36979 | Zig:17   | Noticed an ancient lich
 36980 | Zig:17   | Killed an ancient lich
 36980 | Zig:17   | Killed an ancient lich
 36980 | Zig:17   | Noticed an ancient lich
 36981 | Zig:17   | Killed an ancient lich
 36982 | Zig:17   | Killed an ancient lich
 36985 | Zig:17   | Noticed an ancient lich
 36986 | Zig:17   | Killed an ancient lich
 36988 | Zig:17   | Noticed an ancient lich
 36990 | Zig:17   | Killed an ancient lich
 37012 | Zig:17   | Identified the Grimoire of Assistive Displacement
 37023 | Zig:17   | Identified the Guide on the Destructive Oath
 37026 | Zig:17   | Got a steaming jade amulet
 37037 | Zig:17   | Identified the +4 fire dragon scales "Zobuag" {rF++ rC- MR++ Regen+} (You found it on level 17 of a ziggurat)
 37038 | Zig:17   | Identified the amulet "Sulil" {Inacc rF+ Str+4 Dex+3 Stlth+} (You found it on level 17 of a ziggurat)
 37044 | Zig:18   | Entered Level 18 of a ziggurat
 37051 | Zig:18   | Noticed a greater mummy
 37052 | Zig:18   | Noticed a greater mummy
 37053 | Zig:18   | Noticed a greater mummy
 37053 | Zig:18   | Noticed a greater mummy
 37053 | Zig:18   | Noticed a greater mummy
 37053 | Zig:18   | Noticed a greater mummy
 37053 | Zig:18   | Noticed a greater mummy
 37053 | Zig:18   | Noticed a greater mummy
 37053 | Zig:18   | Noticed a greater mummy
 37054 | Zig:18   | Noticed a greater mummy
 37054 | Zig:18   | Noticed a greater mummy
 37055 | Zig:18   | Killed a greater mummy
 37055 | Zig:18   | Killed a greater mummy
 37055 | Zig:18   | Killed a greater mummy
 37055 | Zig:18   | Killed a greater mummy
 37055 | Zig:18   | Killed a greater mummy
 37055 | Zig:18   | Noticed a greater mummy
 37055 | Zig:18   | Noticed a greater mummy
 37055 | Zig:18   | Noticed a greater mummy
 37055 | Zig:18   | Noticed a greater mummy
 37055 | Zig:18   | Noticed a greater mummy
 37055 | Zig:18   | Noticed a greater mummy
 37056 | Zig:18   | Killed a greater mummy
 37056 | Zig:18   | Killed a greater mummy
 37056 | Zig:18   | Killed a greater mummy
 37056 | Zig:18   | Noticed a greater mummy
 37057 | Zig:18   | Noticed a greater mummy
 37057 | Zig:18   | Noticed a greater mummy
 37058 | Zig:18   | Killed a greater mummy
 37058 | Zig:18   | Killed a greater mummy
 37058 | Zig:18   | Killed a greater mummy
 37058 | Zig:18   | Killed a greater mummy
 37058 | Zig:18   | Killed a greater mummy
 37058 | Zig:18   | Killed a greater mummy
 37058 | Zig:18   | Killed a greater mummy
 37058 | Zig:18   | Killed a greater mummy
 37058 | Zig:18   | Noticed a greater mummy
 37058 | Zig:18   | Noticed a greater mummy
 37058 | Zig:18   | Noticed a greater mummy
 37058 | Zig:18   | Noticed a greater mummy
 37059 | Zig:18   | Killed a greater mummy
 37059 | Zig:18   | Noticed a greater mummy
 37059 | Zig:18   | Noticed a greater mummy
 37059 | Zig:18   | Noticed a greater mummy
 37059 | Zig:18   | Noticed a greater mummy
 37060 | Zig:18   | Killed a greater mummy
 37060 | Zig:18   | Killed a greater mummy
 37060 | Zig:18   | Killed a greater mummy
 37060 | Zig:18   | Noticed a greater mummy
 37060 | Zig:18   | Noticed a greater mummy
 37061 | Zig:18   | Killed a greater mummy
 37061 | Zig:18   | Killed a greater mummy
 37061 | Zig:18   | Killed a greater mummy
 37061 | Zig:18   | Killed a greater mummy
 37061 | Zig:18   | Killed a greater mummy
 37061 | Zig:18   | Noticed a greater mummy
 37062 | Zig:18   | Killed a greater mummy
 37062 | Zig:18   | Noticed a greater mummy
 37062 | Zig:18   | Noticed a greater mummy
 37063 | Zig:18   | Killed a greater mummy
 37063 | Zig:18   | Killed a greater mummy
 37064 | Zig:18   | Killed a greater mummy
 37064 | Zig:18   | Killed a greater mummy
 37064 | Zig:18   | Killed a greater mummy
 37064 | Zig:18   | Killed a greater mummy
 37064 | Zig:18   | Killed a greater mummy
 37064 | Zig:18   | Noticed a greater mummy
 37067 | Zig:18   | Killed a greater mummy
 37067 | Zig:18   | Noticed a greater mummy
 37069 | Zig:18   | Killed a greater mummy
 37085 | Zig:18   | Found the +8 lance "Wyrmbane" {slay drac, rPois rF+ rC+ AC+3}
 37095 | Zig:18   | Got a smoking turquoise ring
 37103 | Zig:18   | Got a brightly glowing brass ring
 37112 | Zig:18   | Got a steaming copper amulet
 37113 | Zig:18   | Identified the amulet of Gozag's Condemnation {+Rage rElec rN+} (You found it on level 18 of a ziggurat)
 37114 | Zig:18   | Identified the ring "Biti" {Ice Dex+4 Stlth+} (You found it on level 18 of a ziggurat)
 37115 | Zig:18   | Identified the ring of Boikhlih {+Fly Int+2 SInv Stlth+} (You found it on level 18 of a ziggurat)
 37133 | Zig:19   | Entered Level 19 of a ziggurat
 37202 | Zig:19   | Found the +8 autumn katana {slice, Clar}
 37212 | Zig:19   | Got a steaming lead amulet
 37213 | Zig:19   | Identified the amulet "Wyfiu" {Reflect MR+++ Int-3 Dex+8 SH+4} (You found it on level 19 of a ziggurat)
 37226 | Zig:19   | Reached skill level 27 in Poison Magic
 37231 | Zig:20   | Entered Level 20 of a ziggurat
 37307 | Zig:20   | Identified the +1 robe of Disappointment {Regen+ rCorr Int+3} (You found it on level 20 of a ziggurat)
 37314 | Zig:20   | Identified the +2 robe "Niune" {*Contam +Fly rElec SInv} (You found it on level 20 of a ziggurat)
 37323 | Zig:21   | Entered Level 21 of a ziggurat
 37339 | Zig:21   | Noticed an ancient lich
 37339 | Zig:21   | Noticed an ancient lich
 37340 | Zig:21   | Killed an ancient lich
 37341 | Zig:21   | Killed an ancient lich
 37342 | Zig:21   | Noticed an ancient lich
 37342 | Zig:21   | Noticed an ancient lich
 37343 | Zig:21   | ReniFell: can u #
 37343 | Zig:21   | Killed an ancient lich
 37343 | Zig:21   | Noticed an ancient lich
 37343 | Zig:21   | Noticed an ancient lich
 37344 | Zig:21   | Killed an ancient lich
 37344 | Zig:21   | Noticed an ancient lich
 37345 | Zig:21   | Killed an ancient lich
 37345 | Zig:21   | Noticed an ancient lich
 37346 | Zig:21   | Killed an ancient lich
 37346 | Zig:21   | Killed an ancient lich
 37346 | Zig:21   | Noticed an ancient lich
 37347 | Zig:21   | Killed an ancient lich
 37348 | Zig:21   | ReniFell: thanks
 37348 | Zig:21   | Noticed an ancient lich
 37349 | Zig:21   | Killed an ancient lich
 37350 | Zig:21   | Killed an ancient lich
 37351 | Zig:21   | Noticed an ancient lich
 37351 | Zig:21   | Noticed an ancient lich
 37353 | Zig:21   | Killed an ancient lich
 37354 | Zig:21   | Killed an ancient lich
 37354 | Zig:21   | 4thArraOfDagon: there
 37354 | Zig:21   | 4thArraOfDagon: np
 37354 | Zig:21   | Noticed an ancient lich
 37357 | Zig:21   | Killed an ancient lich
 37357 | Zig:21   | Noticed an ancient lich
 37358 | Zig:21   | Noticed an ancient lich
 37359 | Zig:21   | Killed an ancient lich
 37360 | Zig:21   | Killed an ancient lich
 37360 | Zig:21   | Noticed an ancient lich
 37362 | Zig:21   | Killed an ancient lich
 37365 | Zig:21   | Noticed an ancient lich
 37367 | Zig:21   | Killed an ancient lich
 37369 | Zig:21   | Noticed an ancient lich
 37371 | Zig:21   | Killed an ancient lich
 37371 | Zig:21   | Noticed an ancient lich
 37373 | Zig:21   | Killed an ancient lich
 37389 | Zig:21   | Found the +3 pair of gauntlets of War {Slay+5}
 37424 | Zig:21   | Identified the cursed +0 fire dragon scales "Irery" {rF++ rC- Dex+6} (You found it on level 21 of a ziggurat)
 37427 | Zig:21   | Reached skill level 27 in Hexes
 37429 | Zig:22   | Entered Level 22 of a ziggurat
 37449 | Zig:22   | Noticed an ancient lich
 37450 | Zig:22   | Killed an ancient lich
 37450 | Zig:22   | Noticed an ancient lich
 37451 | Zig:22   | Noticed an ancient lich
 37455 | Zig:22   | Killed an ancient lich
 37455 | Zig:22   | Killed an ancient lich
 37457 | Zig:22   | Noticed an ancient lich
 37459 | Zig:22   | Noticed an ancient lich
 37459 | Zig:22   | Killed an ancient lich
 37459 | Zig:22   | Noticed an ancient lich
 37460 | Zig:22   | Killed an ancient lich
 37460 | Zig:22   | Killed an ancient lich
 37461 | Zig:22   | Noticed an ancient lich
 37463 | Zig:22   | Noticed an ancient lich
 37463 | Zig:22   | Killed an ancient lich
 37463 | Zig:22   | Killed an ancient lich
 37465 | Zig:22   | Noticed an ancient lich
 37467 | Zig:22   | Killed an ancient lich
 37467 | Zig:22   | Noticed an ancient lich
 37467 | Zig:22   | Noticed an ancient lich
 37467 | Zig:22   | Noticed an ancient lich
 37467 | Zig:22   | Noticed an ancient lich
 37468 | Zig:22   | Killed an ancient lich
 37468 | Zig:22   | Killed an ancient lich
 37468 | Zig:22   | Noticed an ancient lich
 37469 | Zig:22   | Killed an ancient lich
 37469 | Zig:22   | Killed an ancient lich
 37469 | Zig:22   | Noticed an ancient lich
 37470 | Zig:22   | Killed an ancient lich
 37470 | Zig:22   | Noticed an ancient lich
 37470 | Zig:22   | Noticed an ancient lich
 37471 | Zig:22   | Killed an ancient lich
 37473 | Zig:22   | Noticed an ancient lich
 37473 | Zig:22   | Killed an ancient lich
 37473 | Zig:22   | Killed an ancient lich
 37473 | Zig:22   | Killed an ancient lich
 37474 | Zig:22   | Noticed an ancient lich
 37476 | Zig:22   | Noticed an ancient lich
 37476 | Zig:22   | Killed an ancient lich
 37476 | Zig:22   | Noticed an ancient lich
 37477 | Zig:22   | Noticed an ancient lich
 37478 | Zig:22   | Killed an ancient lich
 37478 | Zig:22   | Killed an ancient lich
 37478 | Zig:22   | Noticed an ancient lich
 37479 | Zig:22   | Killed an ancient lich
 37479 | Zig:22   | Killed an ancient lich
 37479 | Zig:22   | Noticed an ancient lich
 37480 | Zig:22   | Noticed an ancient lich
 37481 | Zig:22   | Killed an ancient lich
 37481 | Zig:22   | Killed an ancient lich
 37495 | Zig:22   | Found the +18 shield of the Gong {rElec rN+ MR+ EV-5}
 37497 | Zig:22   | Found the +8 Wrath of Trog {antimagic, *Rage}
 37515 | Zig:22   | Identified the +1 shield "Uxtalil" {rN+ Stlth+} (You found it on level 22 of a ziggurat)
 37536 | Zig:23   | Entered Level 23 of a ziggurat
 37542 | Zig:23   | Noticed a juggernaut
 37546 | Zig:23   | Noticed a juggernaut
 37547 | Zig:23   | Noticed a juggernaut
 37548 | Zig:23   | Killed a juggernaut
 37548 | Zig:23   | Killed a juggernaut
 37549 | Zig:23   | Killed a juggernaut
 37549 | Zig:23   | Noticed a juggernaut
 37551 | Zig:23   | Noticed a juggernaut
 37551 | Zig:23   | Noticed a juggernaut
 37551 | Zig:23   | Noticed a juggernaut
 37553 | Zig:23   | Killed a juggernaut
 37553 | Zig:23   | Killed a juggernaut
 37553 | Zig:23   | Noticed a juggernaut
 37554 | Zig:23   | Killed a juggernaut
 37554 | Zig:23   | Killed a juggernaut
 37554 | Zig:23   | Noticed a juggernaut
 37555 | Zig:23   | Killed a juggernaut
 37555 | Zig:23   | Noticed a juggernaut
 37557 | Zig:23   | Killed a juggernaut
 37557 | Zig:23   | Noticed a juggernaut
 37558 | Zig:23   | Killed a juggernaut
 37558 | Zig:23   | Noticed a juggernaut
 37558 | Zig:23   | Noticed a juggernaut
 37559 | Zig:23   | Killed a juggernaut
 37560 | Zig:23   | Killed a juggernaut
 37561 | Zig:23   | Killed a juggernaut
 37562 | Zig:23   | Noticed a juggernaut
 37564 | Zig:23   | Killed a juggernaut
 37595 | Zig:23   | Found the +6 shillelagh "Devastator" {shatter}
 37616 | Zig:23   | Reached skill level 27 in Short Blades
 37626 | Zig:24   | Entered Level 24 of a ziggurat
 37649 | Zig:24   | Noticed a juggernaut
 37649 | Zig:24   | Noticed a juggernaut
 37651 | Zig:24   | Noticed a juggernaut
 37651 | Zig:24   | Noticed a juggernaut
 37651 | Zig:24   | Killed a juggernaut
 37651 | Zig:24   | Killed a juggernaut
 37651 | Zig:24   | Noticed a juggernaut
 37651 | Zig:24   | Noticed a juggernaut
 37652 | Zig:24   | Killed a juggernaut
 37652 | Zig:24   | Killed a juggernaut
 37652 | Zig:24   | Noticed a juggernaut
 37652 | Zig:24   | Noticed a juggernaut
 37653 | Zig:24   | Noticed a juggernaut
 37653 | Zig:24   | Noticed a juggernaut
 37654 | Zig:24   | Killed a juggernaut
 37654 | Zig:24   | Killed a juggernaut
 37654 | Zig:24   | Killed a juggernaut
 37654 | Zig:24   | Noticed a juggernaut
 37655 | Zig:24   | Killed a juggernaut
 37655 | Zig:24   | Killed a juggernaut
 37655 | Zig:24   | Noticed a juggernaut
 37655 | Zig:24   | Noticed a juggernaut
 37655 | Zig:24   | Noticed a juggernaut
 37655 | Zig:24   | Noticed a juggernaut
 37656 | Zig:24   | Killed a juggernaut
 37657 | Zig:24   | Killed a juggernaut
 37657 | Zig:24   | Killed a juggernaut
 37657 | Zig:24   | Noticed a juggernaut
 37657 | Zig:24   | Noticed a juggernaut
 37658 | Zig:24   | Killed a juggernaut
 37658 | Zig:24   | Killed a juggernaut
 37659 | Zig:24   | Killed a juggernaut
 37659 | Zig:24   | Noticed a juggernaut
 37659 | Zig:24   | Noticed a juggernaut
 37660 | Zig:24   | Noticed a juggernaut
 37660 | Zig:24   | Killed a juggernaut
 37660 | Zig:24   | Noticed a juggernaut
 37660 | Zig:24   | Noticed a juggernaut
 37660 | Zig:24   | Noticed a juggernaut
 37661 | Zig:24   | Killed a juggernaut
 37661 | Zig:24   | Killed a juggernaut
 37661 | Zig:24   | Killed a juggernaut
 37662 | Zig:24   | Killed a juggernaut
 37662 | Zig:24   | Killed a juggernaut
 37662 | Zig:24   | Killed a juggernaut
 37662 | Zig:24   | Killed a juggernaut
 37663 | Zig:24   | Noticed a juggernaut
 37664 | Zig:24   | Noticed a juggernaut
 37664 | Zig:24   | Noticed a juggernaut
 37665 | Zig:24   | Killed a juggernaut
 37665 | Zig:24   | Killed a juggernaut
 37666 | Zig:24   | Killed a juggernaut
 37666 | Zig:24   | Noticed a juggernaut
 37668 | Zig:24   | Killed a juggernaut
 37668 | Zig:24   | Noticed a juggernaut
 37670 | Zig:24   | Killed a juggernaut
 37707 | Zig:24   | Found the +2 Maxwell's thermic engine {flame, freeze, rF- rC-}
 37711 | Zig:24   | Got a shimmering amber ring
 37715 | Zig:24   | Identified the +2 robe of Liberty {rN++} (You found it on level 24 of a ziggurat)
 37719 | Zig:24   | Identified the +2 robe of Inviolability {Int+4} (You found it on level 24 of a ziggurat)
 37726 | Zig:24   | Got a transparent bone ring
 37727 | Zig:24   | Identified the ring "Moosy" {rPois Str+2 Stlth+} (You found it on level 24 of a ziggurat)
 37728 | Zig:24   | Identified the ring of Retowen {MP+9 Dex+4 Slay+5} (You found it on level 24 of a ziggurat)
 37738 | Zig:24   | Got a faintly glowing ruby amulet
 37739 | Zig:24   | Identified the amulet "Loh Gei" {Faith *Contam Str+6 Int+4} (You found it on level 24 of a ziggurat)
 37745 | Zig:24   | Got a pitted silver ring
 37746 | Zig:24   | Identified the ring "Bizofev" {rC+ AC+4 Int+4} (You found it on level 24 of a ziggurat)
 37760 | Zig:25   | Entered Level 25 of a ziggurat
 37846 | Zig:25   | Got a translucent bone ring
 37847 | Zig:25   | Identified Coagef's Incunabulum of Creation and Stolen Souls
 37852 | Zig:25   | Got a scintillating turquoise ring
 37865 | Zig:25   | Got a sparkling amber ring
 37879 | Zig:25   | Identified the ring of Kucvuec {Ice rPois Dex+3} (You found it on level 25 of a ziggurat)
 37880 | Zig:25   | Identified the ring "Deplup" {rF+ rC+ Str+3} (You found it on level 25 of a ziggurat)
 37881 | Zig:25   | Identified the ring "Hianit Xokh" {rC++ rN+ Str+2 Dex-4 SInv} (You found it on level 25 of a ziggurat)
 37887 | Zig:26   | Entered Level 26 of a ziggurat
 37916 | Zig:26   | Reached skill level 27 in Axes
 37966 | Zig:26   | Found the +8 mithril axe "Arga" {speed, MR+}
 37974 | Zig:26   | Got a warped silver amulet
 37977 | Zig:26   | Identified the amulet "Habuneoc" {+Rage Int+4} (You found it on level 26 of a ziggurat)
 37987 | Zig:26   | Got an ancient platinum amulet
 37988 | Zig:26   | Identified the amulet "Suilu" {RegenMP +Inv} (You found it on level 26 of a ziggurat)
 38006 | Zig:26   | Got a vibrating jade ring
 38007 | Zig:26   | Identified the ring "Calexuh" {rF++ rC- MR+ Int+4} (You found it on level 26 of a ziggurat)
 38025 | Zig:27   | Entered Level 27 of a ziggurat
 38118 | Zig:27   | Found the +9 staff of Wucad Mu {channel}
 38128 | Zig:27   | Got a faintly glowing platinum ring
 38129 | Zig:27   | Identified the ring "Sikuxel" {MR+ Str+4 Dex+8} (You found it on level 27 of a ziggurat)
 38140 | Zig:27   | Identified the Guide on the Enthralling Compass
 38156 | Zig:27   | Got a brightly glowing halberd
 38163 | Zig:27   | Identified the +2 shield "Yplif" {SInv} (You found it on level 27 of a ziggurat)
 38172 | Zig:1    | Entered Level 1 of a ziggurat
 38179 | Zig:2    | Entered Level 2 of a ziggurat
 38196 | Zig:3    | Entered Level 3 of a ziggurat
 38196 | Zig:3    | Noticed a juggernaut
 38196 | Zig:3    | Noticed a juggernaut
 38196 | Zig:3    | Noticed a juggernaut
 38199 | Zig:3    | Killed a juggernaut
 38199 | Zig:3    | Killed a juggernaut
 38199 | Zig:3    | Killed a juggernaut
 38209 | Zig:4    | Entered Level 4 of a ziggurat
 38236 | Zig:5    | Entered Level 5 of a ziggurat
 38274 | Zig:6    | Entered Level 6 of a ziggurat
 38297 | Zig:6    | Got a warped glass ring
 38298 | Zig:6    | Identified the ring "Dyohy" {rElec rF- MP+9 Str+3 Stlth+} (You found it on level 6 of a ziggurat)
 38307 | Zig:7    | Entered Level 7 of a ziggurat
 38307 | Zig:7    | Noticed an ancient lich
 38307 | Zig:7    | Noticed an ancient lich
 38307 | Zig:7    | Noticed an ancient lich
 38308 | Zig:7    | Noticed an ancient lich
 38309 | Zig:7    | Killed an ancient lich
 38310 | Zig:7    | Killed an ancient lich
 38310 | Zig:7    | Killed an ancient lich
 38310 | Zig:7    | Killed an ancient lich
 38315 | Zig:7    | Noticed an ancient lich
 38317 | Zig:7    | Killed an ancient lich
 38348 | Zig:8    | Entered Level 8 of a ziggurat
 38383 | Zig:9    | Entered Level 9 of a ziggurat
 38414 | Zig:9    | Identified the +1 robe of Eternity {Dex+4} (You found it on level 9 of a ziggurat)
 38421 | Zig:10   | Entered Level 10 of a ziggurat
 38481 | Zig:11   | Entered Level 11 of a ziggurat
 38513 | Zig:11   | Found the amulet of Vitality {Regen+ HP+15}
 38523 | Zig:11   | Identified the +5 large shield of the Lily {rC+ Str+3 Dex+2} (You acquired it on level 11 of a ziggurat)
 38526 | Zig:11   | Identified Niwuegg's Catalogue of Igneous Translocation
 38619 | Zig:12   | Entered Level 12 of a ziggurat
 38647 | Zig:12   | Noticed Mgcat's ghost (legendary HOBe)
 38661 | Zig:12   | Killed Mgcat's ghost
 38683 | Zig:12   | Got a vibrating turquoise ring
 38685 | Zig:12   | Got a heavily runed marble ring
 38692 | Zig:12   | Identified the ring of Greater Demons {Ice rElec Str+2 Int-4} (You found it on level 12 of a ziggurat)
 38694 | Zig:12   | Identified the ring of Summer {EV+6 Int+4} (You found it on level 12 of a ziggurat)
 38695 | Zig:12   | Identified the ring of Giufough {rPois rF+ SInv} (You found it on level 12 of a ziggurat)
 38700 | Zig:13   | Entered Level 13 of a ziggurat
 38767 | Zig:13   | Got a translucent jade amulet
 38771 | Zig:13   | Identified the amulet "Pevvuffa" {Spirit rElec Dex-2 Stlth+} (You found it on level 13 of a ziggurat)
 38776 | Zig:13   | Got a faintly glowing ivory ring
 38780 | Zig:13   | Reached skill level 27 in Long Blades
 38781 | Zig:13   | Identified the ring of the Blind Eye {Wiz rPois} (You found it on level 13 of a ziggurat)
 38788 | Zig:13   | Identified the amulet of Zihur {Spirit rN+++ Int-4 Dex-5 SInv} (You found it on level 13 of a ziggurat)
 38793 | Zig:14   | Entered Level 14 of a ziggurat
 38843 | Zig:14   | Found the +12 glaive of Prune {chop}
 38846 | Zig:14   | Got a coiled golden ring
 38847 | Zig:14   | Identified the ring of Uskayaw's Approval {Int+4 Stlth+} (You found it on level 14 of a ziggurat)
 38881 | Zig:14   | Found the +2 hat of the Bear Spirit {Spirit, +Rage rN+ MR++}
 38881 | Zig:14   | Identified the +0 cloak of the Valley of Death {Regen+} (You acquired it on level 14 of a ziggurat)
 38884 | Zig:15   | Entered Level 15 of a ziggurat
 38964 | Zig:16   | Entered Level 16 of a ziggurat
 39036 | Zig:16   | Got a bound copper amulet
 39039 | Zig:16   | Identified the ring of Fyshya Yfanu {rElec AC+1} (You found it on level 16 of a ziggurat)
 39040 | Zig:16   | Identified the amulet of Modesty {Inacc Dex+3} (You found it on level 16 of a ziggurat)
 39053 | Zig:16   | Reached skill level 27 in Maces & Flails
 39057 | Zig:16   | Identified the +0 gold dragon scales "Jadd" {rPois rF+ rC+ Int+4 Slay+3} (You acquired it on level 16 of a ziggurat)
 39114 | Zig:17   | Entered Level 17 of a ziggurat
 39164 | Zig:17   | Found the +0 pair of fencer's gloves {+Riposte Dex+3}
 39172 | Zig:17   | Got a transparent brass amulet
 39179 | Zig:17   | Got a translucent lead amulet
 39189 | Zig:17   | Identified the cursed +1 shadow dragon scales of Usiobimu {rF+ Dex+5 Stlth++++} (You found it on level 17 of a ziggurat)
 39192 | Zig:17   | Identified the amulet of Ossosteif {Gourm rPois rC+ Dex+7} (You found it on level 17 of a ziggurat)
 39193 | Zig:17   | Identified the amulet of Gofasch {Harm *Drain Str+4 SInv} (You found it on level 17 of a ziggurat)
 39199 | Zig:18   | Entered Level 18 of a ziggurat
 39256 | Zig:18   | Found the +6 lightning scales {run, rElec}
 39268 | Zig:18   | Identified the +1 robe of Fycoihio {rC+ MR+ SInv} (You found it on level 18 of a ziggurat)
 39275 | Zig:18   | Got a glittering lead ring
 39276 | Zig:18   | Identified the ring "Ahakk" {rF+ Stlth+} (You found it on level 18 of a ziggurat)
 39282 | Zig:19   | Entered Level 19 of a ziggurat
 39340 | Zig:19   | Found the cursed necklace of Bloodlust {*Rage +Rage MR++ Int-3 Slay+6 *Curse}
 39358 | Zig:19   | Identified the Guide on Congealing Transmutation
 39365 | Zig:19   | Got an ancient iron ring
 39366 | Zig:19   | Identified the ring "Niwn" {+Fly Int+2} (You found it on level 19 of a ziggurat)
 39374 | Zig:20   | Entered Level 20 of a ziggurat
 39393 | Zig:20   | Noticed Soeti's ghost (legendary OpTm)
 39401 | Zig:20   | Killed Soeti's ghost
 39402 | Zig:20   | Noticed Luucoir the pandemonium lord
 39404 | Zig:20   | rip bud
 39406 | Zig:20   | Killed Luucoir the pandemonium lord
 39471 | Zig:20   | Got a shimmering brass ring
 39472 | Zig:20   | Identified the ring "Soacaq" {rCorr Str+7 Int-5} (You found it on level 20 of a ziggurat)
 39478 | Zig:20   | Got a clouded ruby amulet
 39479 | Zig:20   | Identified the amulet "Suliplywk" {Fragile rElec rF+++ Regen+} (You found it on level 20 of a ziggurat)
 39497 | Zig:21   | Entered Level 21 of a ziggurat
 39505 | Zig:21   | Noticed Mawiemuj the pandemonium lord
 39506 | Zig:21   | Noticed Jeyfoh the pandemonium lord
 39507 | Zig:21   | Noticed Ymatai the pandemonium lord
 39508 | Zig:21   | Killed Mawiemuj the pandemonium lord
 39508 | Zig:21   | Noticed Ojassuv the pandemonium lord
 39509 | Zig:21   | Noticed Arashoul the pandemonium lord
 39510 | Zig:21   | Noticed Pozih the pandemonium lord
 39514 | Zig:21   | Killed Ymatai the pandemonium lord
 39518 | Zig:21   | Killed Arashoul the pandemonium lord
 39518 | Zig:21   | Killed Pozih the pandemonium lord
 39520 | Zig:21   | Noticed Sollepp the pandemonium lord
 39523 | Zig:21   | Noticed Ilaabeov the pandemonium lord
 39523 | Zig:21   | Noticed Ymoolue the pandemonium lord
 39524 | Zig:21   | Killed Ilaabeov the pandemonium lord
 39524 | Zig:21   | Noticed Juyme Woicu the pandemonium lord
 39526 | Zig:21   | Killed Ymoolue the pandemonium lord
 39526 | Zig:21   | Noticed Meggoij the pandemonium lord
 39526 | Zig:21   | Noticed Ustu the pandemonium lord
 39527 | Zig:21   | Killed Jeyfoh the pandemonium lord
 39527 | Zig:21   | Noticed Koprig the pandemonium lord
 39527 | Zig:21   | Killed Sollepp the pandemonium lord
 39527 | Zig:21   | Noticed Taofe the pandemonium lord
 39528 | Zig:21   | Killed Juyme Woicu the pandemonium lord
 39528 | Zig:21   | Noticed Pura Lilo the pandemonium lord
 39528 | Zig:21   | Noticed Unokk the pandemonium lord
 39529 | Zig:21   | Killed Koprig the pandemonium lord
 39529 | Zig:21   | Noticed Enishr Xomemn the pandemonium lord
 39530 | Zig:21   | Killed Unokk the pandemonium lord
 39531 | Zig:21   | Killed Meggoij the pandemonium lord
 39531 | Zig:21   | Noticed Beoqeiqy the pandemonium lord
 39532 | Zig:21   | Killed Pura Lilo the pandemonium lord
 39532 | Zig:21   | Killed Ustu the pandemonium lord
 39532 | Zig:21   | Noticed Iwkipet the pandemonium lord
 39532 | Zig:21   | Noticed Letaech the pandemonium lord
 39533 | Zig:21   | Noticed Mybusche the pandemonium lord
 39533 | Zig:21   | Killed Ojassuv the pandemonium lord
 39533 | Zig:21   | Killed Enishr Xomemn the pandemonium lord
 39533 | Zig:21   | Noticed Zifykep the pandemonium lord
 39534 | Zig:21   | Killed Taofe the pandemonium lord
 39534 | Zig:21   | Killed Mybusche the pandemonium lord
 39534 | Zig:21   | Noticed Jasm the pandemonium lord
 39535 | Zig:21   | Killed Letaech the pandemonium lord
 39535 | Zig:21   | Noticed Nohuh the pandemonium lord
 39535 | Zig:21   | Noticed Ymeschuc the pandemonium lord
 39535 | Zig:21   | Noticed Rinnud the pandemonium lord
 39536 | Zig:21   | Killed Zifykep the pandemonium lord
 39536 | Zig:21   | Killed Jasm the pandemonium lord
 39536 | Zig:21   | Noticed Piatakh the pandemonium lord
 39537 | Zig:21   | Killed Iwkipet the pandemonium lord
 39537 | Zig:21   | Killed Beoqeiqy the pandemonium lord
 39537 | Zig:21   | Killed Ymeschuc the pandemonium lord
 39537 | Zig:21   | Noticed Kaotir the pandemonium lord
 39537 | Zig:21   | Noticed Zureriwixt the pandemonium lord
 39538 | Zig:21   | Noticed Horaompu the pandemonium lord
 39539 | Zig:21   | Killed Wauc Mitu the pandemonium lord
 39539 | Zig:21   | Killed Rinnud the pandemonium lord
 39539 | Zig:21   | Noticed Ninuuq the pandemonium lord
 39540 | Zig:21   | Killed Zureriwixt the pandemonium lord
 39540 | Zig:21   | Killed Kaotir the pandemonium lord
 39540 | Zig:21   | Noticed Antar the pandemonium lord
 39541 | Zig:21   | Killed Nohuh the pandemonium lord
 39541 | Zig:21   | Noticed Kicky the pandemonium lord
 39541 | Zig:21   | Noticed Rejuwop the pandemonium lord
 39542 | Zig:21   | Killed Horaompu the pandemonium lord
 39542 | Zig:21   | Killed Kicky the pandemonium lord
 39542 | Zig:21   | Noticed Mevvohepn the pandemonium lord
 39543 | Zig:21   | Killed Zous the pandemonium lord
 39544 | Zig:21   | Killed Piatakh the pandemonium lord
 39544 | Zig:21   | Noticed Ezxapt the pandemonium lord
 39544 | Zig:21   | Noticed Icsavouno the pandemonium lord
 39545 | Zig:21   | Killed Rejuwop the pandemonium lord
 39545 | Zig:21   | Killed Ninuuq the pandemonium lord
 39545 | Zig:21   | Noticed Yvuec the pandemonium lord
 39546 | Zig:21   | Killed Antar the pandemonium lord
 39546 | Zig:21   | Noticed Vuacvasch the pandemonium lord
 39548 | Zig:21   | Noticed Winom the pandemonium lord
 39548 | Zig:21   | Noticed Gel Miu the pandemonium lord
 39549 | Zig:21   | Killed Mevvohepn the pandemonium lord
 39549 | Zig:21   | Killed Ezxapt the pandemonium lord
 39549 | Zig:21   | Killed Icsavouno the pandemonium lord
 39550 | Zig:21   | Killed Yvuec the pandemonium lord
 39550 | Zig:21   | Killed Goskuimp the pandemonium lord
 39550 | Zig:21   | Noticed Ygueklu the pandemonium lord
 39551 | Zig:21   | Noticed Vanessau the pandemonium lord
 39552 | Zig:21   | Killed Vuacvasch the pandemonium lord
 39552 | Zig:21   | Noticed Wuecup the pandemonium lord
 39552 | Zig:21   | Killed Ygueklu the pandemonium lord
 39553 | Zig:21   | Killed Winom the pandemonium lord
 39553 | Zig:21   | Noticed Huobliz the pandemonium lord
 39553 | Zig:21   | Killed Wuecup the pandemonium lord
 39554 | Zig:21   | Killed Gel Miu the pandemonium lord
 39554 | Zig:21   | Killed Ocriycog the pandemonium lord
 39555 | Zig:21   | Killed Rujotuah the pandemonium lord
 39556 | Zig:21   | Killed Vanessau the pandemonium lord
 39556 | Zig:21   | Noticed Syuf Xae the pandemonium lord
 39557 | Zig:21   | Noticed Wel Zute the pandemonium lord
 39558 | Zig:21   | Killed Qoarph the pandemonium lord
 39558 | Zig:21   | Killed Wel Zute the pandemonium lord
 39558 | Zig:21   | Noticed Tano the pandemonium lord
 39560 | Zig:21   | Killed Tano the pandemonium lord
 39561 | Zig:21   | Killed Huobliz the pandemonium lord
 39562 | Zig:21   | Noticed Onyfuoci the pandemonium lord
 39563 | Zig:21   | Killed Syuf Xae the pandemonium lord
 39564 | Zig:21   | Killed Onyfuoci the pandemonium lord
 39564 | Zig:21   | Killed Laxzefia the pandemonium lord
 39564 | Zig:21   | Killed Ticwaq the pandemonium lord
 39566 | Zig:21   | Noticed Featzeti the pandemonium lord
 39566 | Zig:21   | Noticed Ovetruaq the pandemonium lord
 39567 | Zig:21   | Noticed Fopua the pandemonium lord
 39568 | Zig:21   | Killed Ovetruaq the pandemonium lord
 39568 | Zig:21   | Killed Featzeti the pandemonium lord
 39568 | Zig:21   | Noticed Qeoliopos the pandemonium lord
 39569 | Zig:21   | Killed Qeoliopos the pandemonium lord
 39570 | Zig:21   | Killed Fopua the pandemonium lord
 39571 | Zig:21   | Noticed Iriugrun the pandemonium lord
 39573 | Zig:21   | Killed Iriugrun the pandemonium lord
 39574 | Zig:21   | Noticed Buuxirgh the pandemonium lord
 39578 | Zig:21   | Killed Buuxirgh the pandemonium lord
 39580 | Zig:21   | Noticed Ufuase the pandemonium lord
 39582 | Zig:21   | Killed Ufuase the pandemonium lord
 39583 | Zig:21   | Noticed Boneubug the pandemonium lord
 39586 | Zig:21   | Killed Boneubug the pandemonium lord
 39645 | Zig:22   | Entered Level 22 of a ziggurat
 39661 | Zig:22   | Noticed an ancient lich
 39663 | Zig:22   | Killed an ancient lich
 39667 | Zig:22   | Noticed an ancient lich
 39669 | Zig:22   | Killed an ancient lich
 39670 | Zig:22   | Noticed an ancient lich
 39671 | Zig:22   | Noticed an ancient lich
 39672 | Zig:22   | Killed an ancient lich
 39672 | Zig:22   | Killed an ancient lich
 39672 | Zig:22   | Noticed an ancient lich
 39674 | Zig:22   | Noticed an ancient lich
 39675 | Zig:22   | Killed an ancient lich
 39676 | Zig:22   | Killed an ancient lich
 39677 | Zig:22   | Noticed an ancient lich
 39678 | Zig:22   | Killed an ancient lich
 39678 | Zig:22   | Noticed an ancient lich
 39678 | Zig:22   | Noticed an ancient lich
 39679 | Zig:22   | Killed an ancient lich
 39679 | Zig:22   | Killed an ancient lich
 39680 | Zig:22   | Noticed an ancient lich
 39681 | Zig:22   | Noticed an ancient lich
 39681 | Zig:22   | Noticed an ancient lich
 39682 | Zig:22   | Killed an ancient lich
 39682 | Zig:22   | Noticed an ancient lich
 39682 | Zig:22   | Noticed an ancient lich
 39683 | Zig:22   | Killed an ancient lich
 39683 | Zig:22   | Killed an ancient lich
 39683 | Zig:22   | Killed an ancient lich
 39683 | Zig:22   | Killed an ancient lich
 39684 | Zig:22   | Noticed an ancient lich
 39685 | Zig:22   | Noticed an ancient lich
 39686 | Zig:22   | Killed an ancient lich
 39686 | Zig:22   | Killed an ancient lich
 39688 | Zig:22   | Noticed an ancient lich
 39690 | Zig:22   | Killed an ancient lich
 39693 | Zig:22   | Noticed an ancient lich
 39694 | Zig:22   | Killed an ancient lich
 39695 | Zig:22   | Noticed an ancient lich
 39697 | Zig:22   | Killed an ancient lich
 39722 | Zig:22   | Found the +7 lajatang of Order {silver, rMut}
 39734 | Zig:22   | Got a crude marble ring
 39736 | Zig:22   | Identified the Incunabulum of Calling and the Glacier
 39750 | Zig:22   | Got a warped golden ring
 39751 | Zig:22   | Identified the ring of Elyvilon's Wrath {Wiz rElec SInv} (You found it on level 22 of a ziggurat)
 39752 | Zig:22   | Identified the ring of the First Gods {rN+++ Str+2 Dex-5} (You found it on level 22 of a ziggurat)
 39757 | Zig:22   | Got a sparkling copper amulet
 39758 | Zig:22   | Identified the amulet "Dul Hixt" {Reflect rC++ Int-5 SH+2} (You found it on level 22 of a ziggurat)
 39766 | Zig:23   | Entered Level 23 of a ziggurat
 39806 | Zig:23   | Noticed Jomas the pandemonium lord
 39808 | Zig:23   | Killed Jomas the pandemonium lord
 39843 | Zig:23   | Found the +8 demon blade "Bloodbane" {slice, *Rage +Rage Stlth-}
 39875 | Zig:23   | Got a coiled lead amulet
 39876 | Zig:23   | Identified the amulet of Byidd {Gourm rF+++ rN+ MP+9 Stlth-} (You found it on level 23 of a ziggurat)
 39881 | Zig:23   | Identified the +5 broad axe of Linearity {chop, +Fly rPois rF+ Int+3} (You found it on level 23 of a ziggurat)
 39904 | Zig:24   | Entered Level 24 of a ziggurat
 39926 | Zig:24   | Sergey: hey
 39928 | Zig:24   | Sergey: 2nd zig ?
 39930 | Zig:24   | 4thArraOfDagon: yes
 39930 | Zig:24   | 4thArraOfDagon: :)
 39933 | Zig:24   | 4thArraOfDagon: jk/ like 10th?
 39935 | Zig:24   | Sergey: oh
 39935 | Zig:24   | Reached skill level 27 in Polearms
 39989 | Zig:24   | Found the ring of the Octopus King
 39990 | Zig:24   | Found the ring of the Octopus King
 40009 | Zig:24   | Got a ring of the Octopus King
 40011 | Zig:24   | Got a ring of the Octopus King
 40022 | Zig:24   | Got a slimy lead ring
 40023 | Zig:24   | Identified the ring of Ibure {rPois rN+ Dex+2 Stlth+} (You found it on level 24 of a ziggurat)
 40044 | Zig:24   | Got a shimmering lead ring
 40048 | Zig:24   | Identified the ring "Owkag" {Int+5 Dex+2} (You found it on level 24 of a ziggurat)
 40060 | Zig:25   | Entered Level 25 of a ziggurat
 40072 | Zig:25   | Noticed an ancient lich
 40077 | Zig:25   | Killed an ancient lich
 40078 | Zig:25   | Noticed an ancient lich
 40079 | Zig:25   | Noticed an ancient lich
 40080 | Zig:25   | Killed an ancient lich
 40080 | Zig:25   | Killed an ancient lich
 40080 | Zig:25   | Noticed an ancient lich
 40080 | Zig:25   | Noticed an ancient lich
 40082 | Zig:25   | Killed an ancient lich
 40082 | Zig:25   | Killed an ancient lich
 40082 | Zig:25   | Noticed an ancient lich
 40083 | Zig:25   | Noticed an ancient lich
 40083 | Zig:25   | Noticed an ancient lich
 40084 | Zig:25   | Noticed an ancient lich
 40084 | Zig:25   | Noticed an ancient lich
 40085 | Zig:25   | Killed an ancient lich
 40085 | Zig:25   | Killed an ancient lich
 40085 | Zig:25   | Killed an ancient lich
 40085 | Zig:25   | Killed an ancient lich
 40085 | Zig:25   | Noticed an ancient lich
 40086 | Zig:25   | Killed an ancient lich
 40086 | Zig:25   | Noticed an ancient lich
 40087 | Zig:25   | Killed an ancient lich
 40087 | Zig:25   | Noticed an ancient lich
 40088 | Zig:25   | Killed an ancient lich
 40089 | Zig:25   | Killed an ancient lich
 40089 | Zig:25   | Noticed an ancient lich
 40090 | Zig:25   | Noticed an ancient lich
 40090 | Zig:25   | Noticed an ancient lich
 40091 | Zig:25   | Killed an ancient lich
 40091 | Zig:25   | Killed an ancient lich
 40092 | Zig:25   | Killed an ancient lich
 40092 | Zig:25   | Noticed an ancient lich
 40092 | Zig:25   | Noticed an ancient lich
 40093 | Zig:25   | Killed an ancient lich
 40093 | Zig:25   | Killed an ancient lich
 40093 | Zig:25   | Noticed an ancient lich
 40093 | Zig:25   | Noticed an ancient lich
 40095 | Zig:25   | Killed an ancient lich
 40095 | Zig:25   | Killed an ancient lich
 40095 | Zig:25   | Noticed an ancient lich
 40097 | Zig:25   | Killed an ancient lich
 40128 | Zig:25   | Found the ring of the Octopus King
 40136 | Zig:25   | Got a ring of the Octopus King
 40146 | Zig:25   | Identified the -1 cloak of the Unbroken {Int+3} (You acquired it on level 25 of a ziggurat)
 40167 | Zig:25   | Got a coiled amber ring
 40173 | Zig:25   | Got a warped tin ring
 40175 | Zig:25   | Identified the ring of the Falcon {Wiz *Corrode MR+++ Str+3 Slay-2} (You found it on level 25 of a ziggurat)
 40176 | Zig:25   | Identified the ring "Leahur" {Ice *Drain SInv Stlth+} (You found it on level 25 of a ziggurat)
 40183 | Zig:26   | Entered Level 26 of a ziggurat
 40239 | Zig:26   | Reached skill level 27 in Bows
 40239 | Zig:26   | Reached skill level 27 in Crossbows
 40263 | Zig:26   | Found the +4 skin of Zhor {rC+++}
 40272 | Zig:26   | Identified the +1 robe of Denutaow {Str+6} (You found it on level 26 of a ziggurat)
 40314 | Zig:27   | Entered Level 27 of a ziggurat
 40328 | Zig:27   | Thaneod: quazlal + death door:>?
 40331 | Zig:27   | 4thArraOfDagon: haha xd
 40448 | Zig:27   | Got a wavering platinum ring
 40450 | Zig:27   | Got a scorched bronze ring
 40451 | Zig:27   | Identified the ring "Isoeguni" {*Tele SInv} (You found it on level 27 of a ziggurat)
 40452 | Zig:27   | Identified the ring of Deliomn {MP+9 AC+1} (You found it on level 27 of a ziggurat)
 40460 | Zig:27   | Got a translucent ivory ring
 40493 | Zig:27   | Identified Mocsicu's Papyrus of the Earthen Oath
 40499 | Zig:27   | Thaneod: to jest ten jeden?
 40502 | Zig:27   | Thaneod: czy jeszcze 1 poza tym?
 40511 | Zig:27   | Reached skill level 27 in Slings
 40513 | Zig:27   | 4thArraOfDagon: jeszcze jeden
 40513 | Zig:27   | 4thArraOfDagon: i ide spac
 40514 | Zig:27   | Thaneod: ok git
 40517 | Depths:2 | Identified the ring of Faiquiri {*Contam rPois Int+2 Stlth+} (You found it on level 27 of a ziggurat)
 40528 | Zig:1    | Entered Level 1 of a ziggurat
 40545 | Zig:2    | Entered Level 2 of a ziggurat
 40548 | Zig:2    | Thaneod: challenge - na lvl 1 same unikatowe ringi i zero scian:)
 40567 | Zig:3    | Entered Level 3 of a ziggurat
 40584 | Zig:3    | Got a serpentine tin amulet
 40596 | Zig:4    | Entered Level 4 of a ziggurat
 40601 | Zig:4    | 4thArraOfDagon: cos w tym rodzaju xd
 40617 | Zig:5    | Entered Level 5 of a ziggurat
 40617 | Zig:5    | Noticed an ancient lich
 40620 | Zig:5    | Killed an ancient lich
 40649 | Zig:6    | Entered Level 6 of a ziggurat
 40681 | Zig:6    | Got a shimmering wooden ring
 40685 | Zig:6    | Got a glittering wooden ring
 40693 | Zig:6    | Identified the amulet "Dimix" {Reflect Dex+3 SH+5} (You found it on level 3 of a ziggurat)
 40694 | Zig:6    | Identified the ring "Hokun" {rPois Str+4} (You found it on level 6 of a ziggurat)
 40699 | Zig:7    | Entered Level 7 of a ziggurat
 40733 | Zig:7    | Identified the ring of Yvuingao {*Drain +Inv rC+ Dex+2} (You found it on level 6 of a ziggurat)
 40736 | Zig:8    | Entered Level 8 of a ziggurat
 40764 | Zig:8    | Got a flickering lead amulet
 40771 | Zig:8    | Got a sparkling pewter ring
 40775 | Zig:9    | Entered Level 9 of a ziggurat
 40842 | Zig:9    | Got a brightly glowing robe
 40848 | Zig:10   | Entered Level 10 of a ziggurat
 40848 | Zig:10   | Noticed a greater mummy
 40848 | Zig:10   | Noticed a greater mummy
 40848 | Zig:10   | Noticed a greater mummy
 40850 | Zig:10   | Killed a greater mummy
 40850 | Zig:10   | Killed a greater mummy
 40850 | Zig:10   | Killed a greater mummy
 40850 | Zig:10   | Noticed a greater mummy
 40850 | Zig:10   | Noticed a greater mummy
 40851 | Zig:10   | Noticed a greater mummy
 40851 | Zig:10   | Noticed a greater mummy
 40851 | Zig:10   | Noticed a greater mummy
 40851 | Zig:10   | Noticed a greater mummy
 40853 | Zig:10   | Killed a greater mummy
 40854 | Zig:10   | Killed a greater mummy
 40854 | Zig:10   | Killed a greater mummy
 40855 | Zig:10   | Killed a greater mummy
 40855 | Zig:10   | Killed a greater mummy
 40855 | Zig:10   | Noticed a greater mummy
 40856 | Zig:10   | Killed a greater mummy
 40856 | Zig:10   | Noticed a greater mummy
 40858 | Zig:10   | Killed a greater mummy
 40859 | Zig:10   | Killed a greater mummy
 40879 | Zig:10   | Identified the +3 robe "Sobuuxzyan" {+Fly rF++ rCorr Dex-3} (You found it on level 9 of a ziggurat)
 40894 | Zig:11   | Entered Level 11 of a ziggurat
 40894 | Zig:11   | Noticed a juggernaut
 40895 | Zig:11   | Killed a juggernaut
 40895 | Zig:11   | Noticed a juggernaut
 40898 | Zig:11   | Killed a juggernaut
 40898 | Zig:11   | Noticed a juggernaut
 40901 | Zig:11   | Killed a juggernaut
 40934 | Zig:12   | Entered Level 12 of a ziggurat
 40936 | Zig:12   | Noticed Haetuneu the pandemonium lord
 40937 | Zig:12   | Noticed Nuxtah the pandemonium lord
 40938 | Zig:12   | Noticed Oxtucin the pandemonium lord
 40938 | Zig:12   | Noticed Ijauw the pandemonium lord
 40939 | Zig:12   | Noticed Kathao Ekhab the pandemonium lord
 40939 | Zig:12   | Noticed Heurph the pandemonium lord
 40940 | Zig:12   | Noticed Ezxupann the pandemonium lord
 40940 | Zig:12   | Killed Heurph the pandemonium lord
 40941 | Zig:12   | Killed Kathao Ekhab the pandemonium lord
 40941 | Zig:12   | Noticed Zyshuan the pandemonium lord
 40941 | Zig:12   | Noticed Oganusu the pandemonium lord
 40941 | Zig:12   | Noticed Judex the pandemonium lord
 40942 | Zig:12   | Killed Haetuneu the pandemonium lord
 40942 | Zig:12   | Killed Nuxtah the pandemonium lord
 40942 | Zig:12   | Noticed Murilaergh the pandemonium lord
 40942 | Zig:12   | Noticed Uhuges the pandemonium lord
 40944 | Zig:12   | Noticed Simy the pandemonium lord
 40944 | Zig:12   | Noticed Tunasota the pandemonium lord
 40945 | Zig:12   | Noticed Jeog the pandemonium lord
 40945 | Zig:12   | Noticed Setygg the pandemonium lord
 40945 | Zig:12   | Noticed Obbanir the pandemonium lord
 40946 | Zig:12   | Killed Ijauw the pandemonium lord
 40946 | Zig:12   | Noticed Syosa the pandemonium lord
 40946 | Zig:12   | Noticed Osoada the pandemonium lord
 40946 | Zig:12   | Noticed Edigag the pandemonium lord
 40947 | Zig:12   | Killed Ezxupann the pandemonium lord
 40947 | Zig:12   | Noticed Zefock the pandemonium lord
 40947 | Zig:12   | Noticed Ruiquded the pandemonium lord
 40947 | Zig:12   | Killed Zyshuan the pandemonium lord
 40947 | Zig:12   | Noticed Sairet the pandemonium lord
 40948 | Zig:12   | Killed Oganusu the pandemonium lord
 40948 | Zig:12   | Noticed Biperoy the pandemonium lord
 40948 | Zig:12   | Noticed Apudui the pandemonium lord
 40949 | Zig:12   | Killed Judex the pandemonium lord
 40949 | Zig:12   | Killed Tunasota the pandemonium lord
 40949 | Zig:12   | Killed Obbanir the pandemonium lord
 40950 | Zig:12   | Noticed Latzaff the pandemonium lord
 40950 | Zig:12   | Noticed Gulym the pandemonium lord
 40950 | Zig:12   | Killed Uhuges the pandemonium lord
 40951 | Zig:12   | Noticed Osouw the pandemonium lord
 40952 | Zig:12   | Killed Murilaergh the pandemonium lord
 40953 | Zig:12   | Killed Ruiquded the pandemonium lord
 40954 | Zig:12   | Killed Simy the pandemonium lord
 40955 | Zig:12   | Killed Setygg the pandemonium lord
 40955 | Zig:12   | Killed Gulym the pandemonium lord
 40956 | Zig:12   | Killed Sairet the pandemonium lord
 40956 | Zig:12   | Killed Edigag the pandemonium lord
 40957 | Zig:12   | Killed Osoada the pandemonium lord
 40957 | Zig:12   | Killed Latzaff the pandemonium lord
 40957 | Zig:12   | Noticed Duenniga the pandemonium lord
 40958 | Zig:12   | Killed Jeog the pandemonium lord
 40958 | Zig:12   | Noticed Zeron the pandemonium lord
 40960 | Zig:12   | Killed Osouw the pandemonium lord
 40961 | Zig:12   | Killed Apudui the pandemonium lord
 40961 | Zig:12   | Noticed Hogrulom the pandemonium lord
 40961 | Zig:12   | Noticed Arhois the pandemonium lord
 40962 | Zig:12   | Killed Zeron the pandemonium lord
 40963 | Zig:12   | Noticed Hifaadoz the pandemonium lord
 40964 | Zig:12   | Killed Arhois the pandemonium lord
 40965 | Zig:12   | Killed Duenniga the pandemonium lord
 40965 | Zig:12   | Noticed Qeisujoo the pandemonium lord
 40966 | Zig:12   | Noticed Pamats the pandemonium lord
 40966 | Zig:12   | Killed Hifaadoz the pandemonium lord
 40968 | Zig:12   | Killed Zefock the pandemonium lord
 40968 | Zig:12   | Killed Qeisujoo the pandemonium lord
 40968 | Zig:12   | Noticed Lubranan the pandemonium lord
 40969 | Zig:12   | Killed Hogrulom the pandemonium lord
 40971 | Zig:12   | Killed Pamats the pandemonium lord
 40971 | Zig:12   | Killed Lubranan the pandemonium lord
 40972 | Zig:12   | Killed Oxtucin the pandemonium lord
 40972 | Zig:12   | Killed Biperoy the pandemonium lord
 40972 | Zig:12   | Noticed Mepn the pandemonium lord
 40974 | Zig:12   | Killed Syosa the pandemonium lord
 40979 | Zig:12   | Killed Mepn the pandemonium lord
 40982 | Zig:12   | Noticed Zij Woogeg the pandemonium lord
 40984 | Zig:12   | Killed Zij Woogeg the pandemonium lord
 40985 | Zig:12   | Noticed Otizuh the pandemonium lord
 40987 | Zig:12   | Killed Otizuh the pandemonium lord
 41014 | Zig:12   | Identified the amulet of Vazxiane {Spirit Int+3} (You found it on level 8 of a ziggurat)
 41015 | Zig:12   | Identified the ring "Plog" {+Blink rF+ rC++} (You found it on level 8 of a ziggurat)
 41023 | Zig:13   | Entered Level 13 of a ziggurat
 41081 | Zig:13   | Got a transparent marble ring
 41090 | Zig:13   | Got a warped golden amulet
 41095 | Zig:13   | Identified the ring "Loth" {*Drain +Fly rElec rC+} (You found it on level 13 of a ziggurat)
 41096 | Zig:13   | Identified the amulet of Ydghitad {Acrobat Dex+2 Slay+5} (You found it on level 13 of a ziggurat)
 41102 | Zig:14   | Entered Level 14 of a ziggurat
 41148 | Zig:14   | Got a flickering granite ring
 41168 | Zig:14   | Identified the cursed ring of Knowledge {*Contam +Fly Int-3 Dex+2} (You found it on level 14 of a ziggurat)
 41172 | Zig:15   | Entered Level 15 of a ziggurat
 41200 | Zig:15   | HP: 15/323 [reaper/scythe of protection (44)]
 41219 | Zig:15   | Thaneod: tree form?
 41561 | Zig:15   | Got a heavily runed silver ring
 41573 | Zig:16   | Entered Level 16 of a ziggurat
 41606 | Zig:16   | Found the ring of the Octopus King
 41613 | Zig:16   | Got a ring of the Octopus King
 41617 | Zig:16   | Identified Faqa's Tome of Enthralling Displacement
 41634 | Zig:16   | Identified the +0 large shield of the Dice {+Fly rPois Dex-3} (You found it on level 16 of a ziggurat)
 41640 | Zig:16   | Identified the +1 robe of Fortification {rC+ Str+3} (You found it on level 16 of a ziggurat)
 41642 | Zig:16   | Identified the cursed +0 robe "Duazarch" {*Slow rPois rF++ Stlth+} (You found it on level 16 of a ziggurat)
 41651 | Zig:16   | Identified the +5 broad axe "Zakhaecw" {venom, Str+4 Int+3} (You found it on level 16 of a ziggurat)
 41657 | Zig:17   | Entered Level 17 of a ziggurat
 41738 | Zig:18   | Entered Level 18 of a ziggurat
 41738 | Zig:18   | Noticed Vounwaal the pandemonium lord
 41739 | Zig:18   | Noticed Pekiak the pandemonium lord
 41743 | Zig:18   | Noticed Qygaaf the pandemonium lord
 41744 | Zig:18   | :O
 41744 | Zig:18   | Noticed Dipy the pandemonium lord
 41745 | Zig:18   | Killed Qygaaf the pandemonium lord
 41747 | Zig:18   | Noticed Vuotupt the pandemonium lord
 41748 | Zig:18   | Killed Vounwaal the pandemonium lord
 41748 | Zig:18   | Noticed Figenie the pandemonium lord
 41748 | Zig:18   | Noticed Jath the pandemonium lord
 41749 | Zig:18   | Noticed Irghy Qoo the pandemonium lord
 41754 | Zig:18   | Noticed Jolaunij the pandemonium lord
 41754 | Zig:18   | Noticed Tacaydum the pandemonium lord
 41754 | Zig:18   | Noticed Uceazxir the pandemonium lord
 41754 | Zig:18   | Noticed Fiez Sik the pandemonium lord
 41754 | Zig:18   | Noticed Jarat the pandemonium lord
 41754 | Zig:18   | Noticed Seapor the pandemonium lord
 41754 | Zig:18   | Noticed Pympiv the pandemonium lord
 41754 | Zig:18   | Noticed Udeicw the pandemonium lord
 41754 | Zig:18   | Noticed Sanie the pandemonium lord
 41754 | Zig:18   | Noticed Mathrug the pandemonium lord
 41754 | Zig:18   | Noticed Byloqurph the pandemonium lord
 41754 | Zig:18   | Noticed Hoemidgh the pandemonium lord
 41754 | Zig:18   | Noticed Qikaomal the pandemonium lord
 41754 | Zig:18   | Noticed Corrizud the pandemonium lord
 41754 | Zig:18   | Noticed Koatuid the pandemonium lord
 41754 | Zig:18   | Noticed Mipaguac the pandemonium lord
 41754 | Zig:18   | Noticed Kemicyelu the pandemonium lord
 41754 | Zig:18   | Noticed Runollaz the pandemonium lord
 41754 | Zig:18   | Noticed Cuannami the pandemonium lord
 41754 | Zig:18   | Noticed Fuubel Wirim the pandemonium lord
 41754 | Zig:18   | Noticed Plog the pandemonium lord
 41754 | Zig:18   | Noticed Togej the pandemonium lord
 41754 | Zig:18   | Noticed Mulyoh the pandemonium lord
 41754 | Zig:18   | Noticed Lenase the pandemonium lord
 41754 | Zig:18   | Noticed Jenuohy the pandemonium lord
 41756 | Zig:18   | Killed Togej the pandemonium lord
 41756 | Zig:18   | Killed Byloqurph the pandemonium lord
 41756 | Zig:18   | Killed Mathrug the pandemonium lord
 41756 | Zig:18   | Killed Cuannami the pandemonium lord
 41756 | Zig:18   | Killed Kemicyelu the pandemonium lord
 41756 | Zig:18   | Killed Sanie the pandemonium lord
 41756 | Zig:18   | Killed Pekiak the pandemonium lord
 41756 | Zig:18   | Killed Dipy the pandemonium lord
 41756 | Zig:18   | Killed Figenie the pandemonium lord
 41756 | Zig:18   | Killed Corrizud the pandemonium lord
 41757 | Zig:18   | Killed Jolaunij the pandemonium lord
 41757 | Zig:18   | Killed Mipaguac the pandemonium lord
 41757 | Zig:18   | Killed Uceazxir the pandemonium lord
 41757 | Zig:18   | Killed Runollaz the pandemonium lord
 41757 | Zig:18   | Noticed Zoxtet the pandemonium lord
 41757 | Zig:18   | Noticed Rosch the pandemonium lord
 41757 | Zig:18   | Noticed Xunweos the pandemonium lord
 41758 | Zig:18   | Noticed Kite the pandemonium lord
 41758 | Zig:18   | Killed Fiez Sik the pandemonium lord
 41758 | Zig:18   | Noticed Pudoraetz the pandemonium lord
 41758 | Zig:18   | Killed Tacaydum the pandemonium lord
 41758 | Zig:18   | Killed Plog the pandemonium lord
 41758 | Zig:18   | Killed Lenase the pandemonium lord
 41758 | Zig:18   | Noticed Piyl the pandemonium lord
 41759 | Zig:18   | Killed Jenuohy the pandemonium lord
 41759 | Zig:18   | Killed Qikaomal the pandemonium lord
 41759 | Zig:18   | Killed Hoemidgh the pandemonium lord
 41759 | Zig:18   | Killed Pympiv the pandemonium lord
 41759 | Zig:18   | Noticed Fule the pandemonium lord
 41760 | Zig:18   | Noticed Repse the pandemonium lord
 41760 | Zig:18   | Noticed Yceodet the pandemonium lord
 41760 | Zig:18   | Killed Koatuid the pandemonium lord
 41760 | Zig:18   | Killed Udeicw the pandemonium lord
 41760 | Zig:18   | Killed Kite the pandemonium lord
 41760 | Zig:18   | Killed Irghy Qoo the pandemonium lord
 41760 | Zig:18   | Killed Mulyoh the pandemonium lord
 41760 | Zig:18   | Killed Pudoraetz the pandemonium lord
 41761 | Zig:18   | Killed Jarat the pandemonium lord
 41761 | Zig:18   | Killed Zoxtet the pandemonium lord
 41761 | Zig:18   | Killed Jath the pandemonium lord
 41761 | Zig:18   | Killed Rosch the pandemonium lord
 41761 | Zig:18   | Killed Vuotupt the pandemonium lord
 41762 | Zig:18   | Noticed Xoczanie the pandemonium lord
 41762 | Zig:18   | Killed Fuubel Wirim the pandemonium lord
 41762 | Zig:18   | Noticed Ysionusk the pandemonium lord
 41762 | Zig:18   | Noticed Liaxa the pandemonium lord
 41763 | Zig:18   | Noticed Kusownal the pandemonium lord
 41763 | Zig:18   | Noticed Ohigig the pandemonium lord
 41763 | Zig:18   | Noticed Jonna the pandemonium lord
 41763 | Zig:18   | Noticed Vibamuesm the pandemonium lord
 41763 | Zig:18   | Noticed Zeptes the pandemonium lord
 41763 | Zig:18   | Noticed Gysatzi the pandemonium lord
 41763 | Zig:18   | Noticed Hepp the pandemonium lord
 41763 | Zig:18   | Noticed Ablyg the pandemonium lord
 41763 | Zig:18   | Noticed Usikem the pandemonium lord
 41763 | Zig:18   | Noticed Yfirirax the pandemonium lord
 41765 | Zig:18   | Killed Seapor the pandemonium lord
 41766 | Zig:18   | Killed Fule the pandemonium lord
 41768 | Zig:18   | Killed Yceodet the pandemonium lord
 41768 | Zig:18   | Killed Ysionusk the pandemonium lord
 41770 | Zig:18   | Found the ring of the Octopus King
 41770 | Zig:18   | Killed Piyl the pandemonium lord
 41771 | Zig:18   | Killed Xunweos the pandemonium lord
 41772 | Zig:18   | Killed Hepp the pandemonium lord
 41772 | Zig:18   | Killed Yfirirax the pandemonium lord
 41773 | Zig:18   | Killed Jonna the pandemonium lord
 41773 | Zig:18   | Killed Liaxa the pandemonium lord
 41773 | Zig:18   | Killed Kusownal the pandemonium lord
 41773 | Zig:18   | Killed Zeptes the pandemonium lord
 41774 | Zig:18   | Killed Gysatzi the pandemonium lord
 41774 | Zig:18   | Killed Usikem the pandemonium lord
 41774 | Zig:18   | Killed Ablyg the pandemonium lord
 41775 | Zig:18   | Killed Xoczanie the pandemonium lord
 41775 | Zig:18   | Killed Ohigig the pandemonium lord
 41775 | Zig:18   | Killed Vibamuesm the pandemonium lord
 41775 | Zig:18   | Killed Repse the pandemonium lord
 41799 | Zig:18   | Got a ring of the Octopus King
 41802 | Zig:18   | Got a fine marble ring
 41835 | Zig:18   | Identified the +1 cloak of Qosiar {rF+} (You found it on level 18 of a ziggurat)
 41842 | Zig:18   | 4thArraOfDagon: which zig is this?
 41847 | Zig:18   | Identified the ring "Wipim" {rC+ Int+3 SInv} (You found it on level 18 of a ziggurat)
 41850 | Zig:18   | Identified the ring of Ru's Generosity {rPois rF+ rN+++ MR++ Dex-2} (You found it on level 15 of a ziggurat)
 41907 | Zig:19   | Entered Level 19 of a ziggurat
 41936 | Zig:19   | Thaneod: fog + shatter = cheat:)
 41941 | Zig:19   | 4thArraOfDagon: yea...
 41944 | Zig:19   | 4thArraOfDagon: makes only problematic floors with orbs of fire and pan lords
 41978 | Zig:19   | Got a serpentine iron ring
 42001 | Zig:19   | Identified the +4 shadow dragon scales "Ekhlak" {rN+ Stlth++++} (You acquired it on level 19 of a ziggurat)
 42002 | Zig:19   | Identified the -2 hat of Qauploy {rN+ Regen+ Dex-4} (You acquired it on level 19 of a ziggurat)
 42003 | Zig:19   | Identified the ring of Foolhardiness {*Tele *Slow +Blink +Fly Stlth+} (You found it on level 19 of a ziggurat)
 42008 | Zig:20   | Entered Level 20 of a ziggurat
 42078 | Zig:20   | Got a brightly glowing amber ring
 42086 | Zig:20   | Identified the +1 robe of a labyrinth {-Cast rF- Regen+ Dex+10} (You found it on level 20 of a ziggurat)
 42089 | Zig:20   | Identified the ring of Ascent {Wiz Str+2} (You found it on level 20 of a ziggurat)
 42092 | Zig:21   | Entered Level 21 of a ziggurat
 42174 | Zig:21   | Got a sparkling jade ring
 42175 | Zig:21   | Identified the ring "Uke Anolech" {Fire +Inv Int+2 Dex+4} (You found it on level 21 of a ziggurat)
 42189 | Zig:21   | Got a scorched brass amulet
 42190 | Zig:21   | Identified the Disquisition on Hurtful Talismans
 42204 | Zig:21   | Identified the +0 robe "Retzown" {rF+ Regen+ Str-2 Int+9} (You found it on level 21 of a ziggurat)
 42227 | Zig:21   | Thaneod: rf max?
 42227 | Zig:21   | Identified the amulet of Anecoes {RegenMP rElec Dex+3 SInv} (You found it on level 21 of a ziggurat)
 42230 | Zig:21   | 4thArraOfDagon: just one tile off
 42231 | Zig:22   | Entered Level 22 of a ziggurat
 42285 | Zig:22   | Found the +2 ratskin cloak {+Rats rPois rN+ Str-1 Int-1 Dex+1}
 42289 | Zig:22   | Found the macabre finger necklace {rN+}
 42291 | Zig:22   | Found the +27 Lear's hauberk
 42291 | Zig:22   | Got a scorched silver ring
 42300 | Zig:22   | Got a coiled lead ring
 42324 | Zig:22   | Identified the ring of Xunoly {*Tele rN+ Dex+6 SInv} (You found it on level 22 of a ziggurat)
 42325 | Zig:22   | Identified the ring of the Garden {Int+3 SInv} (You found it on level 22 of a ziggurat)
 42330 | Zig:23   | Entered Level 23 of a ziggurat
 42363 | Zig:23   | Thaneod: oi
 42363 | Zig:23   | 4thArraOfDagon: under control :)
 42405 | Zig:23   | Got a warped jade amulet
 42432 | Zig:23   | Identified the amulet of Liberalism {Inacc Str+5 Dex+10 Stlth-} (You found it on level 23 of a ziggurat)
 42449 | Zig:24   | Entered Level 24 of a ziggurat
 42452 | Zig:24   | Noticed an ancient lich
 42454 | Zig:24   | Killed an ancient lich
 42454 | Zig:24   | Noticed an ancient lich
 42458 | Zig:24   | Killed an ancient lich
 42463 | Zig:24   | Killed an ancient lich
 42463 | Zig:24   | Killed an ancient lich
 42463 | Zig:24   | Killed an ancient lich
 42466 | Zig:24   | Killed an ancient lich
 42471 | Zig:24   | Killed an ancient lich
 42472 | Zig:24   | Killed an ancient lich
 42473 | Zig:24   | Killed an ancient lich
 42476 | Zig:24   | Killed an ancient lich
 42476 | Zig:24   | Killed an ancient lich
 42476 | Zig:24   | Killed an ancient lich
 42476 | Zig:24   | Noticed an ancient lich
 42477 | Zig:24   | Killed an ancient lich
 42477 | Zig:24   | Noticed an ancient lich
 42478 | Zig:24   | Noticed an ancient lich
 42480 | Zig:24   | Killed an ancient lich
 42480 | Zig:24   | Killed an ancient lich
 42484 | Zig:24   | Noticed an ancient lich
 42485 | Zig:24   | Noticed an ancient lich
 42486 | Zig:24   | Killed an ancient lich
 42486 | Zig:24   | Noticed an ancient lich
 42487 | Zig:24   | Killed an ancient lich
 42488 | Zig:24   | Killed an ancient lich
 42494 | Zig:24   | Noticed an ancient lich
 42496 | Zig:24   | Killed an ancient lich
 42535 | Zig:24   | Identified the Handbook of the Lost Emperors
 42547 | Zig:24   | Got a slimy bone ring
 42549 | Zig:24   | Got a glittering graven amulet
 42561 | Zig:24   | Identified the amulet "Yschadef" {Spirit Str+2 Int+3} (You found it on level 24 of a ziggurat)
 42562 | Zig:24   | Identified the ring of Vutiyttu {+Blink +Inv rF+ Dex-3} (You found it on level 24 of a ziggurat)
 42567 | Zig:25   | Entered Level 25 of a ziggurat
 42659 | Zig:25   | Got a pitted silver ring
 42667 | Zig:25   | Got a slimy ruby amulet
 42668 | Zig:25   | Identified the amulet "Zoly" {Harm *Drain rPois MR+} (You found it on level 25 of a ziggurat)
 42669 | Zig:25   | Identified the ring of the Falcon {rF+ SInv} (You found it on level 25 of a ziggurat)
 42681 | Zig:26   | Entered Level 26 of a ziggurat
 42681 | Zig:26   | Noticed a juggernaut
 42681 | Zig:26   | Noticed a juggernaut
 42681 | Zig:26   | Noticed a juggernaut
 42681 | Zig:26   | Noticed a juggernaut
 42683 | Zig:26   | Noticed a juggernaut
 42684 | Zig:26   | Killed a juggernaut
 42684 | Zig:26   | Killed a juggernaut
 42684 | Zig:26   | Killed a juggernaut
 42685 | Zig:26   | Killed a juggernaut
 42685 | Zig:26   | Noticed a juggernaut
 42685 | Zig:26   | Noticed a juggernaut
 42685 | Zig:26   | Noticed a juggernaut
 42687 | Zig:26   | Killed a juggernaut
 42687 | Zig:26   | Killed a juggernaut
 42687 | Zig:26   | Killed a juggernaut
 42688 | Zig:26   | Killed a juggernaut
 42688 | Zig:26   | Noticed a juggernaut
 42688 | Zig:26   | Noticed a juggernaut
 42689 | Zig:26   | Noticed a juggernaut
 42690 | Zig:26   | Killed a juggernaut
 42690 | Zig:26   | Noticed a juggernaut
 42691 | Zig:26   | Killed a juggernaut
 42691 | Zig:26   | Killed a juggernaut
 42691 | Zig:26   | Noticed a juggernaut
 42692 | Zig:26   | Noticed a juggernaut
 42692 | Zig:26   | Killed a juggernaut
 42693 | Zig:26   | Killed a juggernaut
 42694 | Zig:26   | Killed a juggernaut
 42694 | Zig:26   | Noticed a juggernaut
 42694 | Zig:26   | Noticed a juggernaut
 42694 | Zig:26   | Noticed a juggernaut
 42695 | Zig:26   | Noticed a juggernaut
 42696 | Zig:26   | Killed a juggernaut
 42696 | Zig:26   | Killed a juggernaut
 42696 | Zig:26   | Killed a juggernaut
 42697 | Zig:26   | Killed a juggernaut
 42697 | Zig:26   | Noticed a juggernaut
 42697 | Zig:26   | Noticed a juggernaut
 42697 | Zig:26   | Noticed a juggernaut
 42697 | Zig:26   | Noticed a juggernaut
 42697 | Zig:26   | Noticed a juggernaut
 42698 | Zig:26   | Noticed a juggernaut
 42698 | Zig:26   | Noticed a juggernaut
 42699 | Zig:26   | 4thArraOfDagon: put your bets on last floor
 42699 | Zig:26   | Killed a juggernaut
 42699 | Zig:26   | Killed a juggernaut
 42699 | Zig:26   | Noticed a juggernaut
 42699 | Zig:26   | Noticed a juggernaut
 42700 | Zig:26   | Killed a juggernaut
 42700 | Zig:26   | Killed a juggernaut
 42700 | Zig:26   | Killed a juggernaut
 42700 | Zig:26   | Killed a juggernaut
 42700 | Zig:26   | Noticed a juggernaut
 42700 | Zig:26   | Noticed a juggernaut
 42701 | Zig:26   | Killed a juggernaut
 42701 | Zig:26   | Killed a juggernaut
 42701 | Zig:26   | Killed a juggernaut
 42702 | Zig:26   | Killed a juggernaut
 42702 | Zig:26   | Killed a juggernaut
 42704 | Zig:26   | Noticed a juggernaut
 42705 | Zig:26   | Noticed a juggernaut
 42706 | Zig:26   | Noticed a juggernaut
 42706 | Zig:26   | Noticed a juggernaut
 42707 | Zig:26   | Killed a juggernaut
 42708 | Zig:26   | Killed a juggernaut
 42708 | Zig:26   | Killed a juggernaut
 42709 | Zig:26   | Killed a juggernaut
 42711 | Zig:26   | Noticed a juggernaut
 42714 | Zig:26   | Killed a juggernaut
 42792 | Zig:27   | Entered Level 27 of a ziggurat
 42793 | Zig:27   | :(
 42793 | Zig:27   | why so easy ...
 42797 | Zig:27   | Noticed an ancient lich
 42798 | Zig:27   | Noticed an ancient lich
 42799 | Zig:27   | Thaneod: another meh lvl
 42800 | Zig:27   | Killed an ancient lich
 42800 | Zig:27   | Noticed an ancient lich
 42801 | Zig:27   | Killed an ancient lich
 42801 | Zig:27   | Noticed an ancient lich
 42802 | Zig:27   | Killed an ancient lich
 42802 | Zig:27   | Killed an ancient lich
 42802 | Zig:27   | Noticed an ancient lich
 42802 | Zig:27   | Noticed an ancient lich
 42803 | Zig:27   | Killed an ancient lich
 42803 | Zig:27   | Killed an ancient lich
 42803 | Zig:27   | Noticed an ancient lich
 42803 | Zig:27   | Noticed an ancient lich
 42804 | Zig:27   | Noticed an ancient lich
 42804 | Zig:27   | Noticed an ancient lich
 42805 | Zig:27   | Killed an ancient lich
 42806 | Zig:27   | Noticed an ancient lich
 42807 | Zig:27   | Killed an ancient lich
 42808 | Zig:27   | Killed an ancient lich
 42808 | Zig:27   | Killed an ancient lich
 42808 | Zig:27   | Killed an ancient lich
 42808 | Zig:27   | Noticed an ancient lich
 42808 | Zig:27   | Noticed an ancient lich
 42809 | Zig:27   | Killed an ancient lich
 42809 | Zig:27   | Noticed an ancient lich
 42809 | Zig:27   | Noticed an ancient lich
 42810 | Zig:27   | 4thArraOfDagon: the game doesn't even try
 42810 | Zig:27   | Killed an ancient lich
 42810 | Zig:27   | Killed an ancient lich
 42811 | Zig:27   | Killed an ancient lich
 42812 | Zig:27   | Noticed an ancient lich
 42812 | Zig:27   | Noticed an ancient lich
 42813 | Zig:27   | Noticed an ancient lich
 42814 | Zig:27   | Thaneod: ?? ancient_lich
 42814 | Zig:27   | Killed an ancient lich
 42814 | Zig:27   | XtahuaRules: ancient lich[1/3]: A fossil lich, resistant to fire, poison, and very resistant to cold and electricity. Can summon greater demons, and can usually cast iron shot or crystal spear, comfortably doing 3d48 damage in one shot.
 42814 | Zig:27   | Killed an ancient lich
 42815 | Zig:27   | Killed an ancient lich
 42817 | Zig:27   | 4thArraOfDagon: yes, read some untrue facts about exp bags :D
 42817 | Zig:27   | Noticed an ancient lich
 42820 | Zig:27   | Killed an ancient lich
 42821 | Zig:27   | Noticed an ancient lich
 42822 | Zig:27   | Killed an ancient lich
 42822 | Zig:27   | Noticed an ancient lich
 42823 | Zig:27   | Noticed an ancient lich
 42823 | Zig:27   | Noticed an ancient lich
 42824 | Zig:27   | Killed an ancient lich
 42824 | Zig:27   | Killed an ancient lich
 42825 | Zig:27   | Killed an ancient lich
 42825 | Zig:27   | Noticed an ancient lich
 42825 | Zig:27   | Noticed an ancient lich
 42826 | Zig:27   | Killed an ancient lich
 42828 | Zig:27   | Killed an ancient lich
 42828 | Zig:27   | Noticed an ancient lich
 42829 | Zig:27   | Noticed an ancient lich
 42830 | Zig:27   | Killed an ancient lich
 42830 | Zig:27   | Killed an ancient lich
 42836 | Zig:27   | Noticed an ancient lich
 42836 | Zig:27   | 4thArraOfDagon: ??ancient lich[2
 42836 | Zig:27   | XtahuaRules: ancient lich[2/3]: LuckyNed the Shatterer (L26 OgBe), worshipper of Trog, slain by a Fiend (summoned by an ancient lich (summoned by a Blue Death (summoned by an ancient lich))) in Zig:12 on 2011-04-05, with 438717 points after 68761 turns and 6:09:39.
 42836 | Zig:27   | 4thArraOfDagon: ??ancient lich[3
 42836 | Zig:27   | XtahuaRules: ancient lich[3/3]: Sometimes spawn with a gatling gun rocket launcher equipped: !lg nago xl=27 cehu 4 -tv:<0.3
 42837 | Zig:27   | Killed an ancient lich
 42838 | Zig:27   | Noticed an ancient lich
 42839 | Zig:27   | Noticed an ancient lich
 42840 | Zig:27   | 4thArraOfDagon: ??emperor lich
 42840 | Zig:27   | XtahuaRules: I don't have a page labeled emperor_lich in my learndb.
 42840 | Zig:27   | 4thArraOfDagon: ??lich emperor
 42840 | Zig:27   | XtahuaRules: I don't have a page labeled lich_emperor in my learndb.
 42840 | Zig:27   | Killed an ancient lich
 42840 | Zig:27   | Thaneod: !lg nago xl=27 cehu 4
 42841 | Zig:27   | XtahuaRules: 4. nago the Crack Shot (L27 CeHu of The Shining One), blown up by an ancient lich on Tomb:1 (tomb_1; tomb_1_centre_nicolae_necropolis) on 2014-08-10 15:55:53, with 1267242 points after 120702 turns and 7:51:15.
 42841 | Zig:27   | Thaneod: !lg nago xl=27 cehu 4 -log
 42841 | Zig:27   | XtahuaRules: 4. nago, XL27 CeHu, T:120702: http://dobrazupa.org/morgue/nago/morgue-nago-20140810-155553.txt
 42841 | Zig:27   | Killed an ancient lich
 42864 | Zig:27   | Found the +3 salamander hide armour {+Rage rF++}
 42867 | Zig:27   | Found the +4 robe of Augmentation {Str+4 Int+4 Dex+4}
 42883 | Zig:27   | Got a smoking bone amulet
 42911 | Zig:27   | Got a twitching zirconium amulet
 42919 | Zig:27   | Identified the amulet "Arphy" {-Tele +Rage +Fly MR+ SInv} (You found it on level 27 of a ziggurat)
 42925 | Zig:27   | Identified the +0 cloak "Deamanae" {Int+6} (You acquired it on level 27 of a ziggurat)
 42926 | Zig:27   | Identified the amulet of Datiz {Acrobat Fragile rElec rF+ Int+6} (You found it on level 27 of a ziggurat)
 42927 | Zig:27   | Identified the amulet "Wetet" {Acrobat rN+ Stlth+} (You found it on level 27 of a ziggurat)
 42938 | Depths:2 | Thaneod: dobra zupa not working;/
 42940 | Zig:1    | Entered Level 1 of a ziggurat
 42944 | Zig:1    | 4thArraOfDagon: zła zupa ?
 42953 | Zig:2    | Entered Level 2 of a ziggurat
 42965 | Zig:3    | Entered Level 3 of a ziggurat
 42988 | Zig:4    | Entered Level 4 of a ziggurat
 43010 | Zig:5    | Entered Level 5 of a ziggurat
 43013 | Zig:5    | Gained mutation: You do not regenerate when monsters are visible. [a cacodemon]
 43034 | Zig:6    | Entered Level 6 of a ziggurat
 43070 | Zig:6    | 4thArraOfDagon: last floor
 43071 | Zig:6    | 4thArraOfDagon: for today
 43072 | Zig:7    | Entered Level 7 of a ziggurat
 43072 | Zig:7    | Noticed a greater mummy
 43072 | Zig:7    | Noticed a greater mummy
 43073 | Zig:7    | 4thArraOfDagon: some action
 43075 | Zig:7    | Killed a greater mummy
 43075 | Zig:7    | Noticed a greater mummy
 43076 | Zig:7    | Killed a greater mummy
 43076 | Zig:7    | Noticed a greater mummy
 43077 | Zig:7    | Killed a greater mummy
 43077 | Zig:7    | Killed a greater mummy
 43077 | Zig:7    | Noticed a greater mummy
 43077 | Zig:7    | Noticed a greater mummy
 43077 | Zig:7    | Noticed a greater mummy
 43078 | Zig:7    | Killed a greater mummy
 43078 | Zig:7    | Noticed a greater mummy
 43080 | Zig:7    | Killed a greater mummy
 43080 | Zig:7    | Killed a greater mummy
 43081 | Zig:7    | Noticed a greater mummy
 43083 | Zig:7    | Killed a greater mummy
 43085 | Zig:7    | Killed a greater mummy
 43099 | Zig:7    | Identified the Tome of Toxic Self-Improvement
 43171 | Zig:8    | Entered Level 8 of a ziggurat
 43171 | Zig:8    | Noticed a juggernaut
 43171 | Zig:8    | Noticed a juggernaut
 43171 | Zig:8    | Noticed a juggernaut
 43171 | Zig:8    | Noticed a juggernaut
 43172 | Zig:8    | 4thArraOfDagon: bye
 43172 | Zig:8    | Noticed a juggernaut
 43172 | Zig:8    | Noticed a juggernaut
 43173 | Zig:8    | Thaneod: cya
 43173 | Zig:8    | Killed a juggernaut
 43173 | Zig:8    | Killed a juggernaut
 43173 | Zig:8    | Killed a juggernaut
 43174 | Zig:8    | Killed a juggernaut
 43174 | Zig:8    | Noticed a juggernaut
 43174 | Zig:8    | Noticed a juggernaut
 43175 | Zig:8    | Upgraded the game from 0.22-a0-456-g11ed031 to 0.22-a0-458-gb446440
 43176 | Zig:8    | Killed a juggernaut
 43176 | Zig:8    | Killed a juggernaut
 43178 | Zig:8    | Killed a juggernaut
 43178 | Zig:8    | Killed a juggernaut
 43178 | Zig:8    | Noticed a juggernaut
 43181 | Zig:8    | Killed a juggernaut
 43199 | Zig:9    | Entered Level 9 of a ziggurat
 43248 | Zig:9    | Got a pitted pewter ring
 43249 | Zig:9    | Identified the ring of Cheibriados's Delight {rCorr +Inv rPois rC+ Dex+2} (You found it on level 9 of a ziggurat)
 43254 | Zig:10   | Entered Level 10 of a ziggurat
 43298 | Zig:10   | Got a steaming iron ring
 43308 | Zig:10   | Got a clouded bronze ring
 43312 | Zig:10   | Identified the ring of Soagam {AC+4 Dex+4} (You found it on level 10 of a ziggurat)
 43313 | Zig:10   | Identified the ring of Duotu {rF+ MR++ Int+4 Stlth+} (You found it on level 10 of a ziggurat)
 43318 | Zig:11   | Entered Level 11 of a ziggurat
 43321 | Zig:11   | Noticed an ancient lich
 43321 | Zig:11   | Noticed an ancient lich
 43321 | Zig:11   | Noticed an ancient lich
 43322 | Zig:11   | Noticed an ancient lich
 43323 | Zig:11   | Killed an ancient lich
 43323 | Zig:11   | Killed an ancient lich
 43323 | Zig:11   | Killed an ancient lich
 43324 | Zig:11   | Killed an ancient lich
 43325 | Zig:11   | Noticed an ancient lich
 43326 | Zig:11   | Noticed an ancient lich
 43328 | Zig:11   | Killed an ancient lich
 43328 | Zig:11   | Killed an ancient lich
 43328 | Zig:11   | Noticed an ancient lich
 43329 | Zig:11   | Noticed an ancient lich
 43329 | Zig:11   | Noticed an ancient lich
 43330 | Zig:11   | Killed an ancient lich
 43330 | Zig:11   | Noticed an ancient lich
 43331 | Zig:11   | Killed an ancient lich
 43331 | Zig:11   | Killed an ancient lich
 43332 | Zig:11   | Killed an ancient lich
 43332 | Zig:11   | Noticed an ancient lich
 43333 | Zig:11   | Noticed an ancient lich
 43334 | Zig:11   | Killed an ancient lich
 43334 | Zig:11   | Killed an ancient lich
 43334 | Zig:11   | Noticed an ancient lich
 43334 | Zig:11   | Noticed an ancient lich
 43335 | Zig:11   | Killed an ancient lich
 43335 | Zig:11   | Noticed an ancient lich
 43336 | Zig:11   | Noticed an ancient lich
 43336 | Zig:11   | Noticed an ancient lich
 43337 | Zig:11   | Killed an ancient lich
 43337 | Zig:11   | Killed an ancient lich
 43337 | Zig:11   | Killed an ancient lich
 43338 | Zig:11   | Killed an ancient lich
 43365 | Zig:11   | Got a slimy granite ring
 43366 | Zig:11   | Identified the ring of Yclux {Fire *Contam Str+5 Dex+6} (You found it on level 11 of a ziggurat)
 43372 | Zig:12   | Entered Level 12 of a ziggurat
 43381 | Zig:12   | Noticed Jutezxuyd the pandemonium lord
 43383 | Zig:12   | Noticed Cusoff the pandemonium lord
 43385 | Zig:12   | Killed Jutezxuyd the pandemonium lord
 43385 | Zig:12   | Noticed Fuge the pandemonium lord
 43386 | Zig:12   | Killed Cusoff the pandemonium lord
 43387 | Zig:12   | Noticed Iporph the pandemonium lord
 43388 | Zig:12   | Killed Fuge the pandemonium lord
 43389 | Zig:12   | Killed Ohix the pandemonium lord
 43389 | Zig:12   | Noticed Zer Imas the pandemonium lord
 43389 | Zig:12   | Noticed Vyutal the pandemonium lord
 43390 | Zig:12   | Noticed Tiakloij the pandemonium lord
 43391 | Zig:12   | Noticed Cumais the pandemonium lord
 43391 | Zig:12   | Noticed Nuugyn the pandemonium lord
 43392 | Zig:12   | Noticed Miduaxa the pandemonium lord
 43392 | Zig:12   | Killed Iporph the pandemonium lord
 43392 | Zig:12   | Noticed Gaumorgh the pandemonium lord
 43392 | Zig:12   | Noticed Jontus the pandemonium lord
 43392 | Zig:12   | Noticed Ticvitir the pandemonium lord
 43393 | Zig:12   | Noticed Rudwuos the pandemonium lord
 43393 | Zig:12   | Noticed Fuvycolu the pandemonium lord
 43395 | Zig:12   | Noticed Ilimmabine the pandemonium lord
 43395 | Zig:12   | Killed Tiakloij the pandemonium lord
 43395 | Zig:12   | Killed Zer Imas the pandemonium lord
 43395 | Zig:12   | Killed Cumais the pandemonium lord
 43395 | Zig:12   | Noticed Juos Tuk the pandemonium lord
 43395 | Zig:12   | Noticed Udiy the pandemonium lord
 43396 | Zig:12   | Killed Rudwuos the pandemonium lord
 43396 | Zig:12   | Noticed Gugep the pandemonium lord
 43397 | Zig:12   | Noticed Pupyk the pandemonium lord
 43397 | Zig:12   | Noticed Losif the pandemonium lord
 43397 | Zig:12   | Noticed Seutoul the pandemonium lord
 43398 | Zig:12   | Noticed Lofyorph the pandemonium lord
 43398 | Zig:12   | Noticed Saer the pandemonium lord
 43398 | Zig:12   | Noticed Vygej the pandemonium lord
 43398 | Zig:12   | Noticed Qitit the pandemonium lord
 43398 | Zig:12   | Noticed Gikhlouc the pandemonium lord
 43398 | Zig:12   | Noticed Jumpircho the pandemonium lord
 43398 | Zig:12   | Noticed Ucoras the pandemonium lord
 43398 | Zig:12   | Noticed Kocsoshe the pandemonium lord
 43398 | Zig:12   | Noticed Parinedu the pandemonium lord
 43398 | Zig:12   | Noticed Rinuvoiw the pandemonium lord
 43398 | Zig:12   | Noticed Xebis the pandemonium lord
 43399 | Zig:12   | Killed Parinedu the pandemonium lord
 43399 | Zig:12   | Noticed Aqihyara the pandemonium lord
 43400 | Zig:12   | Noticed Imaaraimn the pandemonium lord
 43400 | Zig:12   | Noticed Herr the pandemonium lord
 43400 | Zig:12   | Noticed Viexedo the pandemonium lord
 43400 | Zig:12   | Noticed Seiroc the pandemonium lord
 43400 | Zig:12   | Noticed Foocvy the pandemonium lord
 43400 | Zig:12   | Noticed Xeweumay the pandemonium lord
 43400 | Zig:12   | Noticed Ucvuffed the pandemonium lord
 43400 | Zig:12   | Noticed Otuofrou the pandemonium lord
 43402 | Zig:12   | Noticed Cenif the pandemonium lord
 43402 | Zig:12   | Killed Jumpircho the pandemonium lord
 43402 | Zig:12   | Killed Ucoras the pandemonium lord
 43402 | Zig:12   | Killed Rinuvoiw the pandemonium lord
 43402 | Zig:12   | Killed Qitit the pandemonium lord
 43403 | Zig:12   | Killed Kocsoshe the pandemonium lord
 43403 | Zig:12   | Killed Seiroc the pandemonium lord
 43403 | Zig:12   | Killed Fuvycolu the pandemonium lord
 43403 | Zig:12   | Killed Viexedo the pandemonium lord
 43403 | Zig:12   | Killed Gugep the pandemonium lord
 43403 | Zig:12   | Killed Pupyk the pandemonium lord
 43403 | Zig:12   | Killed Foocvy the pandemonium lord
 43404 | Zig:12   | Killed Seutoul the pandemonium lord
 43404 | Zig:12   | Killed Losif the pandemonium lord
 43404 | Zig:12   | Killed Ilimmabine the pandemonium lord
 43404 | Zig:12   | Killed Ticvitir the pandemonium lord
 43404 | Zig:12   | Killed Aqihyara the pandemonium lord
 43404 | Zig:12   | Killed Xebis the pandemonium lord
 43405 | Zig:12   | Killed Cenif the pandemonium lord
 43405 | Zig:12   | Killed Vyutal the pandemonium lord
 43405 | Zig:12   | Killed Xeweumay the pandemonium lord
 43405 | Zig:12   | Killed Saer the pandemonium lord
 43405 | Zig:12   | Killed Vygej the pandemonium lord
 43405 | Zig:12   | Killed Otuofrou the pandemonium lord
 43405 | Zig:12   | Killed Ucvuffed the pandemonium lord
 43406 | Zig:12   | Killed Imaaraimn the pandemonium lord
 43406 | Zig:12   | Killed Gikhlouc the pandemonium lord
 43406 | Zig:12   | Killed Juos Tuk the pandemonium lord
 43406 | Zig:12   | Killed Lofyorph the pandemonium lord
 43406 | Zig:12   | Killed Gaumorgh the pandemonium lord
 43406 | Zig:12   | Killed Herr the pandemonium lord
 43409 | Zig:12   | Killed Nuugyn the pandemonium lord
 43412 | Zig:12   | Killed Jontus the pandemonium lord
 43412 | Zig:12   | Killed Miduaxa the pandemonium lord
 43412 | Zig:12   | Killed Udiy the pandemonium lord
 43428 | Zig:12   | Got a faintly glowing crystal amulet
 43430 | Zig:12   | Got a shimmering bronze amulet
 43436 | Zig:12   | Got a wavering iron amulet
 43438 | Zig:12   | Got a scorched golden amulet
 43439 | Zig:12   | Identified the amulet "Goawnuno" {+Rage +Fly Dex+4} (You found it on level 12 of a ziggurat)
 43440 | Zig:12   | Identified the amulet "Etimecof" {Regen+ Str+3 SInv} (You found it on level 12 of a ziggurat)
 43441 | Zig:12   | Identified the amulet "Ogaostunlo" {rC+ Regen+ Str+2 Int+4} (You found it on level 12 of a ziggurat)
 43442 | Zig:12   | Identified the amulet "Watoun" {Inacc rN+ MR- Int+4} (You found it on level 12 of a ziggurat)
 43456 | Zig:12   | Got a faintly glowing broad axe
 43457 | Zig:12   | Identified the +3 broad axe of Wajex {protect, Str+4 Int+5} (You found it on level 12 of a ziggurat)
 43508 | Zig:12   | Lost mutation: You do not regenerate when monsters are visible. [potion of mutation]
 43508 | Zig:12   | Lost mutation: Your system is resistant to poisons. (rPois) [potion of mutation]
 43508 | Zig:12   | Gained mutation: You are clumsy. (Dex -2) [potion of mutation]
 43508 | Zig:12   | Gained mutation: You are frail. (-10% HP) [potion of mutation]
 43508 | Zig:12   | Gained mutation: Your mind is acute. (Int +2) [potion of mutation]
 43508 | Zig:12   | Gained mutation: You are partially covered in rugged brown scales. (AC +1, +3% HP) [potion of mutation]
 43531 | Zig:13   | Entered Level 13 of a ziggurat
 43583 | Zig:13   | Got a sparkling bronze amulet
 43585 | Zig:13   | Identified the amulet of Qozoch {Inacc Int+4} (You found it on level 13 of a ziggurat)
 43589 | Zig:14   | Entered Level 14 of a ziggurat
 43631 | Zig:14   | Found the +0 mask of the Dragon {MR+ Slay+3 SInv}
 43661 | Zig:15   | Entered Level 15 of a ziggurat
 43670 | Zig:15   | Noticed an ancient lich
 43671 | Zig:15   | Noticed an ancient lich
 43672 | Zig:15   | Noticed an ancient lich
 43673 | Zig:15   | Noticed an ancient lich
 43673 | Zig:15   | Noticed an ancient lich
 43674 | Zig:15   | Killed an ancient lich
 43674 | Zig:15   | Killed an ancient lich
 43674 | Zig:15   | Killed an ancient lich
 43674 | Zig:15   | Killed an ancient lich
 43674 | Zig:15   | Noticed an ancient lich
 43675 | Zig:15   | Noticed an ancient lich
 43676 | Zig:15   | Noticed an ancient lich
 43676 | Zig:15   | Killed an ancient lich
 43676 | Zig:15   | Noticed an ancient lich
 43677 | Zig:15   | Killed an ancient lich
 43677 | Zig:15   | Killed an ancient lich
 43678 | Zig:15   | Killed an ancient lich
 43678 | Zig:15   | Noticed an ancient lich
 43678 | Zig:15   | Noticed an ancient lich
 43678 | Zig:15   | Noticed an ancient lich
 43679 | Zig:15   | Killed an ancient lich
 43679 | Zig:15   | Killed an ancient lich
 43679 | Zig:15   | Killed an ancient lich
 43680 | Zig:15   | Killed an ancient lich
 43682 | Zig:15   | Noticed an ancient lich
 43684 | Zig:15   | Killed an ancient lich
 43685 | Zig:15   | Noticed an ancient lich
 43685 | Zig:15   | Noticed an ancient lich
 43686 | Zig:15   | Noticed an ancient lich
 43687 | Zig:15   | Killed an ancient lich
 43687 | Zig:15   | Killed an ancient lich
 43688 | Zig:15   | Killed an ancient lich
 43689 | Zig:15   | Noticed an ancient lich
 43690 | Zig:15   | Killed an ancient lich
 43728 | Zig:15   | Lost mutation: You are frail. (-10% HP) [potion of mutation]
 43728 | Zig:15   | Lost mutation: You are partially covered in rugged brown scales. (AC +1, +3% HP) [potion of mutation]
 43728 | Zig:15   | Gained mutation: Your spells are harder to cast, but more powerful. [potion of mutation]
 43728 | Zig:15   | Lost mutation: You are clumsy. (Dex -2) [potion of mutation]
 43728 | Zig:15   | Gained mutation: You are surrounded by a mild repulsion field. (EV +2) [potion of mutation]
 43731 | Zig:16   | Entered Level 16 of a ziggurat
 43807 | Zig:16   | Got a crude glass ring
 43808 | Zig:16   | Identified the ring "Keteyq" {rC+ Str+6} (You found it on level 16 of a ziggurat)
 43814 | Zig:17   | Entered Level 17 of a ziggurat
 43896 | Zig:17   | Identified the Almanac of Toxins and Ice
 43903 | Zig:17   | Got a bound brass ring
 43904 | Zig:17   | Identified the ring of Farull {rElec rC- MR+ Str+5 SInv} (You found it on level 17 of a ziggurat)
 43915 | Zig:18   | Entered Level 18 of a ziggurat
 43917 | Zig:18   | Noticed a greater mummy
 43917 | Zig:18   | Noticed a greater mummy
 43919 | Zig:18   | Noticed a greater mummy
 43919 | Zig:18   | Noticed a greater mummy
 43919 | Zig:18   | Noticed a greater mummy
 43919 | Zig:18   | Noticed a greater mummy
 43919 | Zig:18   | Noticed a greater mummy
 43919 | Zig:18   | Noticed a greater mummy
 43919 | Zig:18   | Noticed a greater mummy
 43919 | Zig:18   | Noticed a greater mummy
 43919 | Zig:18   | Noticed a greater mummy
 43919 | Zig:18   | Noticed a greater mummy
 43919 | Zig:18   | Noticed a greater mummy
 43919 | Zig:18   | Noticed a greater mummy
 43919 | Zig:18   | Noticed a greater mummy
 43919 | Zig:18   | Noticed a greater mummy
 43920 | Zig:18   | Noticed a greater mummy
 43920 | Zig:18   | Noticed a greater mummy
 43920 | Zig:18   | Noticed a greater mummy
 43921 | Zig:18   | Noticed a greater mummy
 43921 | Zig:18   | Noticed a greater mummy
 43922 | Zig:18   | Noticed a greater mummy
 43925 | Zig:18   | Noticed a greater mummy
 43925 | Zig:18   | Noticed a greater mummy
 43925 | Zig:18   | Noticed a greater mummy
 43925 | Zig:18   | Noticed a greater mummy
 43925 | Zig:18   | Noticed a greater mummy
 43925 | Zig:18   | Noticed a greater mummy
 43927 | Zig:18   | Killed a greater mummy
 43927 | Zig:18   | Killed a greater mummy
 43927 | Zig:18   | Killed a greater mummy
 43927 | Zig:18   | Killed a greater mummy
 43927 | Zig:18   | Killed a greater mummy
 43927 | Zig:18   | Killed a greater mummy
 43927 | Zig:18   | Killed a greater mummy
 43927 | Zig:18   | Killed a greater mummy
 43927 | Zig:18   | Killed a greater mummy
 43927 | Zig:18   | Noticed a greater mummy
 43927 | Zig:18   | Noticed a greater mummy
 43927 | Zig:18   | Noticed a greater mummy
 43927 | Zig:18   | Noticed a greater mummy
 43928 | Zig:18   | Killed a greater mummy
 43928 | Zig:18   | Killed a greater mummy
 43928 | Zig:18   | Killed a greater mummy
 43928 | Zig:18   | Killed a greater mummy
 43928 | Zig:18   | Killed a greater mummy
 43928 | Zig:18   | Killed a greater mummy
 43928 | Zig:18   | Killed a greater mummy
 43928 | Zig:18   | Killed a greater mummy
 43928 | Zig:18   | Killed a greater mummy
 43928 | Zig:18   | Killed a greater mummy
 43928 | Zig:18   | Killed a greater mummy
 43928 | Zig:18   | Killed a greater mummy
 43928 | Zig:18   | Noticed a greater mummy
 43928 | Zig:18   | Noticed a greater mummy
 43929 | Zig:18   | Killed a greater mummy
 43929 | Zig:18   | Killed a greater mummy
 43929 | Zig:18   | Killed a greater mummy
 43929 | Zig:18   | Killed a greater mummy
 43929 | Zig:18   | Killed a greater mummy
 43929 | Zig:18   | Killed a greater mummy
 43929 | Zig:18   | Killed a greater mummy
 43929 | Zig:18   | Killed a greater mummy
 43930 | Zig:18   | Killed a greater mummy
 43930 | Zig:18   | Killed a greater mummy
 43930 | Zig:18   | Killed a greater mummy
 43930 | Zig:18   | Noticed a greater mummy
 43931 | Zig:18   | Killed a greater mummy
 43931 | Zig:18   | Killed a greater mummy
 43931 | Zig:18   | Noticed a greater mummy
 43931 | Zig:18   | Noticed a greater mummy
 43931 | Zig:18   | Noticed a greater mummy
 43932 | Zig:18   | Killed a greater mummy
 43932 | Zig:18   | Noticed a greater mummy
 43933 | Zig:18   | Killed a greater mummy
 43933 | Zig:18   | Killed a greater mummy
 43933 | Zig:18   | Killed a greater mummy
 43943 | Zig:18   | Noticed a greater mummy
 43945 | Zig:18   | Noticed a greater mummy
 43945 | Zig:18   | Noticed a greater mummy
 43945 | Zig:18   | Noticed a greater mummy
 43945 | Zig:18   | Noticed a greater mummy
 43947 | Zig:18   | Killed a greater mummy
 43947 | Zig:18   | Killed a greater mummy
 43947 | Zig:18   | Killed a greater mummy
 43947 | Zig:18   | Killed a greater mummy
 43947 | Zig:18   | Noticed a greater mummy
 43948 | Zig:18   | Killed a greater mummy
 43949 | Zig:18   | Killed a greater mummy
 43949 | Zig:18   | Noticed an ancient lich
 43949 | Zig:18   | Noticed a greater mummy
 43950 | Zig:18   | Killed an ancient lich
 43950 | Zig:18   | Killed a greater mummy
 43951 | Zig:18   | Killed a greater mummy
 43953 | Zig:18   | Noticed a greater mummy
 43953 | Zig:18   | Noticed a greater mummy
 43955 | Zig:18   | Killed a greater mummy
 43955 | Zig:18   | Noticed a greater mummy
 43956 | Zig:18   | Killed a greater mummy
 43957 | Zig:18   | Killed a greater mummy
 43958 | Zig:18   | Noticed a greater mummy
 43961 | Zig:18   | Killed a greater mummy
 43985 | Zig:18   | Found the +2 robe of Vines {NoPotionHeal Regen+7}
 43987 | Zig:18   | Found the -2 hat of the Alchemist {rElec rPois rF+ rC+ rN+ MR+ rMut rCorr}
 43993 | Zig:18   | Got a glittering silver ring
 43999 | Zig:18   | Got a heavily runed ivory ring
 44005 | Zig:18   | Got a wavering tin ring
 44011 | Zig:18   | Identified the ring of Suspected Treachery {+Blink MR+ Int+4 SInv} (You found it on level 18 of a ziggurat)
 44012 | Zig:18   | Identified the ring "Cegoux" {Str+6 Int+5 SInv} (You found it on level 18 of a ziggurat)
 44013 | Zig:18   | Identified the ring of Exhibitionism {-Tele rElec rN+ MR+ Int+4} (You found it on level 18 of a ziggurat)
 44101 | Zig:19   | Entered Level 19 of a ziggurat
 44159 | Zig:19   | Identified the +6 large shield of Integrity {rElec MR- Slay+5 Stlth+} (You found it on level 19 of a ziggurat)
 44173 | Zig:19   | Got a transparent marble ring
 44185 | Zig:19   | Got a sparkling steel amulet
 44202 | Zig:19   | Identified the ring "Lysext" {Wiz +Inv rC- rN+ Dex+4} (You found it on level 19 of a ziggurat)
 44203 | Zig:19   | Identified the amulet "Larixeh" {rF+ Regen+ Stlth+} (You found it on level 19 of a ziggurat)
 44208 | Zig:20   | Entered Level 20 of a ziggurat
 44280 | Zig:20   | Got a warped platinum amulet
 44293 | Zig:20   | Got a bound tin ring
 44312 | Zig:20   | Identified the ring "Kacvuth" {*Tele rPois Int+2} (You found it on level 20 of a ziggurat)
 44313 | Zig:20   | Identified the amulet of the Crushed Cities {Harm *Drain rElec MR++} (You found it on level 20 of a ziggurat)
 44318 | Zig:21   | Entered Level 21 of a ziggurat
 44426 | Zig:21   | Identified the cursed +0 robe "Vihim" {rPois rF+++ rCorr Str-2} (You found it on level 21 of a ziggurat)
 44433 | Zig:22   | Entered Level 22 of a ziggurat
 44443 | Zig:22   | Noticed Zudyth the pandemonium lord
 44446 | Zig:22   | Noticed Qexiedor the pandemonium lord
 44447 | Zig:22   | Noticed Anlib the pandemonium lord
 44448 | Zig:22   | Noticed Husk the pandemonium lord
 44448 | Zig:22   | Noticed Utigul the pandemonium lord
 44449 | Zig:22   | Killed Anlib the pandemonium lord
 44449 | Zig:22   | Killed Zudyth the pandemonium lord
 44449 | Zig:22   | Noticed Muhotaebb the pandemonium lord
 44450 | Zig:22   | Killed Qexiedor the pandemonium lord
 44451 | Zig:22   | Noticed Sugar the pandemonium lord
 44458 | Zig:22   | Killed Husk the pandemonium lord
 44458 | Zig:22   | Killed Utigul the pandemonium lord
 44460 | Zig:22   | Killed Muhotaebb the pandemonium lord
 44461 | Zig:22   | Noticed Vibudy the pandemonium lord
 44461 | Zig:22   | Noticed Badoedda the pandemonium lord
 44461 | Zig:22   | Noticed Jeiceb the pandemonium lord
 44462 | Zig:22   | Killed Pojiso the pandemonium lord
 44462 | Zig:22   | Noticed Napaguog the pandemonium lord
 44462 | Zig:22   | Noticed Fattayrufe the pandemonium lord
 44463 | Zig:22   | Killed Fattayrufe the pandemonium lord
 44463 | Zig:22   | Noticed Qaiv the pandemonium lord
 44463 | Zig:22   | Noticed Uclawayl the pandemonium lord
 44465 | Zig:22   | Killed Vibudy the pandemonium lord
 44465 | Zig:22   | Killed Napaguog the pandemonium lord
 44465 | Zig:22   | Noticed Puc Domp the pandemonium lord
 44466 | Zig:22   | Killed Qaiv the pandemonium lord
 44466 | Zig:22   | Noticed Nucuk the pandemonium lord
 44466 | Zig:22   | Noticed Cusasir the pandemonium lord
 44466 | Zig:22   | Killed Uclawayl the pandemonium lord
 44467 | Zig:22   | Killed Puc Domp the pandemonium lord
 44467 | Zig:22   | Killed Badoedda the pandemonium lord
 44467 | Zig:22   | Killed Pamask the pandemonium lord
 44467 | Zig:22   | Killed Jeiceb the pandemonium lord
 44469 | Zig:22   | Killed Sugar the pandemonium lord
 44470 | Zig:22   | Killed Cusasir the pandemonium lord
 44470 | Zig:22   | Killed Nucuk the pandemonium lord
 44470 | Zig:22   | Killed Ahif the pandemonium lord
 44471 | Zig:22   | Noticed Wogul the pandemonium lord
 44474 | Zig:22   | Killed Ezxoten the pandemonium lord
 44475 | Zig:22   | Killed Midoeroi the pandemonium lord
 44476 | Zig:22   | Killed Asimaph the pandemonium lord
 44477 | Zig:22   | Killed Yfawn the pandemonium lord
 44477 | Zig:22   | Killed Wogul the pandemonium lord
 44477 | Zig:22   | Killed Mossam the pandemonium lord
 44477 | Zig:22   | Killed Huoguw the pandemonium lord
 44480 | Zig:22   | Killed Pabbol the pandemonium lord
 44481 | Zig:22   | Noticed Sagithror the pandemonium lord
 44482 | Zig:22   | Noticed Safycal the pandemonium lord
 44483 | Zig:22   | Killed Sagithror the pandemonium lord
 44483 | Zig:22   | Killed Mequtej the pandemonium lord
 44484 | Zig:22   | Noticed Uveocem the pandemonium lord
 44484 | Zig:22   | Noticed Ylippuic the pandemonium lord
 44484 | Zig:22   | Noticed Esuptomi the pandemonium lord
 44485 | Zig:22   | Noticed Yhoymiz the pandemonium lord
 44485 | Zig:22   | Killed Safycal the pandemonium lord
 44485 | Zig:22   | Killed Woinn the pandemonium lord
 44485 | Zig:22   | Killed Dafizozy the pandemonium lord
 44485 | Zig:22   | Killed Rovuxtid the pandemonium lord
 44486 | Zig:22   | Noticed Tileonil the pandemonium lord
 44486 | Zig:22   | Killed Tileonil the pandemonium lord
 44486 | Zig:22   | Killed Kudizaj the pandemonium lord
 44486 | Zig:22   | Killed Ylyogage the pandemonium lord
 44487 | Zig:22   | Killed Ylippuic the pandemonium lord
 44488 | Zig:22   | Killed Yhoymiz the pandemonium lord
 44488 | Zig:22   | Noticed Bufeez the pandemonium lord
 44489 | Zig:22   | Killed Esuptomi the pandemonium lord
 44489 | Zig:22   | Killed Uveocem the pandemonium lord
 44489 | Zig:22   | Noticed Qifen the pandemonium lord
 44489 | Zig:22   | Noticed Ocled the pandemonium lord
 44490 | Zig:22   | Noticed Ocumimud the pandemonium lord
 44491 | Zig:22   | Killed Jaocefo the pandemonium lord
 44491 | Zig:22   | Noticed Wuahuda the pandemonium lord
 44492 | Zig:22   | Killed Qifen the pandemonium lord
 44492 | Zig:22   | Killed Ocled the pandemonium lord
 44492 | Zig:22   | Noticed Poback the pandemonium lord
 44492 | Zig:22   | Noticed Qeamonk the pandemonium lord
 44492 | Zig:22   | Noticed Ycloe the pandemonium lord
 44493 | Zig:22   | Killed Qeamonk the pandemonium lord
 44494 | Zig:22   | Killed Wuahuda the pandemonium lord
 44494 | Zig:22   | Killed Poback the pandemonium lord
 44494 | Zig:22   | Killed Deihoorr the pandemonium lord
 44494 | Zig:22   | Killed Bufeez the pandemonium lord
 44494 | Zig:22   | Noticed Tyont the pandemonium lord
 44495 | Zig:22   | Killed Ocumimud the pandemonium lord
 44495 | Zig:22   | Killed Ycloe the pandemonium lord
 44495 | Zig:22   | Killed Vysizirava the pandemonium lord
 44495 | Zig:22   | Noticed Beffog the pandemonium lord
 44497 | Zig:22   | Killed Tyont the pandemonium lord
 44497 | Zig:22   | Killed Beffog the pandemonium lord
 44497 | Zig:22   | Noticed Pucsiest the pandemonium lord
 44498 | Zig:22   | Killed Pucsiest the pandemonium lord
 44500 | Zig:22   | Killed Atiagic the pandemonium lord
 44500 | Zig:22   | Killed Rilaon the pandemonium lord
 44500 | Zig:22   | Killed Zamemn the pandemonium lord
 44503 | Zig:22   | Killed Ikleynn the pandemonium lord
 44503 | Zig:22   | Noticed Kaimaiwu the pandemonium lord
 44505 | Zig:22   | Killed Kaimaiwu the pandemonium lord
 44505 | Zig:22   | Killed Marphynn the pandemonium lord
 44507 | Zig:22   | Noticed Qionucir the pandemonium lord
 44508 | Zig:22   | Noticed Rotoz the pandemonium lord
 44509 | Zig:22   | Noticed Wusouj the pandemonium lord
 44510 | Zig:22   | Killed Iptemosm the pandemonium lord
 44511 | Zig:22   | Noticed Viwyly the pandemonium lord
 44513 | Zig:22   | Killed Qionucir the pandemonium lord
 44513 | Zig:22   | Killed Wusouj the pandemonium lord
 44513 | Zig:22   | Noticed Siolaibi the pandemonium lord
 44513 | Zig:22   | Noticed Vekkonwe the pandemonium lord
 44514 | Zig:22   | Killed Rotoz the pandemonium lord
 44514 | Zig:22   | Noticed Bous the pandemonium lord
 44515 | Zig:22   | Noticed Kemucun the pandemonium lord
 44516 | Zig:22   | Killed Kemucun the pandemonium lord
 44516 | Zig:22   | Killed Vekkonwe the pandemonium lord
 44517 | Zig:22   | Noticed Coss the pandemonium lord
 44518 | Zig:22   | Killed Viwyly the pandemonium lord
 44518 | Zig:22   | Killed Siolaibi the pandemonium lord
 44518 | Zig:22   | Killed Bous the pandemonium lord
 44518 | Zig:22   | Noticed Wohaedeo the pandemonium lord
 44518 | Zig:22   | Noticed Yqottog the pandemonium lord
 44518 | Zig:22   | Noticed Biymor the pandemonium lord
 44518 | Zig:22   | Killed Osaefrap the pandemonium lord
 44519 | Zig:22   | Noticed Sycu Fau the pandemonium lord
 44519 | Zig:22   | Noticed Foqok the pandemonium lord
 44520 | Zig:22   | Killed Coss the pandemonium lord
 44520 | Zig:22   | Noticed Leamenav the pandemonium lord
 44520 | Zig:22   | Noticed Balumn the pandemonium lord
 44520 | Zig:22   | Noticed Hioclut the pandemonium lord
 44520 | Zig:22   | Noticed Kanym Xinedo the pandemonium lord
 44521 | Zig:22   | Killed Biymor the pandemonium lord
 44521 | Zig:22   | Killed Balumn the pandemonium lord
 44522 | Zig:22   | Noticed Fouradi the pandemonium lord
 44523 | Zig:22   | Noticed Ykav Azxaogh the pandemonium lord
 44523 | Zig:22   | Noticed Loxodiar the pandemonium lord
 44523 | Zig:22   | Noticed Xoisunue the pandemonium lord
 44523 | Zig:22   | Noticed Jorunemo the pandemonium lord
 44523 | Zig:22   | Noticed Tedwo the pandemonium lord
 44523 | Zig:22   | Noticed Noal the pandemonium lord
 44523 | Zig:22   | Noticed Pische Hippa the pandemonium lord
 44523 | Zig:22   | Noticed Puuraeni the pandemonium lord
 44523 | Zig:22   | Noticed Ditaizayrgh the pandemonium lord
 44523 | Zig:22   | Noticed Gizyfuox the pandemonium lord
 44523 | Zig:22   | Noticed Doecovee the pandemonium lord
 44523 | Zig:22   | Noticed Wuquyw the pandemonium lord
 44525 | Zig:22   | Paralysed by you for 2 turns
 44526 | Zig:22   | Killed Sycu Fau the pandemonium lord
 44527 | Zig:22   | Killed Yqottog the pandemonium lord
 44527 | Zig:22   | Killed Hioclut the pandemonium lord
 44527 | Zig:22   | Killed Foqok the pandemonium lord
 44527 | Zig:22   | Killed Jorunemo the pandemonium lord
 44528 | Zig:22   | Killed Loxodiar the pandemonium lord
 44528 | Zig:22   | Killed Ditaizayrgh the pandemonium lord
 44528 | Zig:22   | Killed Wohaedeo the pandemonium lord
 44528 | Zig:22   | Killed Fouradi the pandemonium lord
 44528 | Zig:22   | Killed Pische Hippa the pandemonium lord
 44528 | Zig:22   | Killed Leamenav the pandemonium lord
 44528 | Zig:22   | Noticed Jenti the pandemonium lord
 44529 | Zig:22   | Killed Puuraeni the pandemonium lord
 44529 | Zig:22   | Killed Gizyfuox the pandemonium lord
 44529 | Zig:22   | Killed Noal the pandemonium lord
 44529 | Zig:22   | Killed Kanym Xinedo the pandemonium lord
 44529 | Zig:22   | Killed Tedwo the pandemonium lord
 44530 | Zig:22   | Killed Doecovee the pandemonium lord
 44530 | Zig:22   | Killed Wuquyw the pandemonium lord
 44531 | Zig:22   | Killed Jenti the pandemonium lord
 44532 | Zig:22   | Killed Ykav Azxaogh the pandemonium lord
 44533 | Zig:22   | Killed Xoisunue the pandemonium lord
 44581 | Zig:22   | Got an ancient graven amulet
 44599 | Zig:22   | Identified the amulet of Usaczozo {Spirit rElec} (You found it on level 22 of a ziggurat)
 44657 | Zig:23   | Entered Level 23 of a ziggurat
 44772 | Zig:23   | Got a pitted ivory ring
 44780 | Zig:23   | Got a smoking brass ring
 44781 | Zig:23   | Identified the ring of the Princess {+Fly rElec MP+9 Int+2 Dex+3} (You found it on level 23 of a ziggurat)
 44782 | Zig:23   | Identified the cursed ring of Yendor {rElec Str-2 Int+9 Dex+3 Slay-6} (You found it on level 23 of a ziggurat)
 44793 | Zig:23   | Identified the Disquisition on Summoning and Black Rites
 44828 | Zig:24   | Entered Level 24 of a ziggurat
 44861 | Zig:24   | Noticed Umaer the pandemonium lord
 44866 | Zig:24   | Killed Umaer the pandemonium lord
 44877 | Zig:24   | Gained mutation: Your body sometimes deteriorates upon taking damage. [a cacodemon]
 45003 | Zig:24   | Got a slimy silver ring
 45007 | Zig:24   | Got a scorched copper amulet
 45008 | Zig:24   | Identified the Guide on Scorching Stones
 45024 | Zig:24   | Identified the cursed +1 robe of the Trilobite {rCorr Str+4 Int-4 Dex+2} (You found it on level 24 of a ziggurat)
 45025 | Zig:24   | Identified the amulet "Riomou" {Harm *Drain rElec rPois rC+} (You found it on level 24 of a ziggurat)
 45036 | Zig:24   | Identified the Papyrus of the Evil Entourage
 45085 | Zig:25   | Entered Level 25 of a ziggurat
 45202 | Zig:25   | Found the +15 Maxwell's patent armour {-Cast -Tele rElec MR+ rCorr}
 45206 | Zig:25   | Got a coiled silver amulet
 45218 | Zig:25   | Identified the Reference Book on Augmentations
 45229 | Zig:25   | Identified the ring "Utool" {+Fly rElec Str-4 Dex+8 SInv} (You found it on level 25 of a ziggurat)
 45230 | Zig:25   | Identified the amulet of the Catfish {Harm *Drain rElec Int+6 Dex-4 SInv} (You found it on level 25 of a ziggurat)
 45231 | Zig:25   | Identified the ring "Idusy Amua" {rC+ rN+ Str+4} (You found it on level 24 of a ziggurat)
 45289 | Zig:26   | Entered Level 26 of a ziggurat
 45440 | Zig:26   | Got a heavily runed ivory ring
 45469 | Zig:26   | Identified Sif Muna's Almanac of Air
 45470 | Zig:26   | Identified the ring of Teotatz {rF+ MR+ Str+3 Int+5} (You found it on level 26 of a ziggurat)
 45474 | Zig:27   | Entered Level 27 of a ziggurat
 45591 | Zig:27   | Got a glittering amber ring
 45611 | Zig:27   | Identified Usivef's Grimoire of Arcane Weapons
 45616 | Zig:27   | Identified the amulet of Qycw {Gourm +Fly rN+ MR+ Str+2} (You found it on level 27 of a ziggurat)
 45631 | Zig:1    | Entered Level 1 of a ziggurat
 45646 | Zig:2    | Entered Level 2 of a ziggurat
 45666 | Zig:3    | Entered Level 3 of a ziggurat
 45666 | Zig:3    | Noticed Misaz the pandemonium lord
 45666 | Zig:3    | Noticed Nyuneg the pandemonium lord
 45666 | Zig:3    | Noticed Pomu the pandemonium lord
 45666 | Zig:3    | Noticed Monnagi the pandemonium lord
 45666 | Zig:3    | Noticed Soypes the pandemonium lord
 45666 | Zig:3    | Noticed Halesam the pandemonium lord
 45666 | Zig:3    | Noticed Luomoq the pandemonium lord
 45666 | Zig:3    | Noticed Ajyjaa the pandemonium lord
 45666 | Zig:3    | Noticed Ydoerere the pandemonium lord
 45669 | Zig:3    | Killed Pomu the pandemonium lord
 45669 | Zig:3    | Killed Nyuneg the pandemonium lord
 45669 | Zig:3    | Killed Luomoq the pandemonium lord
 45669 | Zig:3    | Killed Monnagi the pandemonium lord
 45669 | Zig:3    | Killed Ydoerere the pandemonium lord
 45670 | Zig:3    | Killed Misaz the pandemonium lord
 45670 | Zig:3    | Killed Halesam the pandemonium lord
 45671 | Zig:3    | Killed Soypes the pandemonium lord
 45672 | Zig:3    | Killed Ajyjaa the pandemonium lord
 45791 | Zig:4    | Entered Level 4 of a ziggurat
 45814 | Zig:5    | Entered Level 5 of a ziggurat
 45840 | Zig:5    | Got warped gold dragon scales
 45845 | Zig:6    | Entered Level 6 of a ziggurat
 45870 | Zig:6    | Identified the +5 gold dragon scales "Keumo" {*Slow rPois rF+ rC+ Dex+4 Stlth+} (You acquired it on level 5 of a ziggurat)
 45871 | Zig:6    | Identified the +2 cloak "Lienym" {rN++ Int+7} (You acquired it on level 6 of a ziggurat)
 45873 | Zig:6    | Got a shimmering cloak
 45875 | Zig:6    | Identified the ring of Mashrehut {Str+4 Dex+4} (You found it on level 27 of a ziggurat)
 45965 | Zig:7    | Entered Level 7 of a ziggurat
 45965 | Zig:7    | Noticed an ancient lich
 45969 | Zig:7    | Killed an ancient lich
 45970 | Zig:7    | Noticed an ancient lich
 45972 | Zig:7    | Killed an ancient lich
 45973 | Zig:7    | Noticed an ancient lich
 45974 | Zig:7    | Killed an ancient lich
 45974 | Zig:7    | Noticed an ancient lich
 45976 | Zig:7    | Killed an ancient lich
 45976 | Zig:7    | Noticed an ancient lich
 45979 | Zig:7    | Killed an ancient lich
 45998 | Zig:8    | Entered Level 8 of a ziggurat
 45998 | Zig:8    | Noticed a juggernaut
 45998 | Zig:8    | Noticed a juggernaut
 45998 | Zig:8    | Noticed a juggernaut
 45998 | Zig:8    | Noticed a juggernaut
 45999 | Zig:8    | Killed a juggernaut
 45999 | Zig:8    | Noticed a juggernaut
 45999 | Zig:8    | Noticed a juggernaut
 46000 | Zig:8    | Killed a juggernaut
 46000 | Zig:8    | Killed a juggernaut
 46000 | Zig:8    | Killed a juggernaut
 46002 | Zig:8    | Killed a juggernaut
 46002 | Zig:8    | Killed a juggernaut
 46004 | Zig:8    | Noticed a juggernaut
 46006 | Zig:8    | Killed a juggernaut
 46032 | Zig:9    | Entered Level 9 of a ziggurat
 46032 | Zig:9    | Noticed a greater mummy
 46032 | Zig:9    | Noticed a greater mummy
 46032 | Zig:9    | Noticed a greater mummy
 46032 | Zig:9    | Noticed a greater mummy
 46032 | Zig:9    | Noticed a greater mummy
 46032 | Zig:9    | Noticed a greater mummy
 46032 | Zig:9    | Noticed a greater mummy
 46032 | Zig:9    | Noticed a greater mummy
 46032 | Zig:9    | Noticed a greater mummy
 46036 | Zig:9    | Killed a greater mummy
 46036 | Zig:9    | Killed a greater mummy
 46036 | Zig:9    | Killed a greater mummy
 46037 | Zig:9    | Killed a greater mummy
 46037 | Zig:9    | Killed a greater mummy
 46037 | Zig:9    | Killed a greater mummy
 46037 | Zig:9    | Killed a greater mummy
 46037 | Zig:9    | Killed a greater mummy
 46037 | Zig:9    | Noticed a greater mummy
 46038 | Zig:9    | Killed a greater mummy
 46040 | Zig:9    | Noticed a greater mummy
 46040 | Zig:9    | Noticed a greater mummy
 46041 | Zig:9    | Killed a greater mummy
 46042 | Zig:9    | Killed a greater mummy
 46043 | Zig:9    | Killed a greater mummy
 46045 | Zig:9    | Noticed a greater mummy
 46045 | Zig:9    | Noticed a greater mummy
 46046 | Zig:9    | Killed a greater mummy
 46047 | Zig:9    | Killed a greater mummy
 46054 | Zig:9    | Lost dexterity.
 46099 | Zig:9    | Got a scintillating crystal amulet
 46130 | Zig:10   | Entered Level 10 of a ziggurat
 46181 | Zig:11   | Entered Level 11 of a ziggurat
 46219 | Zig:11   | Identified the amulet of Apera {Harm *Drain +Blink +Fly rPois Dex-3} (You found it on level 9 of a ziggurat)
 46235 | Zig:11   | Identified the +0 cloak "Moots" {Str+2} (You acquired it on level 6 of a ziggurat)
 46242 | Zig:12   | Entered Level 12 of a ziggurat
 46295 | Zig:12   | Got a scintillating turquoise ring
 46308 | Zig:12   | Got a transparent granite ring
 46310 | Zig:12   | Identified the ring of Interdependent Arising {rF+ Int+4} (You found it on level 12 of a ziggurat)
 46313 | Zig:12   | Identified the ring of the Worm {Dex+2 SInv} (You found it on level 12 of a ziggurat)
 46316 | Zig:12   | Identified Xemim's Volume of Ensnaring Cold
 46321 | Zig:13   | Entered Level 13 of a ziggurat
 46321 | Zig:13   | Noticed a juggernaut
 46322 | Zig:13   | Noticed a juggernaut
 46322 | Zig:13   | Noticed a juggernaut
 46323 | Zig:13   | Killed a juggernaut
 46324 | Zig:13   | Noticed a juggernaut
 46325 | Zig:13   | Killed a juggernaut
 46325 | Zig:13   | Killed a juggernaut
 46325 | Zig:13   | Killed a juggernaut
 46328 | Zig:13   | 4thArraOfDagon: !lg * max=zigs_completed x=zigs_completed
 46328 | Zig:13   | XtahuaRules: Unknown field: zigs_completed
 46328 | Zig:13   | 4thArraOfDagon: !lg * max=zigscompleted x=zigscompleted
 46328 | Zig:13   | Noticed a juggernaut
 46329 | Zig:13   | Noticed a juggernaut
 46329 | Zig:13   | Killed a juggernaut
 46330 | Zig:13   | XtahuaRules: 8963995. [zigscompleted=103] igooo the Farming Annihilator (L27 DsFE of Gozag), escaped with the Orb and 15 runes on 2018-02-08 13:25:43, with 3001917 points after 1678264 turns and 2d+12:01:27.
 46330 | Zig:13   | Killed a juggernaut
 46330 | Zig:13   | Noticed a juggernaut
 46330 | Zig:13   | Noticed a juggernaut
 46331 | Zig:13   | Noticed a juggernaut
 46331 | Zig:13   | Noticed a juggernaut
 46332 | Zig:13   | Noticed a juggernaut
 46332 | Zig:13   | Killed a juggernaut
 46332 | Zig:13   | Killed a juggernaut
 46332 | Zig:13   | Noticed a juggernaut
 46332 | Zig:13   | Noticed a juggernaut
 46333 | Zig:13   | Killed a juggernaut
 46333 | Zig:13   | Killed a juggernaut
 46333 | Zig:13   | Killed a juggernaut
 46333 | Zig:13   | Noticed a juggernaut
 46334 | Zig:13   | Killed a juggernaut
 46334 | Zig:13   | Killed a juggernaut
 46334 | Zig:13   | Noticed a juggernaut
 46336 | Zig:13   | Killed a juggernaut
 46336 | Zig:13   | Noticed a juggernaut
 46338 | Zig:13   | Killed a juggernaut
 46338 | Zig:13   | Killed a juggernaut
 46371 | Zig:13   | Found the +3 robe of Folly {Archmagi, MR-- Int+5}
 46377 | Zig:13   | Got a shimmering tin ring
 46384 | Zig:13   | Got a wavering tin ring
 46387 | Zig:13   | Got an ancient platinum ring
 46391 | Zig:13   | yes
 46415 | Zig:13   | Identified the ring "Dys Ushe" {Fire MR- Int+2 Dex+2 Stlth+} (You found it on level 13 of a ziggurat)
 46417 | Zig:13   | Identified the ring of Fejopt {rPois rF+ MR- Str+2 Int+3} (You found it on level 13 of a ziggurat)
 46419 | Zig:13   | Identified the ring of Xanigimu {Ice MR- Str+6 Int+2 Dex+7} (You found it on level 13 of a ziggurat)
 46429 | Zig:14   | Entered Level 14 of a ziggurat
 46429 | Zig:14   | Noticed a greater mummy
 46429 | Zig:14   | Noticed a greater mummy
 46429 | Zig:14   | Noticed a greater mummy
 46436 | Zig:14   | Killed a greater mummy
 46437 | Zig:14   | Killed a greater mummy
 46440 | Zig:14   | Killed a greater mummy
 46441 | Zig:14   | Killed a greater mummy
 46443 | Zig:14   | Killed a greater mummy
 46444 | Zig:14   | Killed a greater mummy
 46445 | Zig:14   | Killed a greater mummy
 46447 | Zig:14   | Killed a greater mummy
 46448 | Zig:14   | Killed a greater mummy
 46449 | Zig:14   | Killed a greater mummy
 46449 | Zig:14   | Killed a greater mummy
 46453 | Zig:14   | Killed a greater mummy
 46455 | Zig:14   | Noticed a greater mummy
 46456 | Zig:14   | Killed a greater mummy
 46457 | Zig:14   | Noticed a greater mummy
 46458 | Zig:14   | Noticed a greater mummy
 46458 | Zig:14   | Noticed a greater mummy
 46458 | Zig:14   | Noticed a greater mummy
 46459 | Zig:14   | Killed a greater mummy
 46459 | Zig:14   | Killed a greater mummy
 46459 | Zig:14   | Killed a greater mummy
 46459 | Zig:14   | Noticed a greater mummy
 46460 | Zig:14   | Killed a greater mummy
 46460 | Zig:14   | Killed a greater mummy
 46461 | Zig:14   | Killed a greater mummy
 46462 | Zig:14   | Noticed a greater mummy
 46464 | Zig:14   | Killed a greater mummy
 46464 | Zig:14   | Noticed a greater mummy
 46465 | Zig:14   | Noticed a greater mummy
 46465 | Zig:14   | Killed a greater mummy
 46466 | Zig:14   | Killed a greater mummy
 46468 | Zig:14   | Noticed a greater mummy
 46470 | Zig:14   | Noticed a greater mummy
 46470 | Zig:14   | Noticed a greater mummy
 46471 | Zig:14   | Killed a greater mummy
 46472 | Zig:14   | Killed a greater mummy
 46473 | Zig:14   | Killed a greater mummy
 46473 | Zig:14   | Noticed a greater mummy
 46473 | Zig:14   | Noticed a greater mummy
 46475 | Zig:14   | Killed a greater mummy
 46475 | Zig:14   | Killed a greater mummy
 46480 | Zig:14   | Noticed a greater mummy
 46482 | Zig:14   | Killed a greater mummy
 46492 | Zig:14   | Goblin1989: dump?
 46518 | Zig:14   | 4thArraOfDagon: there
 46522 | Zig:14   | Got a clouded ivory ring
 46531 | Zig:14   | Identified the +1 cloak "Yczesiniu" {rC- Regen+ Str+7} (You found it on level 14 of a ziggurat)
 46537 | Zig:14   | Identified the ring of Ifabrouho {Fire Str+4} (You found it on level 14 of a ziggurat)
 46555 | Zig:14   | 4thArraOfDagon: wild magic *2 :)
 46559 | Zig:15   | Entered Level 15 of a ziggurat
 46583 | Zig:15   | Goblin1989: Thank you.
 46633 | Zig:15   | Got a scorched silver ring
 46646 | Zig:15   | Identified the ring of Qaskudwous {Ice Int+4} (You found it on level 15 of a ziggurat)
 46650 | Zig:16   | Entered Level 16 of a ziggurat
 46656 | Zig:16   | Noticed Garamuoq the pandemonium lord
 46658 | Zig:16   | Noticed Fueteck the pandemonium lord
 46659 | Zig:16   | Killed Garamuoq the pandemonium lord
 46663 | Zig:16   | Killed Fueteck the pandemonium lord
 46665 | Zig:16   | Killed Jojos the pandemonium lord
 46665 | Zig:16   | Noticed Ratiw the pandemonium lord
 46665 | Zig:16   | Noticed Quborebb the pandemonium lord
 46666 | Zig:16   | Noticed Qodi the pandemonium lord
 46667 | Zig:16   | Killed Ratiw the pandemonium lord
 46668 | Zig:16   | Killed Qodi the pandemonium lord
 46668 | Zig:16   | Killed Detem the pandemonium lord
 46669 | Zig:16   | Killed Quborebb the pandemonium lord
 46669 | Zig:16   | Noticed Ciplat the pandemonium lord
 46671 | Zig:16   | Noticed Meitiuse the pandemonium lord
 46671 | Zig:16   | Noticed Dorchi the pandemonium lord
 46672 | Zig:16   | Killed Kuinoyd the pandemonium lord
 46672 | Zig:16   | Noticed Xasuipose the pandemonium lord
 46673 | Zig:16   | Killed Meitiuse the pandemonium lord
 46674 | Zig:16   | Killed Dorchi the pandemonium lord
 46674 | Zig:16   | Killed Ciplat the pandemonium lord
 46675 | Zig:16   | Killed Xasuipose the pandemonium lord
 46675 | Zig:16   | Noticed Poyw Nuh the pandemonium lord
 46675 | Zig:16   | Noticed Sof Raxusu the pandemonium lord
 46677 | Zig:16   | Killed Ixerphohi the pandemonium lord
 46677 | Zig:16   | Noticed Wuokhucuar the pandemonium lord
 46678 | Zig:16   | Noticed Arph the pandemonium lord
 46679 | Zig:16   | Noticed Pumamm the pandemonium lord
 46679 | Zig:16   | Noticed Femim the pandemonium lord
 46680 | Zig:16   | Killed Poyw Nuh the pandemonium lord
 46681 | Zig:16   | Killed Wuokhucuar the pandemonium lord
 46681 | Zig:16   | Killed Fyjitih the pandemonium lord
 46681 | Zig:16   | Noticed Camaileh the pandemonium lord
 46682 | Zig:16   | Noticed Moerosug the pandemonium lord
 46682 | Zig:16   | Killed Arph the pandemonium lord
 46682 | Zig:16   | Killed Femim the pandemonium lord
 46682 | Zig:16   | Killed Pumamm the pandemonium lord
 46683 | Zig:16   | Killed Sof Raxusu the pandemonium lord
 46683 | Zig:16   | Killed Jalibukarph the pandemonium lord
 46683 | Zig:16   | Killed Wiho the pandemonium lord
 46684 | Zig:16   | Killed Moerosug the pandemonium lord
 46684 | Zig:16   | Noticed Saschih the pandemonium lord
 46685 | Zig:16   | Killed Camaileh the pandemonium lord
 46686 | Zig:16   | Killed Veargh the pandemonium lord
 46686 | Zig:16   | Noticed Voagh the pandemonium lord
 46686 | Zig:16   | Noticed Xugris the pandemonium lord
 46688 | Zig:16   | Killed Voagh the pandemonium lord
 46688 | Zig:16   | Noticed Vioho the pandemonium lord
 46688 | Zig:16   | Noticed Etroc the pandemonium lord
 46689 | Zig:16   | Noticed Gucamn the pandemonium lord
 46690 | Zig:16   | Killed Xugris the pandemonium lord
 46690 | Zig:16   | Noticed Sapuig the pandemonium lord
 46691 | Zig:16   | Killed Gucamn the pandemonium lord
 46692 | Zig:16   | Noticed Nemmapli the pandemonium lord
 46693 | Zig:16   | Killed Etroc the pandemonium lord
 46693 | Zig:16   | Killed Saschih the pandemonium lord
 46693 | Zig:16   | Noticed Empipri the pandemonium lord
 46694 | Zig:16   | Killed Nemmapli the pandemonium lord
 46694 | Zig:16   | Killed Vioho the pandemonium lord
 46695 | Zig:16   | Killed Sapuig the pandemonium lord
 46695 | Zig:16   | Noticed Ibruaceumm the pandemonium lord
 46696 | Zig:16   | Killed Ygal the pandemonium lord
 46696 | Zig:16   | Noticed Heemmuergh the pandemonium lord
 46697 | Zig:16   | Noticed Venlo the pandemonium lord
 46697 | Zig:16   | Noticed Jyox the pandemonium lord
 46698 | Zig:16   | Killed Ibruaceumm the pandemonium lord
 46698 | Zig:16   | Noticed Ceisirphism the pandemonium lord
 46699 | Zig:16   | Killed Venlo the pandemonium lord
 46699 | Zig:16   | Killed Jyox the pandemonium lord
 46699 | Zig:16   | Killed Heemmuergh the pandemonium lord
 46699 | Zig:16   | Killed Vemaoboe the pandemonium lord
 46701 | Zig:16   | Killed Ceisirphism the pandemonium lord
 46702 | Zig:16   | Killed Empipri the pandemonium lord
 46703 | Zig:16   | Noticed Biaqoj the pandemonium lord
 46704 | Zig:16   | Killed Biaqoj the pandemonium lord
 46707 | Zig:16   | Noticed Louli the pandemonium lord
 46709 | Zig:16   | Killed Wohysu the pandemonium lord
 46709 | Zig:16   | Killed Louli the pandemonium lord
 46710 | Zig:16   | Killed Luecek the pandemonium lord
 46711 | Zig:16   | Noticed Kyguq the pandemonium lord
 46712 | Zig:16   | Killed Kyguq the pandemonium lord
 46718 | Zig:16   | Killed Uchaju the pandemonium lord
 46718 | Zig:16   | Killed Liafacwa the pandemonium lord
 46725 | Zig:16   | Noticed Wiarchea the pandemonium lord
 46727 | Zig:16   | Killed Wiarchea the pandemonium lord
 46727 | Zig:16   | Killed Musch the pandemonium lord
 46728 | Zig:16   | Noticed Biucsu the pandemonium lord
 46728 | Zig:16   | Noticed Ifreqyuw the pandemonium lord
 46729 | Zig:16   | Killed Ifreqyuw the pandemonium lord
 46729 | Zig:16   | Killed Uhicheze the pandemonium lord
 46730 | Zig:16   | Killed Biucsu the pandemonium lord
 46730 | Zig:16   | Killed Taunwac the pandemonium lord
 46731 | Zig:16   | Noticed Vongiste the pandemonium lord
 46732 | Zig:16   | Noticed Xecelo Qonu the pandemonium lord
 46733 | Zig:16   | Killed Xecelo Qonu the pandemonium lord
 46736 | Zig:16   | Killed Vongiste the pandemonium lord
 46757 | Zig:16   | Got a clouded ivory ring
 46776 | Zig:17   | Entered Level 17 of a ziggurat
 46780 | Zig:17   | Noticed a juggernaut
 46781 | Zig:17   | Noticed a juggernaut
 46781 | Zig:17   | Noticed a juggernaut
 46782 | Zig:17   | Noticed a juggernaut
 46782 | Zig:17   | Killed a juggernaut
 46782 | Zig:17   | Noticed a juggernaut
 46783 | Zig:17   | Killed a juggernaut
 46783 | Zig:17   | Noticed a juggernaut
 46783 | Zig:17   | Noticed a juggernaut
 46784 | Zig:17   | Killed a juggernaut
 46784 | Zig:17   | Killed a juggernaut
 46784 | Zig:17   | Noticed a juggernaut
 46784 | Zig:17   | Noticed a juggernaut
 46785 | Zig:17   | Killed a juggernaut
 46785 | Zig:17   | Killed a juggernaut
 46785 | Zig:17   | Noticed a juggernaut
 46786 | Zig:17   | Killed a juggernaut
 46786 | Zig:17   | Killed a juggernaut
 46786 | Zig:17   | Killed a juggernaut
 46787 | Zig:17   | Killed a juggernaut
 46787 | Zig:17   | Noticed a juggernaut
 46787 | Zig:17   | Noticed a juggernaut
 46789 | Zig:17   | Killed a juggernaut
 46789 | Zig:17   | Noticed a juggernaut
 46790 | Zig:17   | Noticed a juggernaut
 46790 | Zig:17   | Killed a juggernaut
 46790 | Zig:17   | Killed a juggernaut
 46790 | Zig:17   | Killed a juggernaut
 46791 | Zig:17   | Noticed a juggernaut
 46791 | Zig:17   | Noticed a juggernaut
 46791 | Zig:17   | Noticed a juggernaut
 46792 | Zig:17   | Killed a juggernaut
 46792 | Zig:17   | Noticed a juggernaut
 46792 | Zig:17   | Noticed a juggernaut
 46792 | Zig:17   | Noticed a juggernaut
 46793 | Zig:17   | Killed a juggernaut
 46793 | Zig:17   | Killed a juggernaut
 46794 | Zig:17   | Killed a juggernaut
 46794 | Zig:17   | Killed a juggernaut
 46794 | Zig:17   | Killed a juggernaut
 46794 | Zig:17   | Noticed a juggernaut
 46795 | Zig:17   | Killed a juggernaut
 46797 | Zig:17   | Noticed a juggernaut
 46799 | Zig:17   | Killed a juggernaut
 46837 | Zig:17   | Identified the cursed +1 shadow dragon scales "Araxam" {Dex+4 Stlth++++} (You found it on level 17 of a ziggurat)
 46842 | Zig:17   | Got a coiled glass ring
 46849 | Zig:17   | Identified the cursed ring "Timethrenk" {*Slow Str-3 Int+7} (You found it on level 17 of a ziggurat)
 46854 | Zig:17   | Got a smoking ivory amulet
 46858 | Zig:17   | Identified the ring of Doofis {rPois MR+ MP+9} (You found it on level 16 of a ziggurat)
 46861 | Zig:17   | Got a scintillating ivory ring
 46862 | Zig:17   | Identified the ring of Conformity {Fire +Inv +Fly SInv Stlth+} (You found it on level 17 of a ziggurat)
 46872 | Zig:17   | Found the +3 crown of Dyrovepreva {rElec Int+2 SInv}
 46874 | Zig:17   | Got a scorched tin ring
 46875 | Zig:17   | Identified the ring of Salvation {MP+9 Str+2 Int+6 Dex-2 Slay+3} (You found it on level 17 of a ziggurat)
 46895 | Zig:18   | Entered Level 18 of a ziggurat
 46985 | Zig:18   | Got a faintly humming large shield
 46996 | Zig:18   | Identified the +8 large shield of Puusmo {SInv} (You took it off a daeva on level 18 of a ziggurat)
 47039 | Zig:18   | Got a steaming large shield
 47045 | Zig:18   | Identified the +8 large shield of Prudence {rElec rF- rC+++ Slay+4} (You took it off a daeva on level 18 of a ziggurat)
 47066 | Zig:18   | Got a jewelled large shield
 47072 | Zig:18   | Identified the +3 large shield of the Heavens {rF+ rC+ MP+9} (You took it off a daeva on level 18 of a ziggurat)
 47140 | Zig:18   | Found the +4 moon troll leather armour {Spirit, Regen++ MP+5}
 47152 | Zig:18   | Identified the amulet "Ojidak" {Reflect Fragile +Inv rN+ Str+2 SH+2} (You found it on level 17 of a ziggurat)
 47155 | Zig:18   | Got a slimy cloak
 47186 | Zig:19   | Entered Level 19 of a ziggurat
 47337 | Zig:19   | Got a translucent amber ring
 47339 | Zig:19   | Identified the ring "Jias" {rF+ SInv Stlth+} (You found it on level 19 of a ziggurat)
 47346 | Zig:19   | Identified the Guide on Assistive Bewitchment
 47350 | Zig:19   | Got a pitted broad axe
 47353 | Zig:20   | Entered Level 20 of a ziggurat
 47433 | Zig:20   | Found the +2 pair of boots of the Assassin {Detection Stab+ Stlth++}
 47447 | Zig:20   | Got a steaming tin ring
 47449 | Zig:20   | Identified the ring of Qazlal's Vengeance {rElec rN+ Dex+3 Stlth-} (You found it on level 20 of a ziggurat)
 47455 | Zig:20   | Identified the +0 cloak "Vumimnoe" {rElec} (You found it on level 18 of a ziggurat)
 47471 | Zig:20   | Got a coiled pewter ring
 47472 | Zig:20   | Identified the ring of Kuoh {-Tele +Fly rF+ Dex+4} (You found it on level 20 of a ziggurat)
 47482 | Zig:20   | Got a faintly glowing tin amulet
 47487 | Zig:20   | Got a clouded jade ring
 47488 | Zig:20   | Identified the ring of Toaw {MP+9 Str+3 Slay+5} (You found it on level 20 of a ziggurat)
 47494 | Zig:21   | Entered Level 21 of a ziggurat
 47503 | Zig:21   | nice
 47505 | Zig:21   | :(
 47581 | Zig:21   | Identified the amulet "Heluod" {rElec rC+ Regen+} (You found it on level 20 of a ziggurat)
 47601 | Zig:21   | Got a vibrating lead amulet
 47602 | Zig:21   | Identified the amulet of Buvilaes {Harm *Drain +Blink rC+++ Str+4 Slay-4} (You found it on level 21 of a ziggurat)
 47609 | Zig:22   | Entered Level 22 of a ziggurat
 47712 | Zig:22   | Got a vibrating silver ring
 47714 | Zig:22   | Identified the ring of Sotih {Fire MR++ Str+4} (You found it on level 22 of a ziggurat)
 47718 | Zig:22   | Got a wavering silver amulet
 47722 | Zig:22   | Got a faintly glowing turquoise ring
 47724 | Zig:22   | Identified the Tome of Noxious Earth
 47726 | Zig:22   | Identified the ring "Vohin" {*Drain EV+3 Str+7 Slay+3} (You found it on level 22 of a ziggurat)
 47732 | Zig:22   | Got a warped turquoise ring
 47733 | Zig:22   | Identified the ring of the Leaf {rPois rC+++ MP-9 Str+3 Stlth+} (You found it on level 22 of a ziggurat)
 47740 | Zig:22   | Identified the amulet "Atewut" {+Rage rF+ Int+8 Dex-2} (You found it on level 22 of a ziggurat)
 47756 | Zig:22   | Identified the cursed +0 ice dragon scales "Atyekoex" {rF- rC++ Stlth+} (You found it on level 22 of a ziggurat)
 47762 | Zig:22   | Got a scorched marble ring
 47765 | Zig:22   | Identified the ring "Aleatse" {rPois rC++ Str+4 Int-3} (You found it on level 22 of a ziggurat)
 47779 | Zig:23   | Entered Level 23 of a ziggurat
 47900 | Zig:23   | Got a bound bone ring
 47904 | Zig:23   | Identified the ring of Xom's Ringing Laughter {rPois MR+ Int+5} (You found it on level 23 of a ziggurat)
 47915 | Zig:23   | Identified the Volume of Damaging Air
 47926 | Zig:23   | Got a steaming silver amulet
 47929 | Zig:23   | Identified the amulet of Masy {Gourm +Inv Int+4 Dex+3 Slay+3} (You found it on level 23 of a ziggurat)
 47935 | Zig:24   | Entered Level 24 of a ziggurat
 47942 | Zig:24   | Noticed a juggernaut
 47948 | Zig:24   | Killed a juggernaut
 47949 | Zig:24   | Noticed a juggernaut
 47949 | Zig:24   | Noticed a juggernaut
 47949 | Zig:24   | Noticed a juggernaut
 47950 | Zig:24   | Killed a juggernaut
 47950 | Zig:24   | Noticed a juggernaut
 47950 | Zig:24   | Noticed a juggernaut
 47951 | Zig:24   | Killed a juggernaut
 47951 | Zig:24   | Killed a juggernaut
 47951 | Zig:24   | Noticed a juggernaut
 47952 | Zig:24   | Killed a juggernaut
 47952 | Zig:24   | Killed a juggernaut
 47952 | Zig:24   | Noticed a juggernaut
 47952 | Zig:24   | Noticed a juggernaut
 47953 | Zig:24   | Killed a juggernaut
 47953 | Zig:24   | Noticed a juggernaut
 47953 | Zig:24   | Noticed a juggernaut
 47954 | Zig:24   | Killed a juggernaut
 47954 | Zig:24   | Noticed a juggernaut
 47955 | Zig:24   | Killed a juggernaut
 47955 | Zig:24   | Killed a juggernaut
 47955 | Zig:24   | Noticed a juggernaut
 47955 | Zig:24   | Noticed a juggernaut
 47956 | Zig:24   | Noticed a juggernaut
 47956 | Zig:24   | Killed a juggernaut
 47956 | Zig:24   | Killed a juggernaut
 47956 | Zig:24   | Noticed a juggernaut
 47957 | Zig:24   | Killed a juggernaut
 47957 | Zig:24   | Killed a juggernaut
 47957 | Zig:24   | Killed a juggernaut
 47957 | Zig:24   | Noticed a juggernaut
 47957 | Zig:24   | Noticed a juggernaut
 47957 | Zig:24   | Noticed a juggernaut
 47957 | Zig:24   | Noticed a juggernaut
 47957 | Zig:24   | Noticed a juggernaut
 47958 | Zig:24   | Killed a juggernaut
 47958 | Zig:24   | Noticed a juggernaut
 47958 | Zig:24   | Noticed a juggernaut
 47959 | Zig:24   | Killed a juggernaut
 47959 | Zig:24   | Killed a juggernaut
 47959 | Zig:24   | Killed a juggernaut
 47959 | Zig:24   | Killed a juggernaut
 47960 | Zig:24   | Noticed a juggernaut
 47960 | Zig:24   | Killed a juggernaut
 47960 | Zig:24   | Killed a juggernaut
 47960 | Zig:24   | Killed a juggernaut
 47960 | Zig:24   | Noticed a juggernaut
 47960 | Zig:24   | Noticed a juggernaut
 47961 | Zig:24   | Killed a juggernaut
 47961 | Zig:24   | Killed a juggernaut
 47961 | Zig:24   | Noticed a juggernaut
 47962 | Zig:24   | Killed a juggernaut
 47962 | Zig:24   | Noticed a juggernaut
 47962 | Zig:24   | Noticed a juggernaut
 47962 | Zig:24   | Noticed a juggernaut
 47962 | Zig:24   | Noticed a juggernaut
 47963 | Zig:24   | Noticed a juggernaut
 47964 | Zig:24   | Killed a juggernaut
 47964 | Zig:24   | Noticed a juggernaut
 47964 | Zig:24   | Noticed a juggernaut
 47965 | Zig:24   | Killed a juggernaut
 47965 | Zig:24   | Killed a juggernaut
 47965 | Zig:24   | Killed a juggernaut
 47965 | Zig:24   | Killed a juggernaut
 47965 | Zig:24   | Killed a juggernaut
 47966 | Zig:24   | Killed a juggernaut
 47966 | Zig:24   | Killed a juggernaut
 47966 | Zig:24   | Noticed a juggernaut
 47969 | Zig:24   | Killed a juggernaut
 47969 | Zig:24   | Noticed a juggernaut
 47969 | Zig:24   | Noticed a juggernaut
 47971 | Zig:24   | Killed a juggernaut
 47971 | Zig:24   | Killed a juggernaut
 47971 | Zig:24   | Noticed a juggernaut
 47971 | Zig:24   | Noticed a juggernaut
 47971 | Zig:24   | Noticed a juggernaut
 47973 | Zig:24   | Noticed a juggernaut
 47974 | Zig:24   | Killed a juggernaut
 47974 | Zig:24   | Killed a juggernaut
 47974 | Zig:24   | Killed a juggernaut
 47975 | Zig:24   | Killed a juggernaut
 47977 | Zig:24   | Noticed a juggernaut
 47977 | Zig:24   | Noticed a juggernaut
 47978 | Zig:24   | Killed a juggernaut
 47980 | Zig:24   | Killed a juggernaut
 48027 | Zig:24   | Identified the +7 large shield of Dice, Bag, and Bottle {Dex-2 Slay+5} (You found it on level 24 of a ziggurat)
 48036 | Zig:24   | Got a wavering zirconium amulet
 48040 | Zig:24   | Identified the Almanac of Dark Ice
 48059 | Zig:25   | Entered Level 25 of a ziggurat
 48064 | Zig:25   | Noticed a greater mummy
 48064 | Zig:25   | Noticed a greater mummy
 48065 | Zig:25   | Noticed a greater mummy
 48065 | Zig:25   | Noticed a greater mummy
 48066 | Zig:25   | Noticed a greater mummy
 48068 | Zig:25   | Killed a greater mummy
 48068 | Zig:25   | Killed a greater mummy
 48068 | Zig:25   | Killed a greater mummy
 48068 | Zig:25   | Noticed a greater mummy
 48069 | Zig:25   | Killed a greater mummy
 48069 | Zig:25   | Killed a greater mummy
 48069 | Zig:25   | Noticed a greater mummy
 48069 | Zig:25   | Noticed a greater mummy
 48069 | Zig:25   | Noticed a greater mummy
 48070 | Zig:25   | Noticed a greater mummy
 48070 | Zig:25   | Noticed a greater mummy
 48071 | Zig:25   | Killed a greater mummy
 48071 | Zig:25   | Killed a greater mummy
 48071 | Zig:25   | Killed a greater mummy
 48072 | Zig:25   | Killed a greater mummy
 48072 | Zig:25   | Killed a greater mummy
 48072 | Zig:25   | Killed a greater mummy
 48072 | Zig:25   | Noticed a greater mummy
 48072 | Zig:25   | Noticed a greater mummy
 48072 | Zig:25   | Noticed a greater mummy
 48073 | Zig:25   | Noticed a greater mummy
 48073 | Zig:25   | Noticed a greater mummy
 48073 | Zig:25   | Noticed a greater mummy
 48074 | Zig:25   | Killed a greater mummy
 48074 | Zig:25   | Killed a greater mummy
 48074 | Zig:25   | Killed a greater mummy
 48075 | Zig:25   | Killed a greater mummy
 48075 | Zig:25   | Killed a greater mummy
 48075 | Zig:25   | Noticed a greater mummy
 48076 | Zig:25   | Killed a greater mummy
 48077 | Zig:25   | Killed a greater mummy
 48077 | Zig:25   | Noticed a greater mummy
 48077 | Zig:25   | Noticed a greater mummy
 48077 | Zig:25   | Noticed a greater mummy
 48078 | Zig:25   | Noticed a greater mummy
 48079 | Zig:25   | Killed a greater mummy
 48079 | Zig:25   | Killed a greater mummy
 48079 | Zig:25   | Killed a greater mummy
 48079 | Zig:25   | Noticed a greater mummy
 48079 | Zig:25   | Noticed a greater mummy
 48079 | Zig:25   | Noticed a greater mummy
 48080 | Zig:25   | Killed a greater mummy
 48080 | Zig:25   | Noticed a greater mummy
 48080 | Zig:25   | Noticed a greater mummy
 48081 | Zig:25   | Killed a greater mummy
 48081 | Zig:25   | Killed a greater mummy
 48081 | Zig:25   | Noticed a greater mummy
 48082 | Zig:25   | Killed a greater mummy
 48082 | Zig:25   | Killed a greater mummy
 48082 | Zig:25   | Killed a greater mummy
 48082 | Zig:25   | Noticed a greater mummy
 48082 | Zig:25   | Noticed a greater mummy
 48082 | Zig:25   | Noticed a greater mummy
 48083 | Zig:25   | Killed a greater mummy
 48083 | Zig:25   | Killed a greater mummy
 48083 | Zig:25   | Noticed a greater mummy
 48083 | Zig:25   | Noticed a greater mummy
 48083 | Zig:25   | Noticed a greater mummy
 48084 | Zig:25   | Noticed a greater mummy
 48085 | Zig:25   | Killed a greater mummy
 48085 | Zig:25   | Killed a greater mummy
 48085 | Zig:25   | Killed a greater mummy
 48085 | Zig:25   | Killed a greater mummy
 48086 | Zig:25   | Killed a greater mummy
 48086 | Zig:25   | Killed a greater mummy
 48087 | Zig:25   | Noticed a greater mummy
 48087 | Zig:25   | Noticed a greater mummy
 48088 | Zig:25   | Noticed a greater mummy
 48088 | Zig:25   | Noticed a greater mummy
 48089 | Zig:25   | Noticed an ancient lich
 48089 | Zig:25   | Noticed a greater mummy
 48090 | Zig:25   | Killed a greater mummy
 48090 | Zig:25   | Killed a greater mummy
 48090 | Zig:25   | Killed an ancient lich
 48090 | Zig:25   | Noticed a greater mummy
 48090 | Zig:25   | Noticed a greater mummy
 48091 | Zig:25   | Killed a greater mummy
 48091 | Zig:25   | Killed a greater mummy
 48091 | Zig:25   | Killed a greater mummy
 48091 | Zig:25   | Noticed a greater mummy
 48091 | Zig:25   | Noticed a greater mummy
 48092 | Zig:25   | Killed a greater mummy
 48092 | Zig:25   | Killed a greater mummy
 48092 | Zig:25   | Noticed a greater mummy
 48092 | Zig:25   | Noticed a greater mummy
 48092 | Zig:25   | Noticed a greater mummy
 48092 | Zig:25   | Noticed a greater mummy
 48093 | Zig:25   | Killed a greater mummy
 48093 | Zig:25   | Killed a greater mummy
 48093 | Zig:25   | Killed a greater mummy
 48093 | Zig:25   | Noticed a greater mummy
 48094 | Zig:25   | Killed a greater mummy
 48094 | Zig:25   | Killed a greater mummy
 48094 | Zig:25   | Killed a greater mummy
 48094 | Zig:25   | Noticed a greater mummy
 48097 | Zig:25   | Killed a greater mummy
 48097 | Zig:25   | Noticed a greater mummy
 48097 | Zig:25   | Noticed a greater mummy
 48097 | Zig:25   | Noticed a greater mummy
 48097 | Zig:25   | Noticed a greater mummy
 48098 | Zig:25   | Noticed a greater mummy
 48099 | Zig:25   | Killed a greater mummy
 48099 | Zig:25   | Killed a greater mummy
 48099 | Zig:25   | Killed a greater mummy
 48099 | Zig:25   | Killed a greater mummy
 48099 | Zig:25   | Noticed a greater mummy
 48100 | Zig:25   | Killed a greater mummy
 48100 | Zig:25   | Killed a greater mummy
 48100 | Zig:25   | Noticed a greater mummy
 48101 | Zig:25   | Killed a greater mummy
 48101 | Zig:25   | Killed a greater mummy
 48101 | Zig:25   | Noticed an ancient lich
 48101 | Zig:25   | Noticed a greater mummy
 48102 | Zig:25   | Killed an ancient lich
 48102 | Zig:25   | Noticed a greater mummy
 48102 | Zig:25   | Noticed a greater mummy
 48103 | Zig:25   | Killed a greater mummy
 48103 | Zig:25   | Noticed a greater mummy
 48103 | Zig:25   | Noticed a greater mummy
 48104 | Zig:25   | Killed a greater mummy
 48104 | Zig:25   | Killed a greater mummy
 48104 | Zig:25   | Killed a greater mummy
 48105 | Zig:25   | Killed a greater mummy
 48105 | Zig:25   | Noticed a greater mummy
 48106 | Zig:25   | Noticed a greater mummy
 48106 | Zig:25   | Noticed a greater mummy
 48106 | Zig:25   | Noticed a greater mummy
 48107 | Zig:25   | Noticed a greater mummy
 48107 | Zig:25   | Noticed a greater mummy
 48108 | Zig:25   | Killed a greater mummy
 48108 | Zig:25   | Killed a greater mummy
 48108 | Zig:25   | Killed a greater mummy
 48108 | Zig:25   | Killed a greater mummy
 48108 | Zig:25   | Killed a greater mummy
 48109 | Zig:25   | Killed a greater mummy
 48109 | Zig:25   | Noticed a greater mummy
 48109 | Zig:25   | Noticed a greater mummy
 48109 | Zig:25   | Noticed a greater mummy
 48110 | Zig:25   | Killed a greater mummy
 48110 | Zig:25   | Noticed a greater mummy
 48110 | Zig:25   | Noticed a greater mummy
 48111 | Zig:25   | Killed a greater mummy
 48111 | Zig:25   | Killed a greater mummy
 48112 | Zig:25   | Killed a greater mummy
 48112 | Zig:25   | Killed a greater mummy
 48112 | Zig:25   | Noticed a greater mummy
 48113 | Zig:25   | Noticed a greater mummy
 48114 | Zig:25   | Killed a greater mummy
 48114 | Zig:25   | Noticed a greater mummy
 48114 | Zig:25   | Noticed a greater mummy
 48115 | Zig:25   | Killed a greater mummy
 48115 | Zig:25   | Noticed a greater mummy
 48116 | Zig:25   | Killed a greater mummy
 48116 | Zig:25   | Killed a greater mummy
 48117 | Zig:25   | Killed a greater mummy
 48117 | Zig:25   | Noticed a greater mummy
 48117 | Zig:25   | Noticed a greater mummy
 48118 | Zig:25   | Noticed a greater mummy
 48118 | Zig:25   | Noticed a greater mummy
 48119 | Zig:25   | Killed a greater mummy
 48119 | Zig:25   | Killed a greater mummy
 48119 | Zig:25   | Killed a greater mummy
 48119 | Zig:25   | Noticed a greater mummy
 48121 | Zig:25   | Killed a greater mummy
 48122 | Zig:25   | Killed a greater mummy
 48122 | Zig:25   | Noticed a greater mummy
 48122 | Zig:25   | Noticed a greater mummy
 48123 | Zig:25   | Noticed a greater mummy
 48124 | Zig:25   | Killed a greater mummy
 48124 | Zig:25   | Killed a greater mummy
 48125 | Zig:25   | Noticed a greater mummy
 48126 | Zig:25   | Killed a greater mummy
 48126 | Zig:25   | Noticed a greater mummy
 48127 | Zig:25   | Killed a greater mummy
 48128 | Zig:25   | Killed a greater mummy
 48140 | Zig:25   | Noticed a greater mummy
 48142 | Zig:25   | Killed a greater mummy
 48204 | Zig:25   | Identified the amulet of Zin's Fury {Gourm rF+ Dex+3 SInv} (You found it on level 24 of a ziggurat)
 48210 | Zig:25   | Got a sparkling lapis lazuli ring
 48219 | Zig:25   | Identified the ring of Leutuz {rPois Str+7} (You found it on level 25 of a ziggurat)
 48222 | Zig:25   | Got a transparent bronze ring
 48227 | Zig:25   | Got a crude golden ring
 48230 | Zig:25   | Identified the ring of Xaawnid {Wiz Slay+4} (You found it on level 25 of a ziggurat)
 48233 | Zig:25   | Identified the ring "Zyobius" {rCorr rPois Str+3} (You found it on level 25 of a ziggurat)
 48240 | Zig:26   | Entered Level 26 of a ziggurat
 48306 | Zig:26   | where is silence
 48310 | Zig:26   | Mangled by a reaper

Vault maps used:
D:1:      giann_wishing_wells
D:2:      minmay_roachtagon, first_ration, uniq_terence, uniq_sigmund,
          uniq_natasha
D:4:      old_standard_altar, serial_undead, serial_undead_e, serial_undead_f,
          serial_undead_f, serial_undead_d
D:5:      lemuel_ratsnest, grunt_temple_overflow_open, minmay_temple_entry_hall,
          uniq_menkaure, uniq_grinder
D:6:      nicolae_qazlal_general_emergency, kennysheep_mini
D:7:      gammafunk_temple_overflow_pools, minmay_misc_feat_rugged,
          grunt_ogre_cave
D:8:      old_standard_altar, enter_bailey_7, serial_shops,
          nicolae_shop_crystal, shop, nicolae_shop_window_shopping,
          uniq_maurice, uniq_gastronok, uniq_erica, uniq_joseph
D:9:      erik_lair_orcish_takeover
D:10:     zombieorc2_lemuel, uniq_fannar
D:11:     kennysheep_big_flooded_room, lab_entry_generic,
          lightli_elemental_guards
D:12:     portal_ice_cave_entry_pillars_2
D:13:     einodemon_armed_red_devil_minivault
D:14:     david_vaults_1, minmay_misc_feat_four_crosses, fedhas_altar_1,
          uniq_kirke, uniq_louise
D:15:     hangedman_depths_entry_civil_slaughter, minmay_door_square,
          nicolae_gozag_zags_fifth_avenue
Temple:   eino_temple_water
Lair:1:   st_stairs_13, serial_bayou_pond_d, beast_lair_carwin_2
Lair:2:   minmay_shoals_entry_lonely_mermaid, dummy_snake_entry,
          kennysheep_snail_temple, grunt_megastairs_4
Lair:3:   minmay_stone_trees_medium, grunt_megastairs_3
Lair:5:   beast_lair_carwin_5
Lair:6:   hangedman_lair_caniforms_friends, hangedman_lair_tendril_chambers,
          slime_altar_1
Shoals:1: serial_shops, nicolae_shop_waterfront
Shoals:2: nicolae_shoals_wave_tunnel, uniq_roxanne, uniq_polyphemus
Shoals:3: nicolae_shoals_flooded_hall
Shoals:4: shoals_end_grunt_ice, shoal_ilsuiw, nicolae_shoals_this_corrosion,
          uniq_ilsuiw
Snake:2:  serial_bayou_shore_b
Snake:3:  nrook_loot_triangle, hangedman_snake_corridor_split, minmay_shoptagon,
          uniq_agnes, uniq_vashnia
Snake:4:  snake_pit, uniq_asterion
Orc:1:    lemuel_ogre_cave, serial_shops, nicolae_shop_waterfront
Orc:2:    grunt_orc_cross, basic_altar, nicolae_orc_lava_room, uniq_sonja
Elf:1:    serial_sigils, serial_sigils_hangedman_snap,
          serial_sigils_hangedman_confine, serial_sigils_hangedman_gnaw,
          serial_sigils_hangedman_clutch, serial_sigils_hangedman_gut,
          serial_sigils_hangedman_scratch, serial_shops,
          nicolae_shop_temple_entry_statues_fountains
Elf:3:    elf_hall, st_stairs_3
Depths:1: minmay_misc_feat_plants, hell_entry, lemuel_flame_loot_1, uniq_sojobo,
          uniq_bai_suzhen, uniq_nikola
Depths:2: minmay_expanding_squares, enter_ziggurat_b, minmay_strange_pillars,
          rand_demon_pan_entry_3, hell_entry, skrybe_limestone_x
Depths:3: box_level_dp, abyss_entry, hell_entry, pan_entry, uniq_boris
Abyss:3:  due_evilmike_abyss_rune_seething_liches
Zig:8:    ziggurat_pillar_centre_oklobs
Zig:9:    ziggurat_pillar_centre_c
Zig:14:   ziggurat_pillar_centre_smoke
Zig:17:   ziggurat_pillar_centre_dead_trees
Zig:21:   ziggurat_pillar_centre_drop
Zig:24:   ziggurat_pillar_centre_more_plants
Lab:      nicolae_lab_statue, nicolae_lab_diamond, labyrinth_skeletal_remains,
          lab_block, nicolae_lab_do_over, nicolae_lab_very_dead_end
Bailey:   bailey_polearm_1, bailey
IceCv:    ice_cave_caverns_02

Skill      XL: |  1  2  3  4  5  6  7  8  9 10 11 12 13 14 15 16 17 18 19 20 21 22 23 24 25 26 27 |
---------------+----------------------------------------------------------------------------------+-----
Conjurations   | 1 2 4 5 6 8 9 10 11 12 13 14 16 17 18 19 27 | 27.0
Fire Magic     | 3 4 5 6 8 9 10 11 12 13 15 16 17 18 19 27 | 27.0
Spellcasting   | 3 4 5 7 8 9 10 12 13 15 18 19 20 21 23 27 | 27.0
Fighting       | 4 6 7 9 10 11 27 | 27.0
Charms         | 2 27 | 27.0
Necromancy     | 2 27 | 27.0
Transmutations | 5 9 11 27 | 27.0
Earth Magic    | 5 9 11 27 | 27.0
Dodging        | 2 6 27 | 27.0
Shields        | 4 12 27 | 27.0
Translocations | 6 9 27 | 27.0
Invocations    | 27 | 27.0
Evocations     | 27 | 27.0
Ice Magic      | 27 | 27.0
Air Magic      | 27 | 27.0
Stealth        | 27 | 27.0
Armour         | 27 | 27.0
Unarmed Combat | 27 | 27.0
Staves         | 27 | 27.0
Throwing       | 27 | 27.0
Summonings     | 27 | 27.0
Hexes          | 27 | 27.0
Poison Magic   | 27 | 27.0
Short Blades   | 27 | 27.0
Bows           | 27 | 27.0
Axes           | 27 | 27.0
Polearms       | 27 | 27.0
Long Blades    | 27 | 27.0
Maces & Flails | 27 | 27.0
Crossbows      | 27 | 27.0
Slings         | 27 | 27.0

Action                   |  1- 3 |  4- 6 |  7- 9 | 10-12 | 13-15 | 16-18 | 19-21 | 22-24 | 25-27 || total
-------------------------+-------+-------+-------+-------+-------+-------+-------+-------+-------++-------
Melee: Unarmed           |    13 |     6 |       |       |       |       |       |       |   114 ||   133
       Whip              |    41 |       |       |       |       |       |       |       |       ||    41
       Great sword       |       |     7 |   299 |    10 |       |       |       |       |       ||   316
       Battleaxe         |       |       |       |   197 |    83 |    12 |       |       |       ||   292
       Quarterstaff      |       |       |       |     6 |       |       |       |       |       ||     6
       Staff             |       |       |       |       |     7 |     1 |       |       |     5 ||    13
       Headbutt          |       |       |       |       |       |       |       |       |     1 ||     1
Throw: Throwing net      |       |       |       |       |       |     1 |       |       |       ||     1
 Cast: Flame Tongue      |    31 |    23 |    57 |    88 |     3 |     1 |       |       |       ||   203
       Conjure Flame     |     1 |       |     5 |    17 |    11 |     3 |       |       |       ||    37
       Sticky Flame      |       |     1 |    34 |    27 |    22 |    13 |    17 |     3 |     1 ||   118
       Fireball          |       |       |     2 |    60 |   120 |   125 |    40 |    13 |       ||   360
       Bolt of Fire      |       |       |       |       |   106 |   154 |   269 |    68 |    10 ||   607
       Iron Shot         |       |       |       |       |    12 |       |    22 |       |       ||    34
       Orb of Destructio |       |       |       |       |     6 |    49 |    38 |    44 |    63 ||   200
       Ignition          |       |       |       |       |       |     8 |   107 |    28 |  1015 ||  1158
       Regeneration      |       |       |       |       |       |       |    26 |     9 |   537 ||   572
       Sublimation of Bl |       |       |       |       |       |       |    14 |     1 |   126 ||   141
       Fire Storm        |       |       |       |       |       |       |       |    27 |  1250 ||  1277
       Statue Form       |       |       |       |       |       |       |       |     1 |    12 ||    13
       Shatter           |       |       |       |       |       |       |       |       |  4317 ||  4317
       Necromutation     |       |       |       |       |       |       |       |       |    92 ||    92
       Glaciate          |       |       |       |       |       |       |       |       |    58 ||    58
       Tornado           |       |       |       |       |       |       |       |       |    23 ||    23
       Controlled Blink  |       |       |       |       |       |       |       |       |    22 ||    22
       Death's Door      |       |       |       |       |       |       |       |       |    18 ||    18
 Abil: Evoke Berserk Rag |       |       |       |     3 |       |     1 |       |       |       ||     4
       End Transformatio |       |       |       |       |       |       |       |     1 |    87 ||    88
Evoke: Wand              |       |       |       |     8 |     9 |    10 |     1 |       |    25 ||    53
       Staff of energy   |       |       |       |       |       |    37 |    90 |    53 |    54 ||   234
       Phantom mirror    |       |       |       |       |       |       |       |     2 |     1 ||     3
       Box of beasts     |       |       |       |       |       |       |       |       |    20 ||    20
       Lightning rod     |       |       |       |       |       |       |       |       |    18 ||    18
       Figurine of a zig |       |       |       |       |       |       |       |       |    10 ||    10
       Sack of spiders   |       |       |       |       |       |       |       |       |     2 ||     2
       Lamp of fire      |       |       |       |       |       |       |       |       |     1 ||     1
  Use: Potion            |       |     3 |     2 |       |     1 |     3 |     2 |     5 |   217 ||   233
       Scroll            |       |     3 |    10 |     8 |     8 |    12 |    12 |     7 |   377 ||   437
 Stab: Sleeping          |       |       |     7 |     1 |       |       |       |       |       ||     8
       Distracted        |       |       |       |     1 |       |       |       |       |     1 ||     2
  Eat: Chunk             |       |     1 |    20 |    20 |    65 |    74 |    75 |    27 |     3 ||   285
       Ration            |       |       |       |     4 |     2 |       |    11 |       |    39 ||    56
Armor: Robe              |    18 |     3 |   129 |    95 |    76 |    18 |    44 |     3 |   298 ||   684
       Skin              |       |     2 |       |       |       |       |       |       |    38 ||    40
Dodge: Dodged            |    46 |     9 |   256 |   187 |   139 |    42 |    64 |    18 |  1131 ||  1892
Block: Shield            |       |       |       |       |       |       |       |     4 |  2124 ||  2128
       Rpst.: Great sword |       |     2 |    84 |     3 |       |       |       |       |       ||    89

Table legend:
 A = Spawn XP
 B = Non-spawn XP
 C = Spawn XP percentage of total XP
 D = Spawn monster count
 E = Non-spawn monster count
 F = Spawn count percentage of total count
 G = Total turns spent on level
                    A         B        C        D         E        F      G
               +---------+---------+-------+---------+---------+-------+---------
         Total |     217 | 8717894 |   0.0 |       1 |   36218 |   0.0 | 48310
               +---------+---------+-------+---------+---------+-------+---------
           D:1 |       0 |      28 |   0.0 |       0 |      16 |   0.0 |   553
           D:2 |       0 |     382 |   0.0 |       0 |      35 |   0.0 |   660
           D:3 |       0 |      85 |   0.0 |       0 |      19 |   0.0 |   635
           D:4 |       0 |     615 |   0.0 |       0 |      29 |   0.0 |   738
           D:5 |       0 |     958 |   0.0 |       0 |      52 |   0.0 |   814
           D:6 |       0 |     749 |   0.0 |       0 |      24 |   0.0 |   469
           D:7 |       0 |    1515 |   0.0 |       0 |      35 |   0.0 |  1008
           D:8 |       0 |    5982 |   0.0 |       0 |      32 |   0.0 |   787
           D:9 |       0 |    1524 |   0.0 |       0 |      29 |   0.0 |   389
          D:10 |       0 |    4929 |   0.0 |       0 |      76 |   0.0 |   464
          D:11 |       0 |    8706 |   0.0 |       0 |      45 |   0.0 |   715
          D:12 |       0 |    5801 |   0.0 |       0 |      35 |   0.0 |   623
          D:13 |       0 |   10891 |   0.0 |       0 |      42 |   0.0 |   632
          D:14 |       0 |   12124 |   0.0 |       0 |      33 |   0.0 |   639
          D:15 |       0 |   21785 |   0.0 |       0 |      49 |   0.0 |   904
        Lair:1 |       0 |    4267 |   0.0 |       0 |      13 |   0.0 |   235
        Lair:2 |       0 |    7504 |   0.0 |       0 |      25 |   0.0 |   405
        Lair:3 |       0 |    5883 |   0.0 |       0 |      13 |   0.0 |   358
        Lair:4 |       0 |    3423 |   0.0 |       0 |      10 |   0.0 |   236
        Lair:5 |       0 |   10411 |   0.0 |       0 |      41 |   0.0 |   312
        Lair:6 |       0 |   25052 |   0.0 |       0 |     108 |   0.0 |   647
      Shoals:1 |       0 |   13662 |   0.0 |       0 |      27 |   0.0 |   488
      Shoals:2 |       0 |   16670 |   0.0 |       0 |      28 |   0.0 |   427
      Shoals:3 |       0 |   17949 |   0.0 |       0 |      42 |   0.0 |   582
      Shoals:4 |       0 |   55684 |   0.0 |       0 |      80 |   0.0 |   939
       Snake:1 |       0 |    6556 |   0.0 |       0 |      13 |   0.0 |   240
       Snake:2 |       0 |    6379 |   0.0 |       0 |      14 |   0.0 |   342
       Snake:3 |       0 |   31876 |   0.0 |       0 |      45 |   0.0 |   724
       Snake:4 |       0 |   47183 |   0.0 |       0 |      68 |   0.0 |   762
       Slime:1 |       0 |   21906 |   0.0 |       0 |      44 |   0.0 |    89
       Slime:2 |       0 |    8642 |   0.0 |       0 |      16 |   0.0 |    87
       Slime:3 |       0 |   28923 |   0.0 |       0 |      45 |   0.0 |   177
       Slime:4 |       0 |   10222 |   0.0 |       0 |      14 |   0.0 |   223
       Slime:5 |       0 |   38751 |   0.0 |       0 |      44 |   0.0 |   266
         Orc:1 |       0 |    2770 |   0.0 |       0 |      22 |   0.0 |   233
         Orc:2 |       0 |   10848 |   0.0 |       0 |      75 |   0.0 |   796
         Elf:1 |       0 |   28133 |   0.0 |       0 |      48 |   0.0 |   610
         Elf:2 |       0 |   22793 |   0.0 |       0 |      39 |   0.0 |   735
         Elf:3 |       0 |   59349 |   0.0 |       0 |      56 |   0.0 |  1109
      Depths:1 |       0 |   29903 |   0.0 |       0 |      17 |   0.0 |   476
      Depths:2 |       0 |   52358 |   0.0 |       0 |      53 |   0.0 |   510
       Abyss:3 |     217 |       0 | 100.0 |       1 |       0 | 100.0 |    53
         Zig:1 |       0 |   14828 |   0.0 |       0 |      80 |   0.0 |   153
         Zig:2 |       0 |   23649 |   0.0 |       0 |     155 |   0.0 |   193
         Zig:3 |       0 |   59375 |   0.0 |       0 |     251 |   0.0 |   376
         Zig:4 |       0 |   63233 |   0.0 |       0 |     373 |   0.0 |   275
         Zig:5 |       0 |   78272 |   0.0 |       0 |     411 |   0.0 |   408
         Zig:6 |       0 |   99794 |   0.0 |       0 |     505 |   0.0 |   525
         Zig:7 |       0 |  131310 |   0.0 |       0 |     598 |   0.0 |   448
         Zig:8 |       0 |  135529 |   0.0 |       0 |     759 |   0.0 |   452
         Zig:9 |       0 |  163936 |   0.0 |       0 |     843 |   0.0 |   596
        Zig:10 |       0 |  212320 |   0.0 |       0 |     921 |   0.0 |   586
        Zig:11 |       0 |  185362 |   0.0 |       0 |     946 |   0.0 |   737
        Zig:12 |       0 |  230089 |   0.0 |       0 |     944 |   0.0 |   787
        Zig:13 |       0 |  335711 |   0.0 |       0 |    1135 |   0.0 |   941
        Zig:14 |       0 |  298150 |   0.0 |       0 |    1423 |   0.0 |   848
        Zig:15 |       0 |  439880 |   0.0 |       0 |    1252 |   0.0 |  1169
        Zig:16 |       0 |  388517 |   0.0 |       0 |    1341 |   0.0 |  1001
        Zig:17 |       0 |  362656 |   0.0 |       0 |    1452 |   0.0 |   937
        Zig:18 |       0 |  303430 |   0.0 |       0 |    1813 |   0.0 |  1285
        Zig:19 |       0 |  384040 |   0.0 |       0 |    1802 |   0.0 |  1131
        Zig:20 |       0 |  431820 |   0.0 |       0 |    1984 |   0.0 |  1155
        Zig:21 |       0 |  486981 |   0.0 |       0 |    1906 |   0.0 |  1231
        Zig:22 |       0 |  497486 |   0.0 |       0 |    1928 |   0.0 |  1339
        Zig:23 |       0 |  522351 |   0.0 |       0 |    2281 |   0.0 |  1636
        Zig:24 |       0 |  550355 |   0.0 |       0 |    2234 |   0.0 |  1509
        Zig:25 |       0 |  514920 |   0.0 |       0 |    2758 |   0.0 |  1518
        Zig:26 |       0 |  543441 |   0.0 |       0 |    2211 |   0.0 |  1399
        Zig:27 |       0 |  599180 |   0.0 |       0 |    2274 |   0.0 |  1463
           Lab |       0 |    2710 |   0.0 |       0 |      11 |   0.0 |   972
        Bailey |       0 |    2164 |   0.0 |       0 |      21 |   0.0 |   417
         IceCv |       0 |   13234 |   0.0 |       0 |      55 |   0.0 |   688
               +---------+---------+-------+---------+---------+-------+---------
